Workbook
Name Additional_Factor: 'אפשרויות בחירה'!$C$706:$C$854
Name Amoritization: 'אפשרויות בחירה'!$C$544:$C$548
Name Capsule: 'אפשרויות בחירה'!$C$934:$C$936
Name Company_Name: 'File Name Info'!$A$34:$A$130
Name Company_Name_ID: 'File Name Info'!$A$34:$B$130
Name Consortium: 'אפשרויות בחירה'!$C$512:$C$513
Name Country_list: 'אפשרויות בחירה'!$C$4:$C$85
Name Country_list_funds: 'אפשרויות בחירה'!$C$4:$C$103
Name CSA: 'אפשרויות בחירה'!$C$693:$C$694
Name Delivery: 'אפשרויות בחירה'!$C$670:$C$671
Name Dependence_Independence: 'אפשרויות בחירה'!$C$658:$C$659
Name Duration_Underlying_Interest_Rate: 'אפשרויות בחירה'!$C$685:$C$692
Name File_Type: 'File Name Info'!$A$10:$A$12
Name Full_File_Type: 'File Name Info'!$A$11:$B$13
Name Full_Type: 'File Name Info'!$A$2:$B$8
Name Full_Type_Nostro: 'File Name Info'!$A$3:$B$6
Name Full_Year: 'File Name Info'!$A$22:$B$31
Name Fund_Strategy: 'אפשרויות בחירה'!$C$595:$C$625
Name Fund_type: 'אפשרויות בחירה'!$C$326:$C$496
Name Holding_interest: 'אפשרויות בחירה'!$C$146:$C$147
Name In_the_books: 'אפשרויות בחירה'!$C$660:$C$661
Name Industry_Sector: 'אפשרויות בחירה'!#REF!
Name Industry_sector_all: 'אפשרויות בחירה'!$C$202:$C$325
Name Industry_sectors: 'אפשרויות בחירה'!$C$202:$C$325
Name israel_abroad: 'אפשרויות בחירה'!$C$2:$C$3
Name Issuer_Number_Banks: 'אפשרויות בחירה'!$C$111:$C$113
Name Issuer_Number_Fund: 'אפשרויות בחירה'!$C$114:$C$117
Name issuer_number_loan: 'אפשרויות בחירה'!$C$118:$C$126
Name Issuer_Number_Type: 'אפשרויות בחירה'!$C$104:$C$110
Name Issuer_Number_Type_2: 'אפשרויות בחירה'!#REF!
Name Issuer_Number_Type_3: 'אפשרויות בחירה'!#REF!
Name Issuer_Number_Type_V2: 'אפשרויות בחירה'!$C$104:$C$110
Name Issuer_Type_TFunds: 'אפשרויות בחירה'!#REF!
Name Leading_factor: 'אפשרויות בחירה'!$C$697:$C$705
Name Linked_Type: 'אפשרויות בחירה'!$C$514:$C$517
Name other_investments: 'אפשרויות בחירה'!$C$1018:$C$1051
Name Penalty: 'אפשרויות בחירה'!$C$855:$C$856
Name QTR: 'File Name Info'!$A$15:$A$19
Name Rating_Agency: 'אפשרויות בחירה'!$C$188:$C$201
Name real_estate_lifestage: 'אפשרויות בחירה'!$C$638:$C$646
Name real_estate_loans: 'אפשרויות בחירה'!$C$551:$C$589
Name Real_Estate_Main_Use: 'אפשרויות בחירה'!$C$626:$C$637
Name Recourse_Nonrecourse: 'אפשרויות בחירה'!$C$542:$C$543
Name Repayment_Rights: 'אפשרויות בחירה'!$C$549:$C$550
Name Reset_frequency: 'אפשרויות בחירה'!$C$662:$C$669
Name Security_ID_Number_Type: 'אפשרויות בחירה'!#REF!
Name Security_Number_Loans: 'אפשרויות בחירה'!$C$131
Name Stock_Exchange: 'אפשרויות בחירה'!#REF!
Name Stock_Exchange_Gov_Bonds: 'אפשרויות בחירה'!$C$148:$C$181
Name Subordination_Risk: 'אפשרויות בחירה'!$C$186:$C$187
Name Tradeable_Status: 'אפשרויות בחירה'!#REF!
Name Tradeable_Status_All: 'אפשרויות בחירה'!$C$135:$C$145
Name tradeable_status_bonds: 'אפשרויות בחירה'!#REF!
Name tradeable_status_funds: 'אפשרויות בחירה'!#REF!
Name tradeable_status_stock: 'אפשרויות בחירה'!#REF!
Name Tradeable_Status_v2: 'אפשרויות בחירה'!#REF!
Name tradeable_status_warrants: 'אפשרויות בחירה'!#REF!
Name tradeable_status_warrants_v2: 'אפשרויות בחירה'!#REF!
Name Transaction: 'אפשרויות בחירה'!$C$647:$C$650
Name Type: 'File Name Info'!$A$2:$A$8

Sheet עמוד פתיחה
A1: קובץ דיווח עבור רשימת נכסים ברמת הנכס הבודד (חוזר גופים מוסדיים 2015-9-14)
A3: יש לבחור תחום: | D3: נכסי עמיתים - קופות גמל
A5: האם מדובר בקובץ לממומנה או לציבור: | D5: לציבור
A7: יש לבחור את רבעון הדיווח: | D7: 02
A9: יש לבחור את שנת הדיווח: | D9: 2026
A11: יש לבחור את הגוף המוסדי: | D11: ילין לפידות ניהול קופות גמל בע"מ
A13: ח.פ. הגוף המוסדי: | D13: =IFERROR(VLOOKUP(D11,'[1]File Name Info'!A35:B130,2,0),"תא מחושב") -> 513611509
A15: שם קובץ לשמירה | D15: =IF(D5="לממונה",CONCATENATE(D13, "_",VLOOKUP(D3,Full_Type,2,0),"_",D7,VLOOKUP(D9,Full_Year,2,0),".xlxs"),IF(D5="לציבור",CONCATENATE(D13,"_",VLOOKUP(D3,Full_Type_Nostro,2,0),"_",VLOOKUP(D5,Full_File_Type,2,0),"_",D7,VLOOKUP(D9,Full_Year,2,0),".xlsx"),"שם קובץ לשמירה")) -> 513611509_gm_p_0226.xlsx

Sheet סכום נכסים
C1: ידווח בקבצי נכסי הנוסטרו בלבד
A2: אפיק | B2: שווי הוגן (באלפי ש"ח) | C2: עלות מופחתת (באלפי ש"ח) | D2: השיטה שיושמה בדוח הכספי | E2: שיעור מסך נכסי השקעה
A3: מזומנים ושווי מזומנים | B3: =SUM('מזומנים ושווי מזומנים'!O:O) -> 16649871 | E3: =SUM('מזומנים ושווי מזומנים'!O:O)/B30 -> 0.20326528
A4: איגרות חוב ממשלתיות | B4: =SUM('איגרות חוב ממשלתיות'!U:U) -> 29011557 | E4: =SUM('איגרות חוב ממשלתיות'!U:U)/B30 -> 0.35417945
A5: ניירות ערך מסחריים | B5: =SUM('ניירות ערך מסחריים'!AD:AD) -> 0 | E5: =SUM('ניירות ערך מסחריים'!AD:AD)/B30 -> 0
A6: איגרות חוב | B6: =SUM('איגרות חוב'!AD:AD) -> 9752312.1 | E6: =SUM('איגרות חוב'!AD:AD)/B30 -> 0.11905836
A7: מניות מבכ ויהש | B7: =SUM('מניות מבכ ויהש'!U:U) -> 16494056 | E7: =SUM('מניות מבכ ויהש'!U:U)/B30 -> 0.20136305
A8: קרנות סל | B8: =SUM('קרנות סל'!T:T) -> 3218903.4 | E8: =SUM('קרנות סל'!T:T)/B30 -> 0.039297078
A9: קרנות נאמנות | B9: =SUM('קרנות נאמנות'!T:T) -> 578886.5 | E9: =SUM('קרנות נאמנות'!T:T)/B30 -> 0.0070671732
A10: כתבי אופציה | B10: =SUM('כתבי אופציה'!W:W) -> 28949.424 | E10: =SUM('כתבי אופציה'!W:W)/B30 -> 0.00035342091
A11: אופציות | B11: =SUM(אופציות!V:V) -> -2968.9 | E11: =SUM(אופציות!V:V)/B30 -> -3.6244982e-05
A12: חוזים עתידיים | B12: =SUM('חוזים עתידיים'!R:R) -> 60233.912 | E12: =SUM('חוזים עתידיים'!R:R)/B30 -> 0.0007353488
A13: מוצרים מובנים | B13: =SUM('מוצרים מובנים'!Z:Z) -> 236727.9 | E13: =SUM('מוצרים מובנים'!Z:Z)/B30 -> 0.0028900261
A14: לא סחיר איגרות חוב ממשלתיות | B14: =SUM('לא סחיר איגרות חוב ממשלתיות'!U:U) -> 0 | E14: =SUM('לא סחיר איגרות חוב ממשלתיות'!U:U)/B30 -> 0
A15: לא סחיר איגרות חוב מיועדות | B15: =SUM('לא סחיר איגרות חוב מיועדות'!N:N) -> 0 | E15: =SUM('לא סחיר איגרות חוב מיועדות'!N:N)/B30 -> 0
A16: אפיק השקעה מובטח תשואה | B16: =SUM('אפיק השקעה מובטח תשואה'!F:F) -> 0 | E16: =SUM('אפיק השקעה מובטח תשואה'!F:F)/B30 -> 0
A17: לא סחיר ניירות ערך מסחריים | B17: =SUM('לא סחיר ניירות ערך מסחריים'!AI:AI) -> 216423.42 | E17: =SUM('לא סחיר ניירות ערך מסחריים'!AI:AI)/B30 -> 0.0026421446
A18: לא סחיר איגרות חוב | B18: =SUM('לא סחיר איגרות חוב'!AG:AG) -> 943398.06 | E18: =SUM('לא סחיר איגרות חוב'!AG:AG)/B30 -> 0.01151721
A19: לא סחיר מניות מבכ ויהש | B19: =SUM('לא סחיר מניות מבכ ויהש'!X:X) -> 9620.474 | E19: =SUM('לא סחיר מניות מבכ ויהש'!X:X)/B30 -> 0.00011744886
A20: קרנות השקעה | B20: =SUM('קרנות השקעה'!W:W) -> 1304866.5 | E20: =SUM('קרנות השקעה'!W:W)/B30 -> 0.015930096
A21: לא סחיר כתבי אופציה | B21: =SUM('לא סחיר כתבי אופציה'!Z:Z) -> 57751.046 | E21: =SUM('לא סחיר כתבי אופציה'!Z:Z)/B30 -> 0.00070503743
A22: לא סחיר אופציות | B22: =SUM('לא סחיר אופציות'!Z:Z) -> 0 | E22: =SUM('לא סחיר אופציות'!Z:Z)/B30 -> 0
A23: לא סחיר נגזרים אחרים | B23: =SUM('לא סחיר נגזרים אחרים'!R:R) -> 660401.84 | E23: =SUM('לא סחיר נגזרים אחרים'!R:R)/B30 -> 0.0080623304
A24: הלוואות | B24: =SUM(הלוואות!AT:AT) -> 474072.68 | E24: =SUM(הלוואות!AT:AT)/B30 -> 0.0057875832
A25: לא סחיר מוצרים מובנים | B25: =SUM('לא סחיר מוצרים מובנים'!AB:AB) -> 191449.04 | E25: =SUM('לא סחיר מוצרים מובנים'!AB:AB)/B30 -> 0.0023372518
A26: פיקדונות מעל 3 חודשים | B26: =SUM('פיקדונות מעל 3 חודשים'!T:T) -> 2080338.8 | E26: =SUM('פיקדונות מעל 3 חודשים'!T:T)/B30 -> 0.025397232
A27: זכויות מקרקעין | B27: =SUM('זכויות מקרקעין'!S:S) -> 0 | E27: =SUM('זכויות מקרקעין'!S:S)/B30 -> 0
A28: השקעה בחברות מוחזקות | B28: =SUM('השקעה בחברות מוחזקות'!U:U) -> 0 | E28: =SUM('השקעה בחברות מוחזקות'!U:U)/B30 -> 0
A29: נכסים אחרים | B29: =SUM('נכסים אחרים'!N:N) -> -54821.249 | E29: =SUM('נכסים אחרים'!N:N)/B30 -> -0.00066926982
A30: סך הכל נכסים | B30: =IF(SUM(B3:B29)=0,0.0001,SUM(B3:B29)) -> 81912029 | C30: =SUM(C3:C29) -> 0 | D30: =SUM(D3:D29) -> 0 | E30: =SUM(E3:E29) -> 1
A31: מסגרות אשראי | B31: 80000 | E31: =B31/B30 -> 0.00097665753
A32: יתרות התחייבות להשקעה | B32: =SUM('יתרות התחייבות להשקעה'!O:O) -> 1153474.9 | E32: =B32/B30 -> 0.014081874

Sheet מזומנים ושווי מזומנים
A1: מספר קופה/קרן/ח.פ. עבור חברת ביטוח | B1: מספר מסלול | C1: שם הבנק | D1: מספר מזהה בנק | E1: סוג מספר מזהה בנק | F1: מאפיין עיקרי | G1: ישראל/חו"ל | H1: בעל עניין/צד קשור | I1: דירוג הבנק | J1: שם מדרג | K1: מטבע פעילות | L1: שווי מטבעי | M1: שער חליפין | N1: שיעור ריבית | O1: שווי הוגן (באלפי ש"ח) | P1: שיעור מנכסי אפיק ההשקעה | Q1: שיעור מסך נכסי ההשקעה
A2: 1035 | B2: 1036 | C2: בנק לאומי לישראל בע"מ | D2: 10-800 | E2: סימול בנק | F2: מזומן ועו"ש נקוב במט"ח | G2: ישראל | H2: לא | I2: AAA | J2: S&P מעלות | K2: USD | L2: 23700.244 | M2: 2.978 | O2: 70579.327 | P2: 0.033528094 | Q2: 0.011252438
A3: 1035 | B3: 1036 | C3: בנק לאומי לישראל בע"מ | D3: 10-800 | E3: סימול בנק | F3: מזומן ועו"ש נקוב במט"ח | G3: ישראל | H3: לא | I3: AAA | J3: S&P מעלות | K3: EUR | L3: 13963.059 | M3: 3.3945 | O3: 47397.604 | P3: 0.022515818 | Q3: 0.007556584
A4: 1035 | B4: 1036 | C4: בנק לאומי לישראל בע"מ | D4: 10-800 | E4: סימול בנק | F4: מזומן ועו"ש נקוב במט"ח | G4: ישראל | H4: לא | I4: AAA | J4: S&P מעלות | K4: GBP | L4: 2059.048 | M4: 3.9389 | O4: 8110.384 | P4: 0.0038527674 | Q4: 0.0012930358
A5: 1035 | B5: 1036 | C5: בנק לאומי לישראל בע"מ | D5: 10-800 | E5: סימול בנק | F5: מזומן ועו"ש נקוב במט"ח | G5: ישראל | H5: לא | I5: AAA | J5: S&P מעלות | K5: JPY | L5: 29.744 | M5: 1.8341 | O5: 54.553 | P5: 2.5915012e-05 | Q5: 8.6973949e-06
A6: 1035 | B6: 1036 | C6: בנק לאומי לישראל בע"מ | D6: 10-800 | E6: סימול בנק | F6: מזומן ועו"ש נקוב במט"ח | G6: ישראל | H6: לא | I6: AAA | J6: S&P מעלות | K6: AUD | L6: 1085.952 | M6: 2.0512 | O6: 2227.505 | P6: 0.0010581566 | Q6: 0.00035513029
A7: 1035 | B7: 1036 | C7: בנק לאומי לישראל בע"מ | D7: 10-800 | E7: סימול בנק | F7: מזומן ועו"ש נקוב במט"ח | G7: ישראל | H7: לא | I7: AAA | J7: S&P מעלות | K7: SGD | L7: 143.927 | M7: 2.3032 | O7: 331.494 | P7: 0.0001574732 | Q7: 5.2849932e-05
A8: 1035 | B8: 1036 | C8: בנק לאומי לישראל בע"מ | D8: 10-800 | E8: סימול בנק | F8: מזומן ועו"ש נקוב במט"ח | G8: ישראל | H8: לא | I8: AAA | J8: S&P מעלות | K8: HKD | L8: 86466.552 | M8: 0.3803 | O8: 32883.23 | P8: 0.015620891 | Q8: 0.0052425622
A9: 1035 | B9: 1036 | C9: בנק לאומי לישראל בע"מ | D9: 10-800 | E9: סימול בנק | F9: מזומן ועו"ש בש"ח | G9: ישראל | H9: לא | I9: AAA | J9: S&P מעלות | K9: ILS | L9: 680916.13 | M9: 1 | O9: 680916.13 | P9: 0.32346327 | Q9: 0.10855823
A10: 1035 | B10: 1036 | C10: בנק מזרחי | D10: 20-61 | E10: סימול בנק | F10: מזומן ועו"ש נקוב במט"ח | G10: ישראל | H10: לא | I10: AAA | J10: S&P מעלות | K10: USD | L10: 8.333 | M10: 2.978 | O10: 24.817 | P10: 1.1788965e-05 | Q10: 3.9565207e-06
A11: 1035 | B11: 1036 | C11: בנק מזרחי | D11: 20-61 | E11: סימול בנק | F11: מזומן ועו"ש נקוב במט"ח | G11: ישראל | H11: לא | I11: AAA | J11: S&P מעלות | K11: EUR | L11: 1.991 | M11: 3.3945 | O11: 6.757 | P11: 3.2098168e-06 | Q11: 1.0772538e-06
A12: 1035 | B12: 1036 | C12: בנק מזרחי | D12: 20-61 | E12: סימול בנק | F12: מזומן ועו"ש נקוב במט"ח | G12: ישראל | H12: לא | I12: AAA | J12: S&P מעלות | K12: GBP | L12: 0.001 | M12: 3.9389 | O12: 0.004 | P12: 1.7962945e-09 | Q12: 6.0285839e-10
A13: 1035 | B13: 1036 | C13: בנק מזרחי | D13: 20-61 | E13: סימול בנק | F13: מזומן ועו"ש נקוב במט"ח | G13: ישראל | H13: לא | I13: AAA | J13: S&P מעלות | K13: AUD | L13: 0.042 | M13: 2.0512 | O13: 0.085 | P13: 4.052549e-08 | Q13: 1.360085e-08
... A538: 11389 | B538: 15715 | C538: בנק מזרחי | D538: 20-61 | E538: סימול בנק | F538: מזומן ועו"ש בש"ח | G538: ישראל | H538: לא | I538: AAA | J538: S&P מעלות | K538: ILS | L538: 9.246 | M538: 1 | O538: 9.246 | P538: 0.0003827912 | Q538: 0.00010943227

Sheet איגרות חוב ממשלתיות
A1: מספר קופה/קרן/ח.פ. עבור חברת ביטוח | B1: מספר מסלול | C1: שם מנפיק | D1: שם נייר ערך | E1: מספר נייר ערך | F1: מאפיין עיקרי | G1: ישראל/חו"ל | H1: מדינה לפי חשיפה כלכלית | I1: זירת מסחר | J1: דירוג | K1: שם מדרג | L1: מטבע פעילות | M1: מח"מ | N1: מועד פדיון | O1: שיעור ריבית | P1: תשואה לפדיון | Q1: סכום לקבל (במטבע הפעילות) | R1: ערך נקוב (יחידות) | S1: שער חליפין | T1: שער נייר הערך | U1: שווי הוגן (באלפי ש"ח) | V1: עלות מופחתת (באלפי ש"ח) | W1: השיטה שיושמה בדוח הכספי | X1: שיעור מערך נקוב מונפק | Y1: שיעור מנכסי אפיק ההשקעה | Z1: שיעור מסך נכסי ההשקעה
A2: 1035 | B2: 1036 | C2: מדינת ישראל | D2: ממשל צמודה 0527 | E2: IL0011408478 | F2: צמוד למדד המחירים לצרכן בריבית קבועה | G2: ישראל | H2: ישראל | I2: TASE | J2: RF | K2: פנימי | L2: ILS | M2: 0.912 | N2: 31/05/2027 | O2: 0.0075 | P2: 0.01726 | R2: 10584443 | S2: 1 | T2: 119.65 | U2: 12664.286 | W2: שווי הוגן | X2: 0.000435 | Y2: 0.0077020865 | Z2: 0.0020190628
A3: 1035 | B3: 1036 | C3: מדינת ישראל | D3: מקמ 726 | E3: IL0082607214 | F3: מק"מ קצר משנים עשר חודשים | G3: ישראל | H3: ישראל | I3: TASE | J3: RF | K3: פנימי | L3: ILS | M3: 0.016 | N3: 08/07/2026 | O3: 0 | P3: 0.04352 | R3: 123058694 | S3: 1 | T3: 99.93 | U3: 122972.55 | W3: שווי הוגן | X3: 0.003619 | Y3: 0.074788681 | Z3: 0.019605472
A4: 1035 | B4: 1036 | C4: מדינת ישראל | D4: מקמ 816 | E4: IL0082608121 | F4: מק"מ קצר משנים עשר חודשים | G4: ישראל | H4: ישראל | I4: TASE | J4: RF | K4: פנימי | L4: ILS | M4: 0.093 | N4: 06/08/2026 | O4: 0 | P4: 0.03501 | R4: 191908792 | S4: 1 | T4: 99.68 | U4: 191294.68 | W4: שווי הוגן | X4: 0.005644 | Y4: 0.11634041 | Z4: 0.030498047
A5: 1035 | B5: 1036 | C5: מדינת ישראל | D5: מלווה קצר מועד 916 | E5: IL0082609111 | F5: מק"מ קצר משנים עשר חודשים | G5: ישראל | H5: ישראל | I5: TASE | J5: RF | K5: פנימי | L5: ILS | M5: 0.170 | N5: 02/09/2026 | O5: 0 | P5: 0.03423 | R5: 174976378 | S5: 1 | T5: 99.43 | U5: 173979.01 | W5: שווי הוגן | X5: 0.005468 | Y5: 0.10580947 | Z5: 0.027737415
A6: 1035 | B6: 1036 | C6: מדינת ישראל | D6: מלווה קצר מועד 1016 | E6: IL0082610184 | F6: מק"מ קצר משנים עשר חודשים | G6: ישראל | H6: ישראל | I6: TASE | J6: RF | K6: פנימי | L6: ILS | M6: 0.750 | N6: 07/10/2026 | O6: 0 | P6: 0.0334 | R6: 95735494 | S6: 1 | T6: 99.13 | U6: 94902.595 | W6: שווי הוגן | X6: 0.005319 | Y6: 0.057717269 | Z6: 0.015130289
A7: 1035 | B7: 1036 | C7: מדינת ישראל | D7: מקמ 1216 | E7: IL0082612164 | F7: מק"מ קצר משנים עשר חודשים | G7: ישראל | H7: ישראל | I7: TASE | J7: RF | K7: פנימי | L7: ILS | M7: 0.419 | N7: 02/12/2026 | O7: 0 | P7: 0.03296 | R7: 152144174 | S7: 1 | T7: 98.65 | U7: 150090.23 | W7: שווי הוגן | X7: 0.008452 | Y7: 0.091280939 | Z7: 0.023928834
A8: 1035 | B8: 1036 | C8: מדינת ישראל | D8: מקמ 317 | E8: IL0082703161 | F8: מק"מ קצר משנים עשר חודשים | G8: ישראל | H8: ישראל | I8: TASE | J8: RF | K8: פנימי | L8: ILS | M8: 0.668 | N8: 03/03/2027 | O8: 0 | P8: 0.03242 | R8: 175879936 | S8: 1 | T8: 97.89 | U8: 172168.87 | W8: שווי הוגן | X8: 0.009771 | Y8: 0.10470859 | Z8: 0.027448824
A9: 1035 | B9: 1036 | C9: מדינת ישראל | D9: מלווה קצר מועד 517 | E9: IL0082705141 | F9: מק"מ קצר משנים עשר חודשים | G9: ישראל | H9: ישראל | I9: TASE | J9: RF | K9: פנימי | L9: ILS | M9: 0.841 | N9: 05/05/2027 | O9: 0 | P9: 0.03232 | R9: 142271000 | S9: 1 | T9: 97.36 | U9: 138515.05 | W9: שווי הוגן | X9: 0.007904 | Y9: 0.084241217 | Z9: 0.022083407
A10: 1035 | B10: 1036 | C10: מדינת ישראל | D10: מקמ 617 | E10: IL0082706131 | F10: מק"מ קצר משנים עשר חודשים | G10: ישראל | H10: ישראל | I10: TASE | J10: RF | K10: פנימי | L10: ILS | M10: 0.918 | N10: 02/06/2027 | O10: 0 | P10: 0.032 | R10: 171676624 | S10: 1 | T10: 97.15 | U10: 166783.84 | W10: שווי הוגן | X10: 0.009538 | Y10: 0.10143356 | Z10: 0.026590291
A11: 1035 | B11: 1036 | C11: מדינת ישראל | D11: מקמ 726 | E11: IL0082607214 | F11: מק"מ קצר משנים עשר חודשים | G11: ישראל | H11: ישראל | I11: TASE | J11: RF | K11: פנימי | L11: ILS | M11: 0.016 | N11: 08/07/2026 | O11: 0 | P11: 0.04352 | R11: 3000000 | S11: 1 | T11: 99.93 | U11: 2997.9 | W11: שווי הוגן | X11: 8.8e-05 | Y11: 0.0018232441 | Z11: 0.00047795418
A12: 1035 | B12: 1036 | C12: מדינת ישראל | D12: מלווה קצר מועד 916 | E12: IL0082609111 | F12: מק"מ קצר משנים עשר חודשים | G12: ישראל | H12: ישראל | I12: TASE | J12: RF | K12: פנימי | L12: ILS | M12: 0.170 | N12: 02/09/2026 | O12: 0 | P12: 0.03423 | R12: 6000000 | S12: 1 | T12: 99.43 | U12: 5965.8 | W12: שווי הוגן | X12: 0.000188 | Y12: 0.0036282431 | Z12: 0.00095112547
A13: 1035 | B13: 1036 | C13: מדינת ישראל | D13: מלווה קצר מועד 1016 | E13: IL0082610184 | F13: מק"מ קצר משנים עשר חודשים | G13: ישראל | H13: ישראל | I13: TASE | J13: RF | K13: פנימי | L13: ILS | M13: 0.750 | N13: 07/10/2026 | O13: 0 | P13: 0.0334 | R13: 3000000 | S13: 1 | T13: 99.13 | U13: 2973.9 | W13: שווי הוגן | X13: 0.000167 | Y13: 0.001808648 | Z13: 0.00047412787
... A18: 1035 | B18: 1036 | C18: Federal Republic Of Germany | D18: OBL 0 10/09/26 | E18: DE0001141844 | F18: נקוב במט"ח | G18: חו"ל | H18: גרמניה | I18: FOREIGN_GOV_SEC | J18: Aaa | K18: Moodys | L18: EUR | M18: 0.271 | N18: 09/10/2026 | O18: 0 | P18: 0.02203 | R18: 5197000 | S18: 3.3945 | T18: 99.41 | U18: 17537.045 | W18: שווי הוגן | X18: 0.000217 | Y18: 0.010665571 | Z18: 0.0027959252
A19: 1035 | B19: 1036 | C19: US Govt | D19: TREASURY BILL 07/09/26 | E19: US912797RF64 | F19: נקוב במט"ח | G19: חו"ל | H19: ארה"ב | I19: FOREIGN_GOV_SEC | J19: Aa1 | K19: Moodys | L19: USD | M19: 0.103 | N19: 07/09/2026 | O19: 0 | P19: 0.03689 | Q19: 10952 | R19: 0 | S19: 2.978 | T19: 0 | U19: 32615.056 | W19: שווי הוגן | X19: 0 | Y19: 0.019835621 | Z19: 0.0051998073
A20: 1035 | B20: 1036 | C20: US Govt | D20: T 1 1/8 02/28/27 | E20: US912828ZB95 | F20: נקוב במט"ח | G20: חו"ל | H20: ארה"ב | I20: FOREIGN_GOV_SEC | J20: Aa1 | K20: Moodys | L20: USD | M20: 0.663 | N20: 28/02/2027 | O20: 0.01125 | P20: 0.04 | R20: 35684000 | S20: 2.978 | T20: 98.513 | U20: 104686.9 | W20: שווי הוגן | X20: 0.000971 | Y20: 0.063667825 | Z20: 0.016690197
A21: 1035 | B21: 1037 | C21: מדינת ישראל | D21: ממשלתי שקלית 0142 | E21: IL0011254005 | F21: לא צמוד למדד המחירים לצרכן ריבית קבועה | G21: ישראל | H21: ישראל | I21: TASE | J21: RF | K21: פנימי | L21: ILS | M21: 11.060 | N21: 31/01/2042 | O21: 0.055 | P21: 0.03945 | R21: 8459115 | S21: 1 | T21: 120.13 | U21: 10161.935 | W21: שווי הוגן | X21: 0.00023 | Y21: 0.051851183 | Z21: 0.024516293
A22: 1035 | B22: 1037 | C22: מדינת ישראל | D22: ממשל שקלית 0327 | E22: IL0011393449 | F22: לא צמוד למדד המחירים לצרכן ריבית קבועה | G22: ישראל | H22: ישראל | I22: TASE | J22: RF | K22: פנימי | L22: ILS | M22: 0.745 | N22: 31/03/2027 | O22: 0.02 | P22: 0.03205 | R22: 12491639 | S22: 1 | T22: 99.63 | U22: 12445.42 | W22: שווי הוגן | X22: 0.000443 | Y22: 0.063502646 | Z22: 0.030025341
A23: 1035 | B23: 1037 | C23: מדינת ישראל | D23: ממשל שקלית 0347 | E23: IL0011401937 | F23: לא צמוד למדד המחירים לצרכן ריבית קבועה | G23: ישראל | H23: ישראל | I23: TASE | J23: RF | K23: פנימי | L23: ILS | M23: 14.459 | N23: 31/03/2047 | O23: 0.0375 | P23: 0.04131 | R23: 1191656 | S23: 1 | T23: 95.7 | U23: 1140.415 | W23: שווי הוגן | X23: 4.2e-05 | Y23: 0.0058189565 | Z23: 0.0027513209
A24: 1035 | B24: 1037 | C24: מדינת ישראל | D24: ממשל צמודה 0527 | E24: IL0011408478 | F24: צמוד למדד המחירים לצרכן בריבית קבועה | G24: ישראל | H24: ישראל | I24: TASE | J24: RF | K24: פנימי | L24: ILS | M24: 0.912 | N24: 31/05/2027 | O24: 0.0075 | P24: 0.01726 | R24: 3864037 | S24: 1 | T24: 119.65 | U24: 4623.32 | W24: שווי הוגן | X24: 0.000159 | Y24: 0.023590451 | Z24: 0.011154045
A25: 1035 | B25: 1037 | C25: מדינת ישראל | D25: ממשל שיקלית 0928 | E25: IL0011508798 | F25: לא צמוד למדד המחירים לצרכן ריבית קבועה | G25: ישראל | H25: ישראל | I25: TASE | J25: RF | K25: פנימי | L25: ILS | M25: 2.177 | N25: 28/09/2028 | O25: 0.0225 | P25: 0.03278 | R25: 275055 | S25: 1 | T25: 99.5 | U25: 273.68 | W25: שווי הוגן | X25: 8e-06 | Y25: 0.0013964484 | Z25: 0.00066026918
A26: 1035 | B26: 1037 | C26: מדינת ישראל | D26: ממשלתית צמודה 0.5% 0529 | E26: IL0011570236 | F26: צמוד למדד המחירים לצרכן בריבית קבועה | G26: ישראל | H26: ישראל | I26: TASE | J26: RF | K26: פנימי | L26: ILS | M26: 2.900 | N26: 31/05/2029 | O26: 0.005 | P26: 0.01631 | R26: 3896340 | S26: 1 | T26: 115.67 | U26: 4506.896 | W26: שווי הוגן | X26: 0.000118 | Y26: 0.0229964 | Z26: 0.010873165
A27: 1035 | B27: 1037 | C27: מדינת ישראל | D27: ממשלתית שקלית 0537 | E27: IL0011661803 | F27: לא צמוד למדד המחירים לצרכן ריבית קבועה | G27: ישראל | H27: ישראל | I27: TASE | J27: RF | K27: פנימי | L27: ILS | M27: 10.022 | N27: 31/05/2037 | O27: 0.015 | P27: 0.03813 | R27: 12500787 | S27: 1 | T27: 79.78 | U27: 9973.128 | W27: שווי הוגן | X27: 0.000298 | Y27: 0.050887797 | Z27: 0.024060785
A28: 1035 | B28: 1037 | C28: מדינת ישראל | D28: ממשלתית צמודה 0726 | E28: IL0011695645 | F28: צמוד למדד המחירים לצרכן בריבית קבועה | G28: ישראל | H28: ישראל | I28: TASE | J28: RF | K28: פנימי | L28: ILS | M28: 0.079 | N28: 31/07/2026 | O28: 0.001 | P28: 0.05014 | R28: 4336296 | S28: 1 | T28: 119.09 | U28: 5164.095 | W28: שווי הוגן | X28: 0.00036 | Y28: 0.026349749 | Z28: 0.012458697
A29: 1035 | B29: 1037 | C29: מדינת ישראל | D29: ממשל צמודה 1131 | E29: IL0011722209 | F29: צמוד למדד המחירים לצרכן בריבית קבועה | G29: ישראל | H29: ישראל | I29: TASE | J29: RF | K29: פנימי | L29: ILS | M29: 5.401 | N29: 30/11/2031 | O29: 0.001 | P29: 0.01653 | R29: 3033717 | S29: 1 | T29: 109.97 | U29: 3336.179 | W29: שווי הוגן | X29: 8.9e-05 | Y29: 0.017022822 | Z29: 0.0080487361
A30: 1035 | B30: 1037 | C30: מדינת ישראל | D30: ממשלתית שקלית 1.3% 04/32 | E30: IL0011806606 | F30: לא צמוד למדד המחירים לצרכן ריבית קבועה | G30: ישראל | H30: ישראל | I30: TASE | J30: RF | K30: פנימי | L30: ILS | M30: 5.629 | N30: 30/04/2032 | O30: 0.013 | P30: 0.0347 | R30: 5827619 | S30: 1 | T30: 88.94 | U30: 5183.084 | W30: שווי הוגן | X30: 0.000142 | Y30: 0.026446642 | Z30: 0.01250451
A31: 1035 | B31: 1037 | C31: מדינת ישראל | D31: ממשל שקלית 11/52 2.8% | E31: IL0011840761 | F31: לא צמוד למדד המחירים לצרכן ריבית קבועה | G31: ישראל | H31: ישראל | I31: TASE | J31: RF | K31: פנימי | L31: ILS | M31: 17.434 | N31: 29/11/2052 | O31: 0.028 | P31: 0.04304 | R31: 7526890 | S31: 1 | T31: 78.16 | U31: 5883.017 | W31: שווי הוגן | X31: 0.000209 | Y31: 0.030018044 | Z31: 0.014193141
... A146: 1035 | B146: 9939 | C146: US Govt | D146: T 3 3/4 06/30/27 | E146: US91282CNL18 | F146: נקוב במט"ח | G146: חו"ל | H146: ארה"ב | I146: FOREIGN_GOV_SEC | J146: Aa1 | K146: Moodys | L146: USD | M146: 0.000 | N146: 30/06/2027 | O146: 0.0375 | P146: 0 | R146: 3425000 | S146: 2.978 | T146: 99.668 | U146: 10165.757 | W146: שווי הוגן | X146: 4.5e-05 | Y146: 0.0061950159 | Z146: 0.0025811417
A147: 1035 | B147: 9939 | C147: US Govt | D147: TREASURY BILL 07/09/26 | E147: US912797RF64 | F147: נקוב במט"ח | G147: חו"ל | H147: ארה"ב | I147: FOREIGN_GOV_SEC | J147: Aa1 | K147: Moodys | L147: USD | M147: 0.103 | N147: 07/09/2026 | O147: 0 | P147: 0.03689 | Q147: 6171 | R147: 0 | S147: 2.978 | T147: 0 | U147: 18377.238 | W147: שווי הוגן | X147: 0 | Y147: 0.011199096 | Z147: 0.0046660821
A148: 1035 | B148: 9939 | C148: מדינת ישראל | D148: ISRAEL 5 01/13/36 | E148: US46515CJZ86 | F148: נקוב במט"ח | G148: חו"ל | H148: ישראל | I148: אחר | J148: Baa1 | K148: Moodys | L148: USD | M148: 7.489 | N148: 13/01/2036 | O148: 0.05 | P148: 0.05317 | R148: 1018000 | S148: 2.978 | T148: 99.741 | U148: 3023.763 | W148: שווי הוגן | X148: 0.000509 | Y148: 0.0018426825 | Z148: 0.0007677502
A149: 1035 | B149: 9939 | C149: מדינת ישראל | D149: ISRAEL 5 7/8 01/13/56 | E149: US46515CKR42 | F149: נקוב במט"ח | G149: חו"ל | H149: ישראל | I149: אחר | J149: Baa1 | K149: Moodys | L149: USD | M149: 13.723 | N149: 13/01/2056 | O149: 0.05875 | P149: 0.0609 | R149: 473000 | S149: 2.978 | T149: 99.583 | U149: 1402.724 | W149: שווי הוגן | X149: 0.00027 | Y149: 0.00085482049 | Z149: 0.00035615934
A150: 1035 | B150: 9939 | C150: מדינת ישראל | D150: ISRAEL 4 1/2 13/01/2031 | E150: US46515CJY12 | F150: נקוב במט"ח | G150: חו"ל | H150: ישראל | I150: אחר | J150: Baa1 | K150: Moodys | L150: USD | M150: 4.059 | N150: 13/01/2031 | O150: 0.045 | P150: 0.05025 | R150: 26000 | S150: 2.978 | T150: 99.919 | U150: 77.365 | W150: שווי הוגן | X150: 1.2e-05 | Y150: 4.7146433e-05 | Z150: 1.9643472e-05
A151: 1035 | B151: 9939 | C151: US Govt | D151: T 1 1/8 02/28/27 | E151: US912828ZB95 | F151: נקוב במט"ח | G151: חו"ל | H151: ארה"ב | I151: FOREIGN_GOV_SEC | J151: Aa1 | K151: Moodys | L151: USD | M151: 0.663 | N151: 28/02/2027 | O151: 0.01125 | P151: 0.04 | R151: 10580000 | S151: 2.978 | T151: 98.513 | U151: 31038.767 | W151: שווי הוגן | X151: 0.000288 | Y151: 0.018915037 | Z151: 0.0078809143
A152: 1035 | B152: 9940 | C152: מדינת ישראל | D152: ממשלתי שקלית 0142 | E152: IL0011254005 | F152: לא צמוד למדד המחירים לצרכן ריבית קבועה | G152: ישראל | H152: ישראל | I152: TASE | J152: RF | K152: פנימי | L152: ILS | M152: 11.060 | N152: 31/01/2042 | O152: 0.055 | P152: 0.03945 | R152: 140079219 | S152: 1 | T152: 120.13 | U152: 168277.17 | W152: שווי הוגן | X152: 0.003804 | Y152: 0.034822653 | Z152: 0.013613169
A153: 1035 | B153: 9940 | C153: מדינת ישראל | D153: ממשל שקלית 0327 | E153: IL0011393449 | F153: לא צמוד למדד המחירים לצרכן ריבית קבועה | G153: ישראל | H153: ישראל | I153: TASE | J153: RF | K153: פנימי | L153: ILS | M153: 0.745 | N153: 31/03/2027 | O153: 0.02 | P153: 0.03205 | R153: 67353590 | S153: 1 | T153: 99.63 | U153: 67104.382 | W153: שווי הוגן | X153: 0.002386 | Y153: 0.013886332 | Z153: 0.0054285637
A154: 1035 | B154: 9940 | C154: מדינת ישראל | D154: ממשל שקלית 0347 | E154: IL0011401937 | F154: לא צמוד למדד המחירים לצרכן ריבית קבועה | G154: ישראל | H154: ישראל | I154: TASE | J154: RF | K154: פנימי | L154: ILS | M154: 14.459 | N154: 31/03/2047 | O154: 0.0375 | P154: 0.04131 | R154: 60099296 | S154: 1 | T154: 95.7 | U154: 57515.026 | W154: שווי הוגן | X154: 0.002137 | Y154: 0.011901946 | Z154: 0.0046528106
A155: 1035 | B155: 9940 | C155: מדינת ישראל | D155: ממשל צמודה 0527 | E155: IL0011408478 | F155: צמוד למדד המחירים לצרכן בריבית קבועה | G155: ישראל | H155: ישראל | I155: TASE | J155: RF | K155: פנימי | L155: ILS | M155: 0.912 | N155: 31/05/2027 | O155: 0.0075 | P155: 0.01726 | R155: 141345691 | S155: 1 | T155: 119.65 | U155: 169120.12 | W155: שווי הוגן | X155: 0.005803 | Y155: 0.03499709 | Z155: 0.013681362
A156: 1035 | B156: 9940 | C156: מדינת ישראל | D156: ממשל שיקלית 0928 | E156: IL0011508798 | F156: לא צמוד למדד המחירים לצרכן ריבית קבועה | G156: ישראל | H156: ישראל | I156: TASE | J156: RF | K156: פנימי | L156: ILS | M156: 2.177 | N156: 28/09/2028 | O156: 0.0225 | P156: 0.03278 | R156: 59253027 | S156: 1 | T156: 99.5 | U156: 58956.762 | W156: שווי הוגן | X156: 0.001707 | Y156: 0.012200294 | Z156: 0.0047694432
A157: 1035 | B157: 9940 | C157: מדינת ישראל | D157: ממשלתית צמודה 0.5% 0529 | E157: IL0011570236 | F157: צמוד למדד המחירים לצרכן בריבית קבועה | G157: ישראל | H157: ישראל | I157: TASE | J157: RF | K157: פנימי | L157: ILS | M157: 2.900 | N157: 31/05/2029 | O157: 0.005 | P157: 0.01631 | R157: 82461420 | S157: 1 | T157: 115.67 | U157: 95383.125 | W157: שווי הוגן | X157: 0.002488 | Y157: 0.01973823 | Z157: 0.0077162378
A158: 1035 | B158: 9940 | C158: מדינת ישראל | D158: ממשלתית שקלית 1.00% 03/30 | E158: IL0011609851 | F158: לא צמוד למדד המחירים לצרכן ריבית קבועה | G158: ישראל | H158: ישראל | I158: TASE | J158: RF | K158: פנימי | L158: ILS | M158: 3.686 | N158: 31/03/2030 | O158: 0.01 | P158: 0.0336 | R158: 32887954 | S158: 1 | T158: 92.07 | U158: 30279.939 | W158: שווי הוגן | X158: 0.000871 | Y158: 0.0062660184 | Z158: 0.0024495655
A159: 1035 | B159: 9940 | C159: מדינת ישראל | D159: ממשלתית שקלית 0537 | E159: IL0011661803 | F159: לא צמוד למדד המחירים לצרכן ריבית קבועה | G159: ישראל | H159: ישראל | I159: TASE | J159: RF | K159: פנימי | L159: ILS | M159: 10.022 | N159: 31/05/2037 | O159: 0.015 | P159: 0.03813 | R159: 144740476 | S159: 1 | T159: 79.78 | U159: 115473.95 | W159: שווי הוגן | X159: 0.003454 | Y159: 0.023895751 | Z159: 0.0093415315
... A208: 1035 | B208: 9940 | C208: US Govt | D208: T 3 3/4 06/30/27 | E208: US91282CNL18 | F208: נקוב במט"ח | G208: חו"ל | H208: ארה"ב | I208: FOREIGN_GOV_SEC | J208: Aa1 | K208: Moodys | L208: USD | M208: 0.000 | N208: 30/06/2027 | O208: 0.0375 | P208: 0 | R208: 17158000 | S208: 2.978 | T208: 99.668 | U208: 50926.73 | W208: שווי הוגן | X208: 0.000226 | Y208: 0.010538589 | Z208: 0.0041198353
A209: 1035 | B209: 9940 | C209: US Govt | D209: TREASURY BILL 07/09/26 | E209: US912797RF64 | F209: נקוב במט"ח | G209: חו"ל | H209: ארה"ב | I209: FOREIGN_GOV_SEC | J209: Aa1 | K209: Moodys | L209: USD | M209: 0.103 | N209: 07/09/2026 | O209: 0 | P209: 0.03689 | Q209: 23294 | R209: 0 | S209: 2.978 | T209: 0 | U209: 69369.532 | W209: שווי הוגן | X209: 0 | Y209: 0.014355074 | Z209: 0.0056118082
A210: 1035 | B210: 9940 | C210: מדינת ישראל | D210: ISRAEL 5 01/13/36 | E210: US46515CJZ86 | F210: נקוב במט"ח | G210: חו"ל | H210: ישראל | I210: אחר | J210: Baa1 | K210: Moodys | L210: USD | M210: 7.489 | N210: 13/01/2036 | O210: 0.05 | P210: 0.05317 | R210: 1320000 | S210: 2.978 | T210: 99.741 | U210: 3920.793 | W210: שווי הוגן | X210: 0.00066 | Y210: 0.00081135444 | Z210: 0.00031718162
A211: 1035 | B211: 9940 | C211: מדינת ישראל | D211: ISRAEL 5 7/8 01/13/56 | E211: US46515CKR42 | F211: נקוב במט"ח | G211: חו"ל | H211: ישראל | I211: אחר | J211: Baa1 | K211: Moodys | L211: USD | M211: 13.723 | N211: 13/01/2056 | O211: 0.05875 | P211: 0.0609 | R211: 640000 | S211: 2.978 | T211: 99.583 | U211: 1897.977 | W211: שווי הוגן | X211: 0.000366 | Y211: 0.0003927604 | Z211: 0.00015354126
A212: 1035 | B212: 9940 | C212: מדינת ישראל | D212: ISRAEL 4 1/2 13/01/2031 | E212: US46515CJY12 | F212: נקוב במט"ח | G212: חו"ל | H212: ישראל | I212: אחר | J212: Baa1 | K212: Moodys | L212: USD | M212: 4.059 | N212: 13/01/2031 | O212: 0.045 | P212: 0.05025 | R212: 35000 | S212: 2.978 | T212: 99.919 | U212: 104.146 | W212: שווי הוגן | X212: 1.6e-05 | Y212: 2.1551499e-05 | Z212: 8.4250963e-06
A213: 1035 | B213: 9940 | C213: US Govt | D213: T 1 1/8 02/28/27 | E213: US912828ZB95 | F213: נקוב במט"ח | G213: חו"ל | H213: ארה"ב | I213: FOREIGN_GOV_SEC | J213: Aa1 | K213: Moodys | L213: USD | M213: 0.663 | N213: 28/02/2027 | O213: 0.01125 | P213: 0.04 | R213: 2821000 | S213: 2.978 | T213: 98.513 | U213: 8276.027 | W213: שווי הוגן | X213: 7.7e-05 | Y213: 0.0017126103 | Z213: 0.00066950826
A214: 1035 | B214: 9941 | C214: מדינת ישראל | D214: ממשלתי שקלית 0142 | E214: IL0011254005 | F214: לא צמוד למדד המחירים לצרכן ריבית קבועה | G214: ישראל | H214: ישראל | I214: TASE | J214: RF | K214: פנימי | L214: ILS | M214: 11.060 | N214: 31/01/2042 | O214: 0.055 | P214: 0.03945 | R214: 122420769 | S214: 1 | T214: 120.13 | U214: 147064.07 | W214: שווי הוגן | X214: 0.003324 | Y214: 0.046077414 | Z214: 0.021117424
A215: 1035 | B215: 9941 | C215: מדינת ישראל | D215: ממשל שקלית 0327 | E215: IL0011393449 | F215: לא צמוד למדד המחירים לצרכן ריבית קבועה | G215: ישראל | H215: ישראל | I215: TASE | J215: RF | K215: פנימי | L215: ILS | M215: 0.745 | N215: 31/03/2027 | O215: 0.02 | P215: 0.03205 | R215: 83623793 | S215: 1 | T215: 99.63 | U215: 83314.385 | W215: שווי הוגן | X215: 0.002962 | Y215: 0.026103666 | Z215: 0.011963393
A216: 1035 | B216: 9941 | C216: מדינת ישראל | D216: ממשל שקלית 0347 | E216: IL0011401937 | F216: לא צמוד למדד המחירים לצרכן ריבית קבועה | G216: ישראל | H216: ישראל | I216: TASE | J216: RF | K216: פנימי | L216: ILS | M216: 14.459 | N216: 31/03/2047 | O216: 0.0375 | P216: 0.04131 | R216: 50118363 | S216: 1 | T216: 95.7 | U216: 47963.273 | W216: שווי הוגן | X216: 0.001782 | Y216: 0.015027624 | Z216: 0.0068872076
A217: 1035 | B217: 9941 | C217: מדינת ישראל | D217: ממשל צמודה 0527 | E217: IL0011408478 | F217: צמוד למדד המחירים לצרכן בריבית קבועה | G217: ישראל | H217: ישראל | I217: TASE | J217: RF | K217: פנימי | L217: ILS | M217: 0.912 | N217: 31/05/2027 | O217: 0.0075 | P217: 0.01726 | R217: 96635996 | S217: 1 | T217: 119.65 | U217: 115624.97 | W217: שווי הוגן | X217: 0.003968 | Y217: 0.036227065 | Z217: 0.016602978
A218: 1035 | B218: 9941 | C218: מדינת ישראל | D218: ממשל שיקלית 0928 | E218: IL0011508798 | F218: לא צמוד למדד המחירים לצרכן ריבית קבועה | G218: ישראל | H218: ישראל | I218: TASE | J218: RF | K218: פנימי | L218: ILS | M218: 2.177 | N218: 28/09/2028 | O218: 0.0225 | P218: 0.03278 | R218: 57826987 | S218: 1 | T218: 99.5 | U218: 57537.852 | W218: שווי הוגן | X218: 0.001665 | Y218: 0.018027486 | Z218: 0.0082620535
A219: 1035 | B219: 9941 | C219: מדינת ישראל | D219: ממשלתית צמודה 0.5% 0529 | E219: IL0011570236 | F219: צמוד למדד המחירים לצרכן בריבית קבועה | G219: ישראל | H219: ישראל | I219: TASE | J219: RF | K219: פנימי | L219: ILS | M219: 2.900 | N219: 31/05/2029 | O219: 0.005 | P219: 0.01631 | R219: 112418444 | S219: 1 | T219: 115.67 | U219: 130034.41 | W219: שווי הוגן | X219: 0.003392 | Y219: 0.040741764 | Z219: 0.018672079
A220: 1035 | B220: 9941 | C220: מדינת ישראל | D220: ממשלתית שקלית 1.00% 03/30 | E220: IL0011609851 | F220: לא צמוד למדד המחירים לצרכן ריבית קבועה | G220: ישראל | H220: ישראל | I220: TASE | J220: RF | K220: פנימי | L220: ILS | M220: 3.686 | N220: 31/03/2030 | O220: 0.01 | P220: 0.0336 | R220: 71320252 | S220: 1 | T220: 92.07 | U220: 65664.556 | W220: שווי הוגן | X220: 0.001889 | Y220: 0.020573706 | Z220: 0.0094289943
A221: 1035 | B221: 9941 | C221: מדינת ישראל | D221: ממשלתית שקלית 0537 | E221: IL0011661803 | F221: לא צמוד למדד המחירים לצרכן ריבית קבועה | G221: ישראל | H221: ישראל | I221: TASE | J221: RF | K221: פנימי | L221: ILS | M221: 10.022 | N221: 31/05/2037 | O221: 0.015 | P221: 0.03813 | R221: 216457697 | S221: 1 | T221: 79.78 | U221: 172689.95 | W221: שווי הוגן | X221: 0.005166 | Y221: 0.054106393 | Z221: 0.02479713
... A269: 1035 | B269: 9941 | C269: US Govt | D269: T 3 3/4 06/30/27 | E269: US91282CNL18 | F269: נקוב במט"ח | G269: חו"ל | H269: ארה"ב | I269: FOREIGN_GOV_SEC | J269: Aa1 | K269: Moodys | L269: USD | M269: 0.000 | N269: 30/06/2027 | O269: 0.0375 | P269: 0 | R269: 9003000 | S269: 2.978 | T269: 99.668 | U269: 26721.841 | W269: שווי הוגן | X269: 0.000119 | Y269: 0.0083723601 | Z269: 0.003837079
A270: 1035 | B270: 9941 | C270: US Govt | D270: TREASURY BILL 07/09/26 | E270: US912797RF64 | F270: נקוב במט"ח | G270: חו"ל | H270: ארה"ב | I270: FOREIGN_GOV_SEC | J270: Aa1 | K270: Moodys | L270: USD | M270: 0.103 | N270: 07/09/2026 | O270: 0 | P270: 0.03689 | Q270: 2800 | R270: 0 | S270: 2.978 | T270: 0 | U270: 8338.4 | W270: שווי הוגן | X270: 0 | Y270: 0.0026125478 | Z270: 0.0011973389
A271: 1035 | B271: 9941 | C271: מדינת ישראל | D271: ISRAEL 5 01/13/36 | E271: US46515CJZ86 | F271: נקוב במט"ח | G271: חו"ל | H271: ישראל | I271: אחר | J271: Baa1 | K271: Moodys | L271: USD | M271: 7.489 | N271: 13/01/2036 | O271: 0.05 | P271: 0.05317 | R271: 1711000 | S271: 2.978 | T271: 99.741 | U271: 5082.18 | W271: שווי הוגן | X271: 0.000856 | Y271: 0.0015923244 | Z271: 0.00072976729
A272: 1035 | B272: 9941 | C272: מדינת ישראל | D272: ISRAEL 5 7/8 01/13/56 | E272: US46515CKR42 | F272: נקוב במט"ח | G272: חו"ל | H272: ישראל | I272: אחר | J272: Baa1 | K272: Moodys | L272: USD | M272: 13.723 | N272: 13/01/2056 | O272: 0.05875 | P272: 0.0609 | R272: 112000 | S272: 2.978 | T272: 99.583 | U272: 332.146 | W272: שווי הוגן | X272: 6.4e-05 | Y272: 0.00010406642 | Z272: 4.7693967e-05
A273: 1035 | B273: 9941 | C273: מדינת ישראל | D273: ISRAEL 4 1/2 13/01/2031 | E273: US46515CJY12 | F273: נקוב במט"ח | G273: חו"ל | H273: ישראל | I273: אחר | J273: Baa1 | K273: Moodys | L273: USD | M273: 4.059 | N273: 13/01/2031 | O273: 0.045 | P273: 0.05025 | R273: 50000 | S273: 2.978 | T273: 99.919 | U273: 148.779 | W273: שווי הוגן | X273: 2.2e-05 | Y273: 4.661485e-05 | Z273: 2.1363733e-05
A274: 1035 | B274: 9941 | C274: US Govt | D274: T 1 1/8 02/28/27 | E274: US912828ZB95 | F274: נקוב במט"ח | G274: חו"ל | H274: ארה"ב | I274: FOREIGN_GOV_SEC | J274: Aa1 | K274: Moodys | L274: USD | M274: 0.663 | N274: 28/02/2027 | O274: 0.01125 | P274: 0.04 | R274: 886000 | S274: 2.978 | T274: 98.513 | U274: 2599.277 | W274: שווי הוגן | X274: 2.4e-05 | Y274: 0.00081439301 | Z274: 0.00037323888
A275: 1035 | B275: 14292 | C275: מדינת ישראל | D275: ממשלתי שקלית 0142 | E275: IL0011254005 | F275: לא צמוד למדד המחירים לצרכן ריבית קבועה | G275: ישראל | H275: ישראל | I275: TASE | J275: RF | K275: פנימי | L275: ILS | M275: 11.060 | N275: 31/01/2042 | O275: 0.055 | P275: 0.03945 | R275: 10770600 | S275: 1 | T275: 120.13 | U275: 12938.722 | W275: שווי הוגן | X275: 0.000292 | Y275: 0.07754717 | Z275: 0.016710024
A276: 1035 | B276: 14292 | C276: מדינת ישראל | D276: ממשל שקלית 0327 | E276: IL0011393449 | F276: לא צמוד למדד המחירים לצרכן ריבית קבועה | G276: ישראל | H276: ישראל | I276: TASE | J276: RF | K276: פנימי | L276: ILS | M276: 0.745 | N276: 31/03/2027 | O276: 0.02 | P276: 0.03205 | R276: 3744566 | S276: 1 | T276: 99.63 | U276: 3730.711 | W276: שווי הוגן | X276: 0.000133 | Y276: 0.022359712 | Z276: 0.0048181169
A277: 1035 | B277: 14292 | C277: מדינת ישראל | D277: ממשל שקלית 0347 | E277: IL0011401937 | F277: לא צמוד למדד המחירים לצרכן ריבית קבועה | G277: ישראל | H277: ישראל | I277: TASE | J277: RF | K277: פנימי | L277: ILS | M277: 14.459 | N277: 31/03/2047 | O277: 0.0375 | P277: 0.04131 | R277: 5579979 | S277: 1 | T277: 95.7 | U277: 5340.04 | W277: שווי הוגן | X277: 0.000198 | Y277: 0.032005092 | Z277: 0.0068965234
A278: 1035 | B278: 14292 | C278: מדינת ישראל | D278: ממשל צמודה 0527 | E278: IL0011408478 | F278: צמוד למדד המחירים לצרכן בריבית קבועה | G278: ישראל | H278: ישראל | I278: TASE | J278: RF | K278: פנימי | L278: ILS | M278: 0.912 | N278: 31/05/2027 | O278: 0.0075 | P278: 0.01726 | R278: 4977368 | S278: 1 | T278: 119.65 | U278: 5955.421 | W278: שווי הוגן | X278: 0.000204 | Y278: 0.035693327 | Z278: 0.0076912719
A279: 1035 | B279: 14292 | C279: מדינת ישראל | D279: ממשל שיקלית 0928 | E279: IL0011508798 | F279: לא צמוד למדד המחירים לצרכן ריבית קבועה | G279: ישראל | H279: ישראל | I279: TASE | J279: RF | K279: פנימי | L279: ILS | M279: 2.177 | N279: 28/09/2028 | O279: 0.0225 | P279: 0.03278 | R279: 1203431 | S279: 1 | T279: 99.5 | U279: 1197.414 | W279: שווי הוגן | X279: 3.5e-05 | Y279: 0.0071766018 | Z279: 0.001546429
A280: 1035 | B280: 14292 | C280: מדינת ישראל | D280: ממשלתית שקלית 1.00% 03/30 | E280: IL0011609851 | F280: לא צמוד למדד המחירים לצרכן ריבית קבועה | G280: ישראל | H280: ישראל | I280: TASE | J280: RF | K280: פנימי | L280: ILS | M280: 3.686 | N280: 31/03/2030 | O280: 0.01 | P280: 0.0336 | R280: 499391 | S280: 1 | T280: 92.07 | U280: 459.789 | W280: שווי הוגן | X280: 1.3e-05 | Y280: 0.0027557095 | Z280: 0.00059380598
A281: 1035 | B281: 14292 | C281: מדינת ישראל | D281: ממשלתית שקלית 0537 | E281: IL0011661803 | F281: לא צמוד למדד המחירים לצרכן ריבית קבועה | G281: ישראל | H281: ישראל | I281: TASE | J281: RF | K281: פנימי | L281: ILS | M281: 10.022 | N281: 31/05/2037 | O281: 0.015 | P281: 0.03813 | R281: 6853067 | S281: 1 | T281: 79.78 | U281: 5467.377 | W281: שווי הוגן | X281: 0.000164 | Y281: 0.032768276 | Z281: 0.0070609758
A282: 1035 | B282: 14292 | C282: מדינת ישראל | D282: ממשלתית צמודה 0726 | E282: IL0011695645 | F282: צמוד למדד המחירים לצרכן בריבית קבועה | G282: ישראל | H282: ישראל | I282: TASE | J282: RF | K282: פנימי | L282: ILS | M282: 0.079 | N282: 31/07/2026 | O282: 0.001 | P282: 0.05014 | R282: 11866916 | S282: 1 | T282: 119.09 | U282: 14132.31 | W282: שווי הוגן | X282: 0.000985 | Y282: 0.084700844 | Z282: 0.018251513
... A422: 1038 | B422: 1162 | C422: US Govt | D422: T 3 3/4 06/30/27 | E422: US91282CNL18 | F422: נקוב במט"ח | G422: חו"ל | H422: ארה"ב | I422: FOREIGN_GOV_SEC | J422: Aa1 | K422: Moodys | L422: USD | M422: 0.000 | N422: 30/06/2027 | O422: 0.0375 | P422: 0 | R422: 31565000 | S422: 2.978 | T422: 99.668 | U422: 93688.206 | W422: שווי הוגן | X422: 0.000416 | Y422: 0.010586917 | Z422: 0.0041355594
A423: 1038 | B423: 1162 | C423: US Govt | D423: TREASURY BILL 07/09/26 | E423: US912797RF64 | F423: נקוב במט"ח | G423: חו"ל | H423: ארה"ב | I423: FOREIGN_GOV_SEC | J423: Aa1 | K423: Moodys | L423: USD | M423: 0.103 | N423: 07/09/2026 | O423: 0 | P423: 0.03689 | Q423: 42414 | R423: 0 | S423: 2.978 | T423: 0 | U423: 126308.89 | W423: שווי הוגן | X423: 0 | Y423: 0.014273106 | Z423: 0.0055754929
A424: 1038 | B424: 1162 | C424: מדינת ישראל | D424: ISRAEL 5 01/13/36 | E424: US46515CJZ86 | F424: נקוב במט"ח | G424: חו"ל | H424: ישראל | I424: אחר | J424: Baa1 | K424: Moodys | L424: USD | M424: 7.489 | N424: 13/01/2036 | O424: 0.05 | P424: 0.05317 | R424: 2470000 | S424: 2.978 | T424: 99.741 | U424: 7336.636 | W424: שווי הוגן | X424: 0.001235 | Y424: 0.00082905157 | Z424: 0.0003238518
A425: 1038 | B425: 1162 | C425: מדינת ישראל | D425: ISRAEL 5 7/8 01/13/56 | E425: US46515CKR42 | F425: נקוב במט"ח | G425: חו"ל | H425: ישראל | I425: אחר | J425: Baa1 | K425: Moodys | L425: USD | M425: 13.723 | N425: 13/01/2056 | O425: 0.05875 | P425: 0.0609 | R425: 1193000 | S425: 2.978 | T425: 99.583 | U425: 3537.948 | W425: שווי הוגן | X425: 0.000682 | Y425: 0.00039979382 | Z425: 0.00015617116
A426: 1038 | B426: 1162 | C426: מדינת ישראל | D426: ISRAEL 4 1/2 13/01/2031 | E426: US46515CJY12 | F426: נקוב במט"ח | G426: חו"ל | H426: ישראל | I426: אחר | J426: Baa1 | K426: Moodys | L426: USD | M426: 4.059 | N426: 13/01/2031 | O426: 0.045 | P426: 0.05025 | R426: 66000 | S426: 2.978 | T426: 99.919 | U426: 196.389 | W426: שווי הוגן | X426: 2.9e-05 | Y426: 2.2192247e-05 | Z426: 8.668941e-06
A427: 1038 | B427: 1162 | C427: US Govt | D427: T 1 1/8 02/28/27 | E427: US912828ZB95 | F427: נקוב במט"ח | G427: חו"ל | H427: ארה"ב | I427: FOREIGN_GOV_SEC | J427: Aa1 | K427: Moodys | L427: USD | M427: 0.663 | N427: 28/02/2027 | O427: 0.01125 | P427: 0.04 | R427: 1189000 | S427: 2.978 | T427: 98.513 | U427: 3488.194 | W427: שווי הוגן | X427: 3.2e-05 | Y427: 0.00039417151 | Z427: 0.00015397492
A428: 1038 | B428: 1319 | C428: מדינת ישראל | D428: ממשלתי שקלית 0142 | E428: IL0011254005 | F428: לא צמוד למדד המחירים לצרכן ריבית קבועה | G428: ישראל | H428: ישראל | I428: TASE | J428: RF | K428: פנימי | L428: ILS | M428: 11.060 | N428: 31/01/2042 | O428: 0.055 | P428: 0.03945 | R428: 9226824 | S428: 1 | T428: 120.13 | U428: 11084.184 | W428: שווי הוגן | X428: 0.000251 | Y428: 0.047442486 | Z428: 0.021542467
A429: 1038 | B429: 1319 | C429: מדינת ישראל | D429: ממשל שקלית 0327 | E429: IL0011393449 | F429: לא צמוד למדד המחירים לצרכן ריבית קבועה | G429: ישראל | H429: ישראל | I429: TASE | J429: RF | K429: פנימי | L429: ILS | M429: 0.745 | N429: 31/03/2027 | O429: 0.02 | P429: 0.03205 | R429: 6351406 | S429: 1 | T429: 99.63 | U429: 6327.906 | W429: שווי הוגן | X429: 0.000225 | Y429: 0.027084681 | Z429: 0.012298488
A430: 1038 | B430: 1319 | C430: מדינת ישראל | D430: ממשל שקלית 0347 | E430: IL0011401937 | F430: לא צמוד למדד המחירים לצרכן ריבית קבועה | G430: ישראל | H430: ישראל | I430: TASE | J430: RF | K430: פנימי | L430: ILS | M430: 14.459 | N430: 31/03/2047 | O430: 0.0375 | P430: 0.04131 | R430: 3568652 | S430: 1 | T430: 95.7 | U430: 3415.2 | W430: שווי הוגן | X430: 0.000127 | Y430: 0.014617728 | Z430: 0.006637551
A431: 1038 | B431: 1319 | C431: מדינת ישראל | D431: ממשל צמודה 0527 | E431: IL0011408478 | F431: צמוד למדד המחירים לצרכן בריבית קבועה | G431: ישראל | H431: ישראל | I431: TASE | J431: RF | K431: פנימי | L431: ILS | M431: 0.912 | N431: 31/05/2027 | O431: 0.0075 | P431: 0.01726 | R431: 2434806 | S431: 1 | T431: 119.65 | U431: 2913.245 | W431: שווי הוגן | X431: 0.0001 | Y431: 0.012469263 | Z431: 0.0056619861
A432: 1038 | B432: 1319 | C432: מדינת ישראל | D432: ממשל שיקלית 0928 | E432: IL0011508798 | F432: לא צמוד למדד המחירים לצרכן ריבית קבועה | G432: ישראל | H432: ישראל | I432: TASE | J432: RF | K432: פנימי | L432: ILS | M432: 2.177 | N432: 28/09/2028 | O432: 0.0225 | P432: 0.03278 | R432: 4521212 | S432: 1 | T432: 99.5 | U432: 4498.606 | W432: שווי הוגן | X432: 0.00013 | Y432: 0.019254918 | Z432: 0.0087431853
A433: 1038 | B433: 1319 | C433: מדינת ישראל | D433: ממשלתית צמודה 0.5% 0529 | E433: IL0011570236 | F433: צמוד למדד המחירים לצרכן בריבית קבועה | G433: ישראל | H433: ישראל | I433: TASE | J433: RF | K433: פנימי | L433: ILS | M433: 2.900 | N433: 31/05/2029 | O433: 0.005 | P433: 0.01631 | R433: 6389384 | S433: 1 | T433: 115.67 | U433: 7390.6 | W433: שווי הוגן | X433: 0.000193 | Y433: 0.031633224 | Z433: 0.01436387
A434: 1038 | B434: 1319 | C434: מדינת ישראל | D434: ממשלתית שקלית 1.00% 03/30 | E434: IL0011609851 | F434: לא צמוד למדד המחירים לצרכן ריבית קבועה | G434: ישראל | H434: ישראל | I434: TASE | J434: RF | K434: פנימי | L434: ILS | M434: 3.686 | N434: 31/03/2030 | O434: 0.01 | P434: 0.0336 | R434: 4971911 | S434: 1 | T434: 92.07 | U434: 4577.638 | W434: שווי הוגן | X434: 0.000132 | Y434: 0.019593193 | Z434: 0.0088967876
A435: 1038 | B435: 1319 | C435: מדינת ישראל | D435: ממשלתית שקלית 0537 | E435: IL0011661803 | F435: לא צמוד למדד המחירים לצרכן ריבית קבועה | G435: ישראל | H435: ישראל | I435: TASE | J435: RF | K435: פנימי | L435: ILS | M435: 10.022 | N435: 31/05/2037 | O435: 0.015 | P435: 0.03813 | R435: 12296983 | S435: 1 | T435: 79.78 | U435: 9810.533 | W435: שווי הוגן | X435: 0.000293 | Y435: 0.041991011 | Z435: 0.019067086
... A513: 1038 | B513: 8563 | C513: Federal Republic Of Germany | D513: OBL 0 10/09/26 | E513: DE0001141844 | F513: נקוב במט"ח | G513: חו"ל | H513: גרמניה | I513: FOREIGN_GOV_SEC | J513: Aaa | K513: Moodys | L513: EUR | M513: 0.271 | N513: 09/10/2026 | O513: 0 | P513: 0.02203 | R513: 8937000 | S513: 3.3945 | T513: 99.409 | U513: 30157.509 | W513: שווי הוגן | X513: 0.000372 | Y513: 0.0092427076 | Z513: 0.0023522083
A514: 1038 | B514: 8563 | C514: US Govt | D514: TREASURY BILL 07/09/26 | E514: US912797RF64 | F514: נקוב במט"ח | G514: חו"ל | H514: ארה"ב | I514: FOREIGN_GOV_SEC | J514: Aa1 | K514: Moodys | L514: USD | M514: 0.103 | N514: 07/09/2026 | O514: 0 | P514: 0.03689 | Q514: 16688 | R514: 0 | S514: 2.978 | T514: 0 | U514: 49696.864 | W514: שווי הוגן | X514: 0 | Y514: 0.015231152 | Z514: 0.0038762279
A515: 1038 | B515: 8563 | C515: US Govt | D515: T 1 1/8 02/28/27 | E515: US912828ZB95 | F515: נקוב במט"ח | G515: חו"ל | H515: ארה"ב | I515: FOREIGN_GOV_SEC | J515: Aa1 | K515: Moodys | L515: USD | M515: 0.663 | N515: 28/02/2027 | O515: 0.01125 | P515: 0.04 | R515: 76507000 | S515: 2.978 | T515: 98.513 | U515: 224450.19 | W515: שווי הוגן | X515: 0.002082 | Y515: 0.06878975 | Z515: 0.017506539
A516: 1038 | B516: 14657 | C516: מדינת ישראל | D516: מקמ 726 | E516: IL0082607214 | F516: מק"מ קצר משנים עשר חודשים | G516: ישראל | H516: ישראל | I516: TASE | J516: RF | K516: פנימי | L516: ILS | M516: 0.016 | N516: 08/07/2026 | O516: 0 | P516: 0.04352 | R516: 38131943 | S516: 1 | T516: 99.93 | U516: 38105.251 | W516: שווי הוגן | X516: 0.001122 | Y516: 0.69432378 | Z516: 0.11734283
A517: 1038 | B517: 14657 | C517: מדינת ישראל | D517: מלווה קצר מועד 1016 | E517: IL0082610184 | F517: מק"מ קצר משנים עשר חודשים | G517: ישראל | H517: ישראל | I517: TASE | J517: RF | K517: פנימי | L517: ILS | M517: 0.750 | N517: 07/10/2026 | O517: 0 | P517: 0.0334 | R517: 16923077 | S517: 1 | T517: 99.13 | U517: 16775.846 | W517: שווי הוגן | X517: 0.00094 | Y517: 0.30567622 | Z517: 0.051660212
A518: 1038 | B518: 14849 | C518: מדינת ישראל | D518: מלווה קצר מועד 1016 | E518: IL0082610184 | F518: מק"מ קצר משנים עשר חודשים | G518: ישראל | H518: ישראל | I518: TASE | J518: RF | K518: פנימי | L518: ILS | M518: 0.750 | N518: 07/10/2026 | O518: 0 | P518: 0.0334 | R518: 5692308 | S518: 1 | T518: 99.13 | U518: 5642.785 | W518: שווי הוגן | X518: 0.000316 | Y518: 1 | Z518: 0.0067048204
A519: 1039 | B519: 1039 | C519: מדינת ישראל | D519: ממשלתי שקלית 0142 | E519: IL0011254005 | F519: לא צמוד למדד המחירים לצרכן ריבית קבועה | G519: ישראל | H519: ישראל | I519: TASE | J519: RF | K519: פנימי | L519: ILS | M519: 11.060 | N519: 31/01/2042 | O519: 0.055 | P519: 0.03945 | R519: 3620698 | S519: 1 | T519: 120.13 | U519: 4349.545 | W519: שווי הוגן | X519: 9.8e-05 | Y519: 0.036109764 | Z519: 0.019401855
A520: 1039 | B520: 1039 | C520: מדינת ישראל | D520: ממשל שקלית 0327 | E520: IL0011393449 | F520: לא צמוד למדד המחירים לצרכן ריבית קבועה | G520: ישראל | H520: ישראל | I520: TASE | J520: RF | K520: פנימי | L520: ILS | M520: 0.745 | N520: 31/03/2027 | O520: 0.02 | P520: 0.03205 | R520: 6219618 | S520: 1 | T520: 99.63 | U520: 6196.605 | W520: שווי הוגן | X520: 0.00022 | Y520: 0.051443998 | Z520: 0.027640973
A521: 1039 | B521: 1039 | C521: מדינת ישראל | D521: ממשל שקלית 0347 | E521: IL0011401937 | F521: לא צמוד למדד המחירים לצרכן ריבית קבועה | G521: ישראל | H521: ישראל | I521: TASE | J521: RF | K521: פנימי | L521: ILS | M521: 14.459 | N521: 31/03/2047 | O521: 0.0375 | P521: 0.04131 | R521: 1445927 | S521: 1 | T521: 95.7 | U521: 1383.752 | W521: שווי הוגן | X521: 5.1e-05 | Y521: 0.011487861 | Z521: 0.006172453
A522: 1039 | B522: 1039 | C522: מדינת ישראל | D522: ממשל צמודה 0527 | E522: IL0011408478 | F522: צמוד למדד המחירים לצרכן בריבית קבועה | G522: ישראל | H522: ישראל | I522: TASE | J522: RF | K522: פנימי | L522: ILS | M522: 0.912 | N522: 31/05/2027 | O522: 0.0075 | P522: 0.01726 | R522: 1803038 | S522: 1 | T522: 119.65 | U522: 2157.335 | W522: שווי הוגן | X522: 7.4e-05 | Y522: 0.017910118 | Z522: 0.0096231458
A523: 1039 | B523: 1039 | C523: מדינת ישראל | D523: ממשל שיקלית 0928 | E523: IL0011508798 | F523: לא צמוד למדד המחירים לצרכן ריבית קבועה | G523: ישראל | H523: ישראל | I523: TASE | J523: RF | K523: פנימי | L523: ILS | M523: 2.177 | N523: 28/09/2028 | O523: 0.0225 | P523: 0.03278 | R523: 1023731 | S523: 1 | T523: 99.5 | U523: 1018.612 | W523: שווי הוגן | X523: 2.9e-05 | Y523: 0.0084564834 | Z523: 0.0045436871
A524: 1039 | B524: 1039 | C524: מדינת ישראל | D524: ממשלתית צמודה 0.5% 0529 | E524: IL0011570236 | F524: צמוד למדד המחירים לצרכן בריבית קבועה | G524: ישראל | H524: ישראל | I524: TASE | J524: RF | K524: פנימי | L524: ILS | M524: 2.900 | N524: 31/05/2029 | O524: 0.005 | P524: 0.01631 | R524: 4290524 | S524: 1 | T524: 115.67 | U524: 4962.849 | W524: שווי הוגן | X524: 0.000129 | Y524: 0.041201397 | Z524: 0.022137601
A525: 1039 | B525: 1039 | C525: מדינת ישראל | D525: ממשלתית שקלית 1.00% 03/30 | E525: IL0011609851 | F525: לא צמוד למדד המחירים לצרכן ריבית קבועה | G525: ישראל | H525: ישראל | I525: TASE | J525: RF | K525: פנימי | L525: ILS | M525: 3.686 | N525: 31/03/2030 | O525: 0.01 | P525: 0.0336 | R525: 3324427 | S525: 1 | T525: 92.07 | U525: 3060.8 | W525: שווי הוגן | X525: 8.8e-05 | Y525: 0.025410652 | Z525: 0.013653199
A526: 1039 | B526: 1039 | C526: מדינת ישראל | D526: ממשלתית שקלית 0537 | E526: IL0011661803 | F526: לא צמוד למדד המחירים לצרכן ריבית קבועה | G526: ישראל | H526: ישראל | I526: TASE | J526: RF | K526: פנימי | L526: ILS | M526: 10.022 | N526: 31/05/2037 | O526: 0.015 | P526: 0.03813 | R526: 8739629 | S526: 1 | T526: 79.78 | U526: 6972.476 | W526: שווי הוגן | X526: 0.000209 | Y526: 0.057885248 | Z526: 0.031101871
... A667: 11389 | B667: 11390 | C667: US Govt | D667: T 3 3/4 06/30/27 | E667: US91282CNL18 | F667: נקוב במט"ח | G667: חו"ל | H667: ארה"ב | I667: FOREIGN_GOV_SEC | J667: Aa1 | K667: Moodys | L667: USD | M667: 0.000 | N667: 30/06/2027 | O667: 0.0375 | P667: 0 | R667: 4060000 | S667: 2.978 | T667: 99.668 | U667: 12050.503 | W667: שווי הוגן | X667: 5.4e-05 | Y667: 0.0089647563 | Z667: 0.0035465048
A668: 11389 | B668: 11390 | C668: US Govt | D668: TREASURY BILL 07/09/26 | E668: US912797RF64 | F668: נקוב במט"ח | G668: חו"ל | H668: ארה"ב | I668: FOREIGN_GOV_SEC | J668: Aa1 | K668: Moodys | L668: USD | M668: 0.103 | N668: 07/09/2026 | O668: 0 | P668: 0.03689 | Q668: 13907 | R668: 0 | S668: 2.978 | T668: 0 | U668: 41415.046 | W668: שווי הוגן | X668: 0 | Y668: 0.030809984 | Z668: 0.012188592
A669: 11389 | B669: 11390 | C669: מדינת ישראל | D669: ISRAEL 5 01/13/36 | E669: US46515CJZ86 | F669: נקוב במט"ח | G669: חו"ל | H669: ישראל | I669: אחר | J669: Baa1 | K669: Moodys | L669: USD | M669: 7.489 | N669: 13/01/2036 | O669: 0.05 | P669: 0.05317 | R669: 645000 | S669: 2.978 | T669: 99.741 | U669: 1915.842 | W669: שווי הוגן | X669: 0.000322 | Y669: 0.0014252566 | Z669: 0.00056383902
...

Sheet ניירות ערך מסחריים
A1: מספר קופה/קרן/ח.פ. עבור חברת ביטוח | B1: מספר מסלול | C1: שם מנפיק | D1: מספר מנפיק | E1: סוג מספר מזהה מנפיק | F1: שם נייר ערך | G1: מספר נייר ערך | H1: סוג מספר נייר ערך | I1: מאפיין עיקרי | J1: ישראל/חו"ל | K1: מדינה לפי חשיפה כלכלית | L1: זירת מסחר | M1: ענף מסחר | N1: בעל עניין/צד קשור | O1: דירוג | P1: שם מדרג | Q1: דירוג נייר הערך/המנפיק | R1: מטבע פעילות | S1: מח"מ | T1: ריבית עוגן | U1: מועד פדיון | V1: שיעור ריבית | W1: תשואה לפדיון | X1: נחיתות חוזית | Y1: האם סווג כחוב בעייתי | Z1: ערך נקוב (יחידות) | AA1: שער חליפין | AB1: שער נייר הערך | AC1: סכום לקבל (במטבע הפעילות) | AD1: שווי הוגן (באלפי ש"ח) | AE1: עלות מופחתת (באלפי ש"ח) | AF1: עלות מופחתת (במטבע הפעילות) | AG1: השיטה שיושמה בדוח הכספי | AH1: שיעור מערך נקוב מונפק | AI1: שיעור מנכסי אפיק ההשקעה | AJ1: שיעור מסך נכסי ההשקעה

Sheet איגרות חוב
A1: מספר קופה/קרן/ח.פ. עבור חברת ביטוח | B1: מספר מסלול | C1: שם מנפיק | D1: מספר מנפיק | E1: סוג מספר מזהה מנפיק | F1: שם נייר ערך | G1: מספר נייר ערך | H1: סוג מספר נייר ערך | I1: מאפיין עיקרי | J1: ישראל/חו"ל | K1: מדינה לפי חשיפה כלכלית | L1: סטאטוס סחירות | M1: זירת מסחר | N1: ענף מסחר | O1: בעל עניין/צד קשור | P1: דירוג | Q1: שם מדרג | R1: דירוג נייר הערך/המנפיק | S1: מטבע פעילות | T1: מח"מ | U1: מועד פדיון | V1: שיעור ריבית | W1: תשואה לפדיון | X1: נחיתות חוזית | Y1: האם סווג כחוב בעייתי | Z1: ערך נקוב (יחידות) | AA1: שער חליפין | AB1: שער נייר הערך | AC1: סכום לקבל (במטבע הפעילות) | AD1: שווי הוגן (באלפי ש"ח) | AE1: עלות מופחתת (באלפי ש"ח) | AF1: עלות מופחתת (במטבע הפעילות) | AG1: השיטה שיושמה בדוח הכספי | AH1: שיעור מערך נקוב מונפק | AI1: שיעור מנכסי אפיק ההשקעה | AJ1: שיעור מסך נכסי ההשקעה
A2: 1035 | B2: 1036 | C2: פלאזה סנטרס | D2: 33248324 | E2: מספר תאגיד או שותפות בחו"ל | F2: פלאזה סנטרס אגח א | G2: IL0011094955 | H2: ISIN | I2: צמוד למדד המחירים לצרכן | J2: ישראל | K2: ישראל | L2: סחיר | M2: TASE | N2: בנייה | O2: לא | P2: NR | Q2: NR | R2: NR | S2: ILS | T2: NA | U2: 01/07/2026 | V2: 0.06 | W2: 0.0001 | X2: החוב לא נחות | Z2: 1498817.5 | AA2: 1 | AB2: 1.97 | AD2: 29.527 | AG2: שווי הוגן | AH2: 0.012728 | AI2: 0.00079295934 | AJ2: 4.7074326e-06
A3: 1035 | B3: 1036 | C3: פלאזה סנטרס | D3: 33248324 | E3: מספר תאגיד או שותפות בחו"ל | F3: פלאזה סנטרס אגח ב | G3: IL0011095036 | H3: ISIN | I3: צמוד למדד המחירים לצרכן | J3: ישראל | K3: ישראל | L3: סחיר | M3: TASE | N3: בנייה | O3: לא | P3: NR | Q3: NR | R3: NR | S3: ILS | T3: NA | U3: 01/07/2026 | V3: 0.069 | W3: 0.0001 | X3: החוב לא נחות | Z3: 421512.41 | AA3: 1 | AB3: 2.21 | AD3: 9.315 | AG3: שווי הוגן | AH3: 0.00244 | AI3: 0.00025017193 | AJ3: 1.4851549e-06
A4: 1035 | B4: 1036 | C4: קרדן אן.וי. | D4: 1239114 | E4: מספר תאגיד או שותפות בחו"ל | F4: קרדן אן וי אגח ב ( שימור | G4: IL0011130346 | H4: ISIN | I4: צמוד למדד המחירים לצרכן | J4: ישראל | K4: ישראל | L4: סחיר | M4: TASE | N4: השקעה ואחזקות | O4: לא | P4: NR | Q4: NR | R4: NR | S4: ILS | T4: NA | U4: 31/12/2026 | V4: 0.068 | W4: 0.0001 | X4: החוב לא נחות | Z4: 31656.14 | AA4: 1 | AB4: 27.5 | AD4: 8.705 | AG4: שווי הוגן | AH4: 7e-05 | AI4: 0.00023379035 | AJ4: 1.3879051e-06
A5: 1035 | B5: 1036 | C5: פריים אנרג'י פי.אי בע"מ | D5: 514902147 | E5: ח.פ. | F5: פריים אנרג'י אגח ב | G5: IL0011846628 | H5: ISIN | I5: צמוד למדד המחירים לצרכן | J5: ישראל | K5: ישראל | L5: סחיר | M5: TASE | N5: אנרגיה מתחדשת | O5: לא | P5: NR | Q5: NR | R5: NR | S5: ILS | T5: 1.558 | U5: 30/06/2028 | V5: 0.04 | W5: 0.0399 | X5: החוב לא נחות | Z5: 45961.56 | AA5: 1 | AB5: 116.28 | AD5: 53.444 | AG5: שווי הוגן | AH5: 0.000991 | AI5: 0.001435277 | AJ5: 8.5205751e-06
A6: 1035 | B6: 1036 | C6: מפעלים פטרוכימיים בישראל בע"מ | D6: 520029315 | E6: ח.פ. | F6: פטרוכימים אגח י | G6: IL0011902975 | H6: ISIN | I6: לא צמוד למדד המחירים לצרכן | J6: ישראל | K6: ישראל | L6: סחיר | M6: TASE | N6: אנרגיה | O6: לא | P6: NR | Q6: NR | R6: NR | S6: ILS | T6: 1.082 | U6: 01/08/2027 | V6: 0.1054 | W6: -0.12512 | X6: החוב לא נחות | Z6: 1336235 | AA6: 1 | AB6: 175.01 | AD6: 2338.545 | AG6: שווי הוגן | AH6: 0.008966 | AI6: 0.062803182 | AJ6: 0.00037283342
A7: 1035 | B7: 1036 | C7: כלל החזקות עסקי ביטוח בע"מ | D7: 520036120 | E7: ח.פ. | F7: כלל ביטוח אג ב | G7: IL0011934994 | H7: ISIN | I7: אג"ח להמרה לא צמוד למדד המחירים לצרכן | J7: ישראל | K7: ישראל | L7: סחיר | M7: TASE | N7: ביטוח | O7: לא | P7: AA- | Q7: S&P מעלות | R7: נייר ערך | S7: ILS | T7: 0.592 | U7: 28/02/2028 | V7: 0.028 | W7: -0.44005 | X7: החוב לא נחות | Z7: 1710223 | AA7: 1 | AB7: 291.3 | AD7: 4981.88 | AG7: שווי הוגן | AH7: 0.019663 | AI7: 0.1337917 | AJ7: 0.00079425938
A8: 1035 | B8: 1036 | C8: איסתא בע"מ | D8: 520042763 | E8: ח.פ. | F8: איסתא אגח א להמרה | G8: IL0011971285 | H8: ISIN | I8: אג"ח להמרה לא צמוד למדד המחירים לצרכן | J8: ישראל | K8: ישראל | L8: סחיר | M8: TASE | N8: מלונאות ותיירות | O8: לא | P8: NR | Q8: NR | R8: NR | S8: ILS | T8: 1.932 | U8: 30/06/2028 | V8: 0.0485 | W8: -0.01523 | X8: החוב לא נחות | Z8: 2150995 | AA8: 1 | AB8: 113 | AD8: 2430.624 | AG8: שווי הוגן | AH8: 0.00717 | AI8: 0.065276037 | AJ8: 0.00038751362
A9: 1035 | B9: 1036 | C9: ג'י סיטי בע"מ | D9: 520033234 | E9: ח.פ. | F9: ג'י סיטי אג יז | G9: IL0011981425 | H9: ISIN | I9: אג"ח להמרה לא צמוד למדד המחירים לצרכן | J9: ישראל | K9: גלובלי | L9: סחיר | M9: TASE | N9: נדל"ן מניב בחו"ל | O9: לא | P9: A- | Q9: S&P מעלות | R9: נייר ערך | S9: ILS | T9: 2.849 | U9: 01/07/2029 | V9: 0.055 | W9: 0.03987 | X9: החוב לא נחות | Z9: 8850666.9 | AA9: 1 | AB9: 104.2 | AD9: 9222.395 | AG9: שווי הוגן | AH9: 0.017144 | AI9: 0.24767356 | AJ9: 0.0014703233
A10: 1035 | B10: 1036 | C10: סולאיר אנרגיות מתחדשות בע"מ | D10: 516046307 | E10: ח.פ. | F10: סולאיר ב | G10: IL0012148321 | H10: ISIN | I10: צמוד למדד המחירים לצרכן | J10: ישראל | K10: ישראל | L10: סחיר | M10: TASE | N10: אנרגיה מתחדשת | O10: לא | P10: NR | Q10: NR | R10: NR | S10: ILS | T10: 3.161 | U10: 30/06/2030 | V10: 0.049 | W10: 0.03943 | X10: החוב לא נחות | Z10: 303546 | AA10: 1 | AB10: 106.79 | AD10: 324.157 | AG10: שווי הוגן | AH10: 0.000434 | AI10: 0.0087054462 | AJ10: 5.1680204e-05
A11: 1035 | B11: 1036 | C11: אנלייט אנרגיה מתחדשת בע"מ | D11: 520041146 | E11: ח.פ. | F11: אנלייט אג ח | G11: IL0012181306 | H11: ISIN | I11: אג"ח להמרה לא צמוד למדד המחירים לצרכן | J11: ישראל | K11: ישראל | L11: סחיר | M11: TASE | N11: אנרגיה מתחדשת | O11: לא | P11: A | Q11: S&P מעלות | R11: נייר ערך | S11: ILS | T11: 5.605 | U11: 01/09/2033 | V11: 0.04 | W11: -0.16717 | X11: החוב לא נחות | Z11: 2275000 | AA11: 1 | AB11: 332.5 | AD11: 7564.375 | AG11: שווי הוגן | AH11: 0.005745 | AI11: 0.20314633 | AJ11: 0.0012059857
A12: 1035 | B12: 1036 | C12: הפניקס אחזקות בע"מ | D12: 520017450 | E12: ח.פ. | F12: הפניקס 7 | G12: IL0012346321 | H12: ISIN | I12: אג"ח להמרה לא צמוד למדד המחירים לצרכן | J12: ישראל | K12: ישראל | L12: סחיר | M12: TASE | N12: ביטוח | O12: לא | P12: AA | Q12: S&P מעלות | R12: נייר ערך | S12: ILS | T12: 1.963 | U12: 30/06/2028 | V12: 0.025 | W12: -0.02748 | X12: החוב לא נחות | Z12: 1839462 | AA12: 1 | AB12: 110.9 | AD12: 2039.963 | AG12: שווי הוגן | AH12: 0.004654 | AI12: 0.054784576 | AJ12: 0.00032523067
A13: 1035 | B13: 1036 | C13: מטריקס אי.טי בע"מ | D13: 520039413 | E13: ח.פ. | F13: מטריקס 2 0.5% 01.02.31 | G13: IL0012359696 | H13: ISIN | I13: אג"ח להמרה לא צמוד למדד המחירים לצרכן | J13: ישראל | K13: ישראל | L13: סחיר | M13: TASE | N13: שרותי מידע | O13: לא | P13: Aa2 | Q13: מידרוג Moodys | R13: נייר ערך | S13: ILS | T13: 4.531 | U13: 01/02/2031 | V13: 0.005 | W13: 0.03265 | X13: החוב לא נחות | Z13: 1148780 | AA13: 1 | AB13: 88.6 | AD13: 1017.819 | AG13: שווי הוגן | AH13: 0.003868 | AI13: 0.02733421 | AJ13: 0.00016227055
... A21: 1035 | B21: 1037 | C21: ריט 1 בע"מ | D21: 513821488 | E21: ח.פ. | F21: ריט 1 אגח ו | G21: IL0011385445 | H21: ISIN | I21: צמוד למדד המחירים לצרכן | J21: ישראל | K21: ישראל | L21: סחיר | M21: TASE | N21: נדל"ן מניב בישראל | O21: לא | P21: AA | Q21: S&P מעלות | R21: נייר ערך | S21: ILS | T21: 2.582 | U21: 21/09/2031 | V21: 0.035 | W21: 0.02395 | X21: החוב לא נחות | Z21: 1295333.7 | AA21: 1 | AB21: 125.94 | AD21: 1631.343 | AG21: שווי הוגן | AH21: 0.001915 | AI21: 0.013588738 | AJ21: 0.0039357161
A22: 1035 | B22: 1037 | C22: קבוצת עזריאלי בע"מ (לשעבר קנית מימון) | D22: 510960719 | E22: ח.פ. | F22: עזריאלי אגח ד | G22: IL0011386500 | H22: ISIN | I22: צמוד למדד המחירים לצרכן | J22: ישראל | K22: ישראל | L22: סחיר | M22: TASE | N22: נדל"ן מניב בישראל | O22: לא | P22: AA+ | Q22: S&P מעלות | R22: נייר ערך | S22: ILS | T22: 2.215 | U22: 05/07/2030 | V22: 0.0134 | W22: 0.02307 | X22: החוב לא נחות | Z22: 888708.1 | AA22: 1 | AB22: 118.34 | AC22: 142.371 | AD22: 1194.068 | AG22: שווי הוגן | AH22: 0.000503 | AI22: 0.0099463294 | AJ22: 0.0028807625
A23: 1035 | B23: 1037 | C23: סלע קפיטל נדל"ן בע"מ | D23: 513992529 | E23: ח.פ. | F23: סלע נדלן אגח ג | G23: IL0011389736 | H23: ISIN | I23: צמוד למדד המחירים לצרכן | J23: ישראל | K23: ישראל | L23: סחיר | M23: TASE | N23: נדל"ן מניב בישראל | O23: לא | P23: Aa3 | Q23: מידרוג Moodys | R23: נייר ערך | S23: ILS | T23: 1.745 | U23: 13/04/2029 | V23: 0.0196 | W23: 0.02404 | X23: החוב לא נחות | Z23: 480056.75 | AA23: 1 | AB23: 119.64 | AD23: 574.34 | AG23: שווי הוגן | AH23: 0.000559 | AI23: 0.0047841277 | AJ23: 0.0013856303
A24: 1035 | B24: 1037 | C24: סלקום ישראל בע"מ | D24: 511930125 | E24: ח.פ. | F24: סלקום אגח יא | G24: IL0011392524 | H24: ISIN | I24: לא צמוד למדד המחירים לצרכן | J24: ישראל | K24: ישראל | L24: סחיר | M24: TASE | N24: תקשורת ומדיה | O24: לא | P24: AA- | Q24: S&P מעלות | R24: נייר ערך | S24: ILS | T24: 0.008 | U24: 05/07/2026 | V24: 0.0355 | W24: 0.12033 | X24: החוב לא נחות | Z24: 296090.5 | AA24: 1 | AB24: 101.68 | AD24: 301.065 | AG24: שווי הוגן | AH24: 0.002083 | AI24: 0.0025078051 | AJ24: 0.0007263374
A25: 1035 | B25: 1037 | C25: לוינשטיין נכסים | D25: 511134298 | E25: ח.פ. | F25: לוינשט נכ אגח ב | G25: IL0011397168 | H25: ISIN | I25: צמוד למדד המחירים לצרכן | J25: ישראל | K25: ישראל | L25: סחיר | M25: TASE | N25: נדל"ן מניב בישראל | O25: לא | P25: A+ | Q25: S&P מעלות | R25: נייר ערך | S25: ILS | T25: 0.988 | U25: 31/12/2027 | V25: 0.023 | W25: 0.03066 | X25: החוב לא נחות | Z25: 184794 | AA25: 1 | AB25: 119.88 | AD25: 221.531 | AG25: שווי הוגן | AH25: 0.004911 | AI25: 0.0018453059 | AJ25: 0.00053445728
A26: 1035 | B26: 1037 | C26: רבוע כחול נדל"ן בע"מ | D26: 513765859 | E26: ח.פ. | F26: רבוע נדלן אגח ו | G26: IL0011406076 | H26: ISIN | I26: צמוד למדד המחירים לצרכן | J26: ישראל | K26: ישראל | L26: סחיר | M26: TASE | N26: נדל"ן מניב בישראל | O26: לא | P26: AA | Q26: S&P מעלות | R26: נייר ערך | S26: ILS | T26: 0.414 | U26: 30/11/2026 | V26: 0.0215 | W26: 0.03508 | X26: החוב לא נחות | Z26: 304249.5 | AA26: 1 | AB26: 120.56 | AD26: 366.803 | AG26: שווי הוגן | AH26: 0.000434 | AI26: 0.0030553917 | AJ26: 0.00088493528
A27: 1035 | B27: 1037 | C27: רבוע כחול נדל"ן בע"מ | D27: 513765859 | E27: ח.פ. | F27: רבוע נדלן אגח ז | G27: IL0011406159 | H27: ISIN | I27: צמוד למדד המחירים לצרכן | J27: ישראל | K27: ישראל | L27: סחיר | M27: TASE | N27: נדל"ן מניב בישראל | O27: לא | P27: AA | Q27: S&P מעלות | R27: נייר ערך | S27: ILS | T27: 0.414 | U27: 30/11/2026 | V27: 0.016 | W27: 0.03616 | X27: החוב לא נחות | Z27: 266723.02 | AA27: 1 | AB27: 120.18 | AD27: 320.548 | AG27: שווי הוגן | AH27: 0.001838 | AI27: 0.0026700935 | AJ27: 0.00077334111
A28: 1035 | B28: 1037 | C28: ביג מרכזי קניות (2004) בע"מ | D28: 513623314 | E28: ח.פ. | F28: ביג אג"ח ט' | G28: IL0011410508 | H28: ISIN | I28: צמוד למדד המחירים לצרכן | J28: ישראל | K28: ישראל | L28: סחיר | M28: TASE | N28: נדל"ן מניב בישראל | O28: לא | P28: AA- | Q28: S&P מעלות | R28: נייר ערך | S28: ILS | T28: 0.468 | U28: 20/12/2026 | V28: 0.0195 | W28: 0.0383 | X28: החוב לא נחות | Z28: 410405 | AA28: 1 | AB28: 119.44 | AD28: 490.188 | AG28: שווי הוגן | AH28: 0.002437 | AI28: 0.0040831583 | AJ28: 0.0011826081
A29: 1035 | B29: 1037 | C29: תמר פטרוליום בעמ | D29: 515334662 | E29: ח.פ. | F29: תמר פטרוליום אגח א | G29: IL0011413320 | H29: ISIN | I29: צמוד למט"ח | J29: ישראל | K29: ישראל | L29: סחיר | M29: TASE | N29: חיפושי נפט וגז | O29: לא | P29: A1 | Q29: מידרוג Moodys | R29: נייר ערך | S29: ILS | T29: 1.771 | U29: 30/08/2028 | V29: 0.0469 | W29: 0.0534 | X29: החוב לא נחות | Z29: 1278144.6 | AA29: 1 | AB29: 85.05 | AD29: 1087.062 | AG29: שווי הוגן | AH29: 0.000946 | AI29: 0.0090549925 | AJ29: 0.002622604
A30: 1035 | B30: 1037 | C30: קרסו מוטורס בע"מ | D30: 514065283 | E30: ח.פ. | F30: קרסו מוטורס אגח ג | G30: IL0011418295 | H30: ISIN | I30: לא צמוד למדד המחירים לצרכן | J30: ישראל | K30: ישראל | L30: סחיר | M30: TASE | N30: מסחר | O30: לא | P30: AA- | Q30: S&P מעלות | R30: נייר ערך | S30: ILS | T30: 0.655 | U30: 01/09/2027 | V30: 0.023 | W30: 0.03886 | X30: החוב לא נחות | Z30: 1227959 | AA30: 1 | AB30: 99.76 | AD30: 1225.012 | AG30: שווי הוגן | AH30: 0.00149 | AI30: 0.010204085 | AJ30: 0.0029554166
A31: 1035 | B31: 1037 | C31: אפי נכסים בע"מ | D31: 510560188 | E31: ח.פ. | F31: אפי נכסים אגח 8 | G31: IL0011422313 | H31: ISIN | I31: צמוד למדד המחירים לצרכן | J31: ישראל | K31: ישראל | L31: סחיר | M31: TASE | N31: נדל"ן מניב בחו"ל | O31: לא | P31: A+ | Q31: S&P מעלות | R31: נייר ערך | S31: ILS | T31: 0.288 | U31: 15/10/2026 | V31: 0.0257 | W31: 0.03304 | X31: החוב לא נחות | Z31: 913977.71 | AA31: 1 | AB31: 120.8 | AD31: 1104.085 | AG31: שווי הוגן | AH31: 0.001101 | AI31: 0.0091967909 | AJ31: 0.0026636732
A32: 1035 | B32: 1037 | C32: סלקום ישראל בע"מ | D32: 511930125 | E32: ח.פ. | F32: סלקום אגח יב | G32: IL0011430803 | H32: ISIN | I32: לא צמוד למדד המחירים לצרכן | J32: ישראל | K32: ישראל | L32: סחיר | M32: TASE | N32: תקשורת ומדיה | O32: לא | P32: AA- | Q32: S&P מעלות | R32: נייר ערך | S32: ILS | T32: 0.997 | U32: 05/01/2028 | V32: 0.025 | W32: 0.039 | X32: החוב לא נחות | Z32: 100819 | AA32: 1 | AB32: 99.85 | AD32: 100.668 | AG32: שווי הוגן | AH32: 0.00019 | AI32: 0.00083854086 | AJ32: 0.00024286719
A33: 1035 | B33: 1037 | C33: מישורים השקעות נדלן בעמ | D33: 511491839 | E33: ח.פ. | F33: מישורים אגח ח | G33: IL0011431637 | H33: ISIN | I33: צמוד למדד המחירים לצרכן | J33: ישראל | K33: ישראל | L33: סחיר | M33: TASE | N33: נדל"ן מניב בחו"ל | O33: לא | P33: BBB+ | Q33: S&P מעלות | R33: נייר ערך | S33: ILS | T33: 0.079 | U33: 31/07/2026 | V33: 0.03 | W33: 0.21599 | X33: החוב לא נחות | Z33: 712855 | AA33: 1 | AB33: 120.19 | AD33: 856.78 | AG33: שווי הוגן | AH33: 0.017486 | AI33: 0.0071367964 | AJ33: 0.0020670355
A34: 1035 | B34: 1037 | C34: אוריין ש.מ. בע"מ | D34: 511068256 | E34: ח.פ. | F34: אוריין אגח ב | G34: IL0011433799 | H34: ISIN | I34: לא צמוד למדד המחירים לצרכן | J34: ישראל | K34: ישראל | L34: סחיר | M34: TASE | N34: שרותים | O34: לא | P34: A- | Q34: S&P מעלות | R34: נייר ערך | S34: ILS | T34: 0.499 | U34: 31/12/2026 | V34: 0.0325 | W34: 0.03389 | X34: החוב לא נחות | Z34: 235878.91 | AA34: 1 | AB34: 99.95 | AD34: 235.761 | AG34: שווי הוגן | AH34: 0.010813 | AI34: 0.0019638381 | AJ34: 0.00056878785
... A48: 1035 | B48: 1037 | C48: יוניברסל מוטורס ישראל בע"מ | D48: 511809071 | E48: ח.פ. | F48: יוניברסל אגח ג | G48: IL0011606709 | H48: ISIN | I48: צמוד למדד המחירים לצרכן | J48: ישראל | K48: ישראל | L48: סחיר | M48: TASE | N48: מסחר | O48: לא | P48: AA- | Q48: S&P מעלות | R48: נייר ערך | S48: ILS | T48: 0.602 | U48: 10/08/2027 | V48: 0.0105 | W48: 0.03792 | X48: החוב לא נחות | Z48: 410657.22 | AA48: 1 | AB48: 116.65 | AD48: 479.032 | AG48: שווי הוגן | AH48: 0.001794 | AI48: 0.0039902305 | AJ48: 0.0011556933
A49: 1035 | B49: 1037 | C49: ויקטורי רשת סופרמרקטים בע"מ | D49: 514068980 | E49: ח.פ. | F49: ויקטורי אגח ב | G49: IL0011614885 | H49: ISIN | I49: לא צמוד למדד המחירים לצרכן | J49: ישראל | K49: ישראל | L49: סחיר | M49: TASE | N49: רשתות שיווק | O49: לא | P49: A2 | Q49: מידרוג Moodys | R49: נייר ערך | S49: ILS | T49: 0.005 | U49: 02/07/2026 | V49: 0.015 | W49: 0.09482 | X49: החוב לא נחות | Z49: 0 | AA49: 1 | AB49: 0 | AC49: 96.571 | AD49: 96.571 | AG49: שווי הוגן | AH49: 0 | AI49: 0.0008044118 | AJ49: 0.00023298237
A50: 1035 | B50: 1037 | C50: אלדן תחבורה בע"מ | D50: 510454333 | E50: ח.פ. | F50: אלדן אגח ו | G50: IL0011616781 | H50: ISIN | I50: לא צמוד למדד המחירים לצרכן | J50: ישראל | K50: ישראל | L50: סחיר | M50: TASE | N50: שרותים | O50: לא | P50: A+ | Q50: S&P מעלות | R50: נייר ערך | S50: ILS | T50: 0.496 | U50: 30/12/2026 | V50: 0.028 | W50: 0.04928 | X50: החוב לא נחות | Z50: 76301.09 | AA50: 1 | AB50: 99.01 | AD50: 75.546 | AG50: שווי הוגן | AH50: 0.000882 | AI50: 0.00062927949 | AJ50: 0.00018225867
A51: 1035 | B51: 1037 | C51: אנרג'יקס אנרגיות מתחדשות בע"מ | D51: 513901371 | E51: ח.פ. | F51: אנרג'יקס אגח א | G51: IL0011617516 | H51: ISIN | I51: לא צמוד למדד המחירים לצרכן | J51: ישראל | K51: ישראל | L51: סחיר | M51: TASE | N51: אנרגיה מתחדשת | O51: לא | P51: A | Q51: S&P מעלות | R51: נייר ערך | S51: ILS | T51: 1.987 | U51: 01/08/2030 | V51: 0.0205 | W51: 0.04089 | X51: החוב לא נחות | Z51: 32333.84 | AA51: 1 | AB51: 96.95 | AD51: 31.348 | AG51: שווי הוגן | AH51: 4.1e-05 | AI51: 0.00026111924 | AJ51: 7.5628154e-05
A52: 1035 | B52: 1037 | C52: אפריקה ישראל מגורים בע"מ | D52: 520034760 | E52: ח.פ. | F52: אפריקה מגורים אגח ה | G52: IL0011628257 | H52: ISIN | I52: לא צמוד למדד המחירים לצרכן | J52: ישראל | K52: ישראל | L52: סחיר | M52: TASE | N52: בנייה | O52: לא | P52: A1 | Q52: מידרוג Moodys | R52: נייר ערך | S52: ILS | T52: 0.739 | U52: 31/03/2027 | V52: 0.024 | W52: 0.0392 | X52: החוב לא נחות | Z52: 432148.5 | AA52: 1 | AB52: 99.53 | AD52: 430.117 | AG52: שווי הוגן | AH52: 0.004034 | AI52: 0.0035827853 | AJ52: 0.0010376847
A53: 1035 | B53: 1037 | C53: מגה אור החזקות בע"מ | D53: 513257873 | E53: ח.פ. | F53: מגה אור אגח ט | G53: IL0011651416 | H53: ISIN | I53: צמוד למדד המחירים לצרכן | J53: ישראל | K53: ישראל | L53: סחיר | M53: TASE | N53: נדל"ן מניב בישראל | O53: לא | P53: AA | Q53: S&P מעלות | R53: נייר ערך | S53: ILS | T53: 2.617 | U53: 28/02/2030 | V53: 0.0084 | W53: 0.02375 | X53: החוב לא נחות | Z53: 309330 | AA53: 1 | AB53: 114.78 | AD53: 355.049 | AG53: שווי הוגן | AH53: 0.000214 | AI53: 0.0029574815 | AJ53: 0.0008565775
A54: 1035 | B54: 1037 | C54: סלע קפיטל נדל"ן בע"מ | D54: 513992529 | E54: ח.פ. | F54: סלע נדלן אגח ד | G54: IL0011671471 | H54: ISIN | I54: צמוד למדד המחירים לצרכן | J54: ישראל | K54: ישראל | L54: סחיר | M54: TASE | N54: נדל"ן מניב בישראל | O54: לא | P54: Aa3 | Q54: מידרוג Moodys | R54: נייר ערך | S54: ILS | T54: 5.003 | U54: 27/03/2033 | V54: 0.0158 | W54: 0.02472 | X54: החוב לא נחות | Z54: 1314082.6 | AA54: 1 | AB54: 114.82 | AD54: 1508.83 | AG54: שווי הוגן | AH54: 0.001192 | AI54: 0.012568226 | AJ54: 0.0036401445
A55: 1035 | B55: 1037 | C55: אנרג'יקס אנרגיות מתחדשות בע"מ | D55: 513901371 | E55: ח.פ. | F55: אנרג'יקס ב 0.25% | G55: IL0011684839 | H55: ISIN | I55: אג"ח להמרה לא צמוד למדד המחירים לצרכן | J55: ישראל | K55: גלובלי | L55: סחיר | M55: TASE | N55: אנרגיה מתחדשת | O55: לא | P55: A | Q55: S&P מעלות | R55: נייר ערך | S55: ILS | T55: 1.080 | U55: 01/08/2027 | V55: 0.00125 | W55: 0.04312 | X55: החוב לא נחות | Z55: 1438614 | AA55: 1 | AB55: 95.9 | AD55: 1379.631 | AG55: שווי הוגן | AH55: 0.002539 | AI55: 0.011492028 | AJ55: 0.0033284443
A56: 1035 | B56: 1037 | C56: אלון רבוע כחול ישראל בעמ | D56: 520042847 | E56: ח.פ. | F56: אלון רבוע כחול אגח ו | G56: IL0011691271 | H56: ISIN | I56: לא צמוד למדד המחירים לצרכן | J56: ישראל | K56: ישראל | L56: סחיר | M56: TASE | N56: השקעה ואחזקות | O56: לא | P56: AA- | Q56: S&P מעלות | R56: נייר ערך | S56: ILS | T56: 0.247 | U56: 30/09/2026 | V56: 0.039 | W56: 0.04372 | X56: החוב לא נחות | Z56: 970578 | AA56: 1 | AB56: 100.88 | AD56: 979.119 | AG56: שווי הוגן | AH56: 0.003369 | AI56: 0.0081558512 | AJ56: 0.002362185
A57: 1035 | B57: 1037 | C57: ZARASAI GROUP LTD | D57: 1744984 | E57: מספר תאגיד או שותפות בחו"ל | F57: דה זראסאי אגח ה | G57: IL0011695561 | H57: ISIN | I57: לא צמוד למדד המחירים לצרכן | J57: ישראל | K57: ארה"ב | L57: סחיר | M57: TASE | N57: נדל"ן מניב בחו"ל | O57: לא | P57: NR | Q57: NR | R57: NR | S57: ILS | T57: NA | U57: 31/12/2026 | V57: 0.0265 | W57: 1e-05 | X57: החוב לא נחות | Z57: 1053548 | AA57: 1 | AB57: 55 | AD57: 579.451 | AG57: שווי הוגן | AH57: 0.003806 | AI57: 0.0048267053 | AJ57: 0.0013979621
A58: 1035 | B58: 1037 | C58: מרכנתיל הנפקות בע"מ | D58: 513686154 | E58: ח.פ. | F58: מרכנתיל 4 | G58: IL0011713059 | H58: ISIN | I58: צמוד למדד המחירים לצרכן | J58: ישראל | K58: ישראל | L58: סחיר | M58: TASE | N58: בנקים | O58: לא | P58: AAA | Q58: S&P מעלות | R58: נייר ערך | S58: ILS | T58: 2.043 | U58: 30/01/2030 | V58: 0.015 | W58: 0.02213 | X58: החוב לא נחות | Z58: 376371.57 | AA58: 1 | AB58: 118.34 | AD58: 445.398 | AG58: שווי הוגן | AH58: 0.00202 | AI58: 0.0037100704 | AJ58: 0.0010745504
A59: 1035 | B59: 1037 | C59: יוניברסל מוטורס ישראל בע"מ | D59: 511809071 | E59: ח.פ. | F59: יוניברסל אגח ד | G59: IL0011722530 | H59: ISIN | I59: לא צמוד למדד המחירים לצרכן | J59: ישראל | K59: ישראל | L59: סחיר | M59: TASE | N59: מסחר | O59: לא | P59: AA- | Q59: S&P מעלות | R59: נייר ערך | S59: ILS | T59: 1.322 | U59: 11/02/2029 | V59: 0.0218 | W59: 0.03981 | X59: החוב לא נחות | Z59: -0.03 | AA59: 1 | AB59: 98.03 | AD59: 0 | AG59: שווי הוגן | AH59: 0 | AI59: -2.4497064e-10 | AJ59: -7.0951022e-11
A60: 1035 | B60: 1037 | C60: אלומיי קפיטל בע"מ | D60: 520039868 | E60: ח.פ. | F60: אלומיי ד | G60: IL0011729568 | H60: ISIN | I60: אג"ח להמרה לא צמוד למדד המחירים לצרכן | J60: ישראל | K60: ישראל | L60: סחיר | M60: TASE | N60: אנרגיה מתחדשת | O60: לא | P60: NR | Q60: NR | R60: NR | S60: ILS | T60: 0.499 | U60: 31/12/2026 | V60: 0.012 | W60: 0.04534 | X60: החוב לא נחות | Z60: 610103 | AA60: 1 | AB60: 98.4 | AD60: 600.341 | AG60: שווי הוגן | AH60: 0.00984 | AI60: 0.0050007142 | AJ60: 0.0014483605
A61: 1035 | B61: 1037 | C61: קרסו מוטורס בע"מ | D61: 514065283 | E61: ח.פ. | F61: קרסו מוטורס אגח ד | G61: IL0011735664 | H61: ISIN | I61: לא צמוד למדד המחירים לצרכן | J61: ישראל | K61: ישראל | L61: סחיר | M61: TASE | N61: מסחר | O61: לא | P61: AA- | Q61: S&P מעלות | R61: נייר ערך | S61: ILS | T61: 1.229 | U61: 01/10/2028 | V61: 0.0215 | W61: 0.04009 | X61: החוב לא נחות | Z61: 121750.78 | AA61: 1 | AB61: 97.82 | AC61: 14.21 | AD61: 133.306 | AG61: שווי הוגן | AH61: 0.000249 | AI61: 0.0011104134 | AJ61: 0.00032160983
A62: 1035 | B62: 1037 | C62: אפי נכסים בע"מ | D62: 510560188 | E62: ח.פ. | F62: אפי נכסים אגח יב | G62: IL0011737645 | H62: ISIN | I62: לא צמוד למדד המחירים לצרכן | J62: ישראל | K62: ישראל | L62: סחיר | M62: TASE | N62: נדל"ן מניב בחו"ל | O62: לא | P62: A+ | Q62: S&P מעלות | R62: נייר ערך | S62: ILS | T62: 1.142 | U62: 15/09/2027 | V62: 0.023 | W62: 0.03884 | X62: החוב לא נחות | Z62: 1167688.6 | AA62: 1 | AB62: 98.94 | AD62: 1155.311 | AG62: שווי הוגן | AH62: 0.00172 | AI62: 0.0096234927 | AJ62: 0.0027872591
A63: 1035 | B63: 1037 | C63: רבוע כחול נדל"ן בע"מ | D63: 513765859 | E63: ח.פ. | F63: ריבוע נדלן אגח ט | G63: IL0011745564 | H63: ISIN | I63: צמוד למדד המחירים לצרכן | J63: ישראל | K63: ישראל | L63: סחיר | M63: TASE | N63: נדל"ן מניב בישראל | O63: לא | P63: AA | Q63: S&P מעלות | R63: נייר ערך | S63: ILS | T63: 4.743 | U63: 01/07/2035 | V63: 0.0115 | W63: 0.02565 | X63: החוב לא נחות | Z63: 455247 | AA63: 1 | AB63: 111.54 | AD63: 507.783 | AG63: שווי הוגן | AH63: 0.000161 | AI63: 0.0042297189 | AJ63: 0.0012250565
A64: 1035 | B64: 1037 | C64: ריט אזורים - ה.פ ליווינג בע"מ | D64: 516117181 | E64: ח.פ. | F64: ריט אזורים אגח א | G64: IL0011757692 | H64: ISIN | I64: צמוד למדד המחירים לצרכן | J64: ישראל | K64: ישראל | L64: סחיר | M64: TASE | N64: נדל"ן מניב בישראל | O64: לא | P64: A- | Q64: S&P מעלות | R64: נייר ערך | S64: ILS | T64: 3.794 | U64: 30/06/2030 | V64: 0.0064 | W64: 0.02719 | X64: החוב לא נחות | Z64: 218851.7 | AA64: 1 | AB64: 109.31 | AD64: 239.227 | AG64: שווי הוגן | AH64: 0.000732 | AI64: 0.0019927077 | AJ64: 0.00057714936
A65: 1035 | B65: 1037 | C65: רכבת ישראל בע"מ | D65: 520043613 | E65: ח.פ. | F65: רכבת ישראל אגח ג | G65: IL0011776254 | H65: ISIN | I65: צמוד למדד המחירים לצרכן | J65: ישראל | K65: ישראל | L65: סחיר | M65: TASE | N65: שרותים | O65: לא | P65: AAA | Q65: S&P מעלות | R65: נייר ערך | S65: ILS | T65: 2.942 | U65: 30/06/2031 | V65: 0.007 | W65: 0.02073 | X65: החוב לא נחות | Z65: 123763.7 | AA65: 1 | AB65: 113.05 | AD65: 139.915 | AG65: שווי הוגן | AH65: 0.002475 | AI65: 0.0011654607 | AJ65: 0.00033755322
A66: 1035 | B66: 1037 | C66: מניבים קרן הריט החדשה בע"מ | D66: 515327120 | E66: ח.פ. | F66: מניבים ריט אגח ג | G66: IL0011776585 | H66: ISIN | I66: צמוד למדד המחירים לצרכן | J66: ישראל | K66: ישראל | L66: סחיר | M66: TASE | N66: נדל"ן מניב בישראל | O66: לא | P66: Aa3 | Q66: מידרוג Moodys | R66: נייר ערך | S66: ILS | T66: 2.948 | U66: 31/12/2029 | V66: 0.0085 | W66: 0.02326 | X66: החוב לא נחות | Z66: 341719.39 | AA66: 1 | AB66: 113.2 | AD66: 386.826 | AG66: שווי הוגן | AH66: 0.000577 | AI66: 0.0032221802 | AJ66: 0.00093324237
A67: 1035 | B67: 1037 | C67: אלביט מערכות בע"מ | D67: 520043027 | E67: ח.פ. | F67: אלביט מערכות אגח ד | G67: IL0011782682 | H67: ISIN | I67: צמוד למט"ח | J67: ישראל | K67: ישראל | L67: סחיר | M67: TASE | N67: ביטחוניות | O67: לא | P67: AAA | Q67: S&P מעלות | R67: נייר ערך | S67: ILS | T67: 4.528 | U67: 30/06/2035 | V67: 0.0267 | W67: 0.04377 | X67: החוב לא נחות | Z67: 68005.45 | AA67: 1 | AB67: 84.46 | AD67: 57.437 | AG67: שווי הוגן | AH67: 0.000433 | AI67: 0.0004784412 | AJ67: 0.00013857127
A68: 1035 | B68: 1037 | C68: קבוצת דוראל משאבי אנרגיה מתחדשת בעמ | D68: 515364891 | E68: ח.פ. | F68: דוראל אגח א | G68: IL0011791345 | H68: ISIN | I68: צמוד למדד המחירים לצרכן | J68: ישראל | K68: ארה"ב | L68: סחיר | M68: TASE | N68: אנרגיה מתחדשת | O68: לא | P68: NR | Q68: NR | R68: NR | S68: ILS | T68: 1.775 | U68: 30/06/2028 | V68: 0.0158 | W68: 0.02957 | X68: החוב לא נחות | Z68: 41666.66 | AA68: 1 | AB68: 114.79 | AD68: 47.829 | AG68: שווי הוגן | AH68: 0.000161 | AI68: 0.0003984066 | AJ68: 0.00011539079
A69: 1035 | B69: 1037 | C69: ע.י נופר אנרגי' בע"מ | D69: 514599943 | E69: ח.פ. | F69: נופר אנרג אגח א | G69: IL0011793408 | H69: ISIN | I69: צמוד למדד המחירים לצרכן | J69: ישראל | K69: ארה"ב | L69: סחיר | M69: TASE | N69: אנרגיה מתחדשת | O69: לא | P69: A3 | Q69: מידרוג Moodys | R69: נייר ערך | S69: ILS | T69: 1.384 | U69: 31/12/2027 | V69: 0.0148 | W69: 0.0275 | X69: החוב לא נחות | Z69: 111509.48 | AA69: 1 | AB69: 115.1 | AD69: 128.347 | AG69: שווי הוגן | AH69: 0.000436 | AI69: 0.0010691063 | AJ69: 0.00030964603
A70: 1035 | B70: 1037 | C70: הבינלאומי הראשון הנפקות בע"מ | D70: 513141879 | E70: ח.פ. | F70: בינל הנפקות אגח יב | G70: IL0011823858 | H70: ISIN | I70: צמוד למדד המחירים לצרכן | J70: ישראל | K70: ישראל | L70: סחיר | M70: TASE | N70: בנקים | O70: לא | P70: AAA | Q70: S&P מעלות | R70: נייר ערך | S70: ILS | T70: 0.927 | U70: 07/12/2027 | V70: 0.001 | W70: 0.02317 | X70: החוב לא נחות | Z70: 8117 | AA70: 1 | AB70: 114.12 | AD70: 9.263 | AG70: שווי הוגן | AH70: 2.6e-05 | AI70: 7.7159798e-05 | AJ70: 2.2347848e-05
A71: 1035 | B71: 1037 | C71: סולאיר אנרגיות מתחדשות בע"מ | D71: 516046307 | E71: ח.פ. | F71: סולאיר אגח א | G71: IL0011837304 | H71: ISIN | I71: צמוד למדד המחירים לצרכן | J71: ישראל | K71: ישראל | L71: סחיר | M71: TASE | N71: אנרגיה מתחדשת | O71: לא | P71: NR | Q71: NR | R71: NR | S71: ILS | T71: 1.152 | U71: 31/12/2027 | V71: 0.023 | W71: 0.03426 | X71: החוב לא נחות | Z71: 780872.4 | AA71: 1 | AB71: 114.74 | AD71: 895.973 | AG71: שווי הוגן | AH71: 0.014397 | AI71: 0.0074632621 | AJ71: 0.00216159
A72: 1035 | B72: 1037 | C72: מגוריט ישראל בעמ | D72: 515434074 | E72: ח.פ. | F72: מגוריט אגח ד | G72: IL0011858342 | H72: ISIN | I72: צמוד למדד המחירים לצרכן | J72: ישראל | K72: ישראל | L72: סחיר | M72: TASE | N72: נדל"ן מניב בישראל | O72: לא | P72: A- | Q72: S&P מעלות | R72: נייר ערך | S72: ILS | T72: 0.744 | U72: 31/03/2027 | V72: 0.003 | W72: 0.03984 | X72: החוב לא נחות | Z72: 274809 | AA72: 1 | AB72: 112.2 | AD72: 308.336 | AG72: שווי הוגן | AH72: 0.00054 | AI72: 0.00256837 | AJ72: 0.00074387884
A73: 1035 | B73: 1037 | C73: פאוורג'ן סולאר איי בע"מ | D73: 512882747 | E73: ח.פ. | F73: פאוורג'ן אגח ב | G73: IL0011862468 | H73: ISIN | I73: צמוד למדד המחירים לצרכן | J73: ישראל | K73: ישראל | L73: סחיר | M73: TASE | N73: אנרגיה מתחדשת | O73: לא | P73: NR | Q73: NR | R73: NR | S73: ILS | T73: 1.099 | U73: 31/12/2027 | V73: 0.0295 | W73: 0.03528 | X73: החוב לא נחות | Z73: 102475.51 | AA73: 1 | AB73: 113.83 | AD73: 116.648 | AG73: שווי הוגן | AH73: 0.000517 | AI73: 0.00097165166 | AJ73: 0.00028142017
... A86: 1035 | B86: 1037 | C86: סיאון אינווסטמנט קורפוריישן | D86: d14242259 | E86: מספר תאגיד או שותפות בחו"ל | F86: סיאון אגח א | G86: IL0011940181 | H86: ISIN | I86: צמוד למט"ח | J86: ישראל | K86: ארה"ב | L86: סחיר | M86: TASE | N86: אשראי חוץ בנקאי | O86: לא | P86: A1 | Q86: מידרוג Moodys | R86: נייר ערך | S86: ILS | T86: 0.164 | U86: 31/08/2026 | V86: 0.072318 | W86: 0.10448 | X86: החוב לא נחות | Z86: 377637 | AA86: 1 | AB86: 81.48 | AD86: 307.699 | AG86: שווי הוגן | AH86: 0.000897 | AI86: 0.0025630633 | AJ86: 0.00074234187
A87: 1035 | B87: 1037 | C87: מליסרון בע"מ | D87: 520037789 | E87: ח.פ. | F87: מליסרון אגח כא | G87: IL0011946386 | H87: ISIN | I87: צמוד למדד המחירים לצרכן | J87: ישראל | K87: ישראל | L87: סחיר | M87: TASE | N87: נדל"ן מניב בישראל | O87: לא | P87: AA | Q87: S&P מעלות | R87: נייר ערך | S87: ILS | T87: 5.010 | U87: 01/01/2037 | V87: 0.0361 | W87: 0.02533 | X87: החוב לא נחות | Z87: 0 | AA87: 1 | AB87: 0 | AC87: 11.612 | AD87: 11.612 | AG87: שווי הוגן | AH87: 0 | AI87: 9.6728708e-05 | AJ87: 2.8015605e-05
A88: 1035 | B88: 1037 | C88: מזרחי טפחות חברה להנפקות בע"מ | D88: 520032046 | E88: ח.פ. | F88: מז טפ הנ אגח 67 | G88: IL0011968075 | H88: ISIN | I88: צמוד למדד המחירים לצרכן | J88: ישראל | K88: ישראל | L88: סחיר | M88: TASE | N88: בנקים | O88: לא | P88: AAA | Q88: S&P מעלות | R88: נייר ערך | S88: ILS | T88: 3.786 | U88: 12/06/2033 | V88: 0.0206 | W88: 0.02212 | X88: החוב לא נחות | Z88: 964365.26 | AA88: 1 | AB88: 107.73 | AD88: 1038.911 | AG88: שווי הוגן | AH88: 0.000689 | AI88: 0.0086539024 | AJ88: 0.002506436
A89: 1035 | B89: 1037 | C89: איסתא בע"מ | D89: 520042763 | E89: ח.פ. | F89: איסתא אגח א להמרה | G89: IL0011971285 | H89: ISIN | I89: אג"ח להמרה לא צמוד למדד המחירים לצרכן | J89: ישראל | K89: ישראל | L89: סחיר | M89: TASE | N89: מלונאות ותיירות | O89: לא | P89: NR | Q89: NR | R89: NR | S89: ILS | T89: 1.932 | U89: 30/06/2028 | V89: 0.0485 | W89: -0.01523 | X89: החוב לא נחות | Z89: 707355 | AA89: 1 | AB89: 113 | AD89: 799.311 | AG89: שווי הוגן | AH89: 0.002358 | AI89: 0.0066580898 | AJ89: 0.0019283873
A90: 1035 | B90: 1037 | C90: אלון רבוע כחול ישראל בעמ | D90: 520042847 | E90: ח.פ. | F90: אלון רבוע כחול אגח ח | G90: IL0011972762 | H90: ISIN | I90: לא צמוד למדד המחירים לצרכן | J90: ישראל | K90: ישראל | L90: סחיר | M90: TASE | N90: השקעה ואחזקות | O90: לא | P90: AA- | Q90: S&P מעלות | R90: נייר ערך | S90: ILS | T90: 2.452 | U90: 30/06/2030 | V90: 0.055 | W90: 0.04125 | X90: החוב לא נחות | Z90: 212254.35 | AA90: 1 | AB90: 103.45 | AD90: 219.577 | AG90: שווי הוגן | AH90: 0.000141 | AI90: 0.0018290302 | AJ90: 0.00052974333
A91: 1035 | B91: 1037 | C91: אלון רבוע כחול ישראל בעמ | D91: 520042847 | E91: ח.פ. | F91: אלון רבוע אגח ט | G91: IL0011972846 | H91: ISIN | I91: צמוד למדד המחירים לצרכן | J91: ישראל | K91: ישראל | L91: סחיר | M91: TASE | N91: השקעה ואחזקות | O91: לא | P91: AA- | Q91: S&P מעלות | R91: נייר ערך | S91: ILS | T91: 2.516 | U91: 30/06/2030 | V91: 0.03 | W91: 0.02531 | X91: החוב לא נחות | Z91: 145055.08 | AA91: 1 | AB91: 109.33 | AD91: 158.589 | AG91: שווי הוגן | AH91: 0.000109 | AI91: 0.0013210099 | AJ91: 0.00038260504
A92: 1035 | B92: 1037 | C92: סופרין אחזקות בע"מ | D92: 515361442 | E92: ח.פ. | F92: סופרין אגח א להמרה | G92: IL0011977480 | H92: ISIN | I92: אג"ח להמרה לא צמוד למדד המחירים לצרכן | J92: ישראל | K92: ישראל | L92: סחיר | M92: TASE | N92: בנייה | O92: לא | P92: NR | Q92: NR | R92: NR | S92: ILS | T92: 1.901 | U92: 01/07/2029 | V92: 0.055 | W92: 0.05751 | X92: החוב לא נחות | Z92: 150840 | AA92: 1 | AB92: 99.7 | AD92: 150.387 | AG92: שווי הוגן | AH92: 0.003729 | AI92: 0.0012526953 | AJ92: 0.00036281905
A93: 1035 | B93: 1037 | C93: קבוצת אורון אחזקות והשקעות בע"מ | D93: 513432765 | E93: ח.פ. | F93: אורון קב אגח ג | G93: IL0011977639 | H93: ISIN | I93: לא צמוד למדד המחירים לצרכן | J93: ישראל | K93: ישראל | L93: סחיר | M93: TASE | N93: בנייה | O93: לא | P93: Baa1 | Q93: מידרוג Moodys | R93: נייר ערך | S93: ILS | T93: 1.944 | U93: 30/06/2029 | V93: 0.08 | W93: 0.05219 | X93: החוב לא נחות | Z93: 72210.52 | AA93: 1 | AB93: 105.5 | AD93: 76.182 | AG93: שווי הוגן | AH93: 0.000261 | AI93: 0.00063458048 | AJ93: 0.000183794
A94: 1035 | B94: 1037 | C94: ג'י סיטי בע"מ | D94: 520033234 | E94: ח.פ. | F94: ג'י סיטי אג יז | G94: IL0011981425 | H94: ISIN | I94: אג"ח להמרה לא צמוד למדד המחירים לצרכן | J94: ישראל | K94: גלובלי | L94: סחיר | M94: TASE | N94: נדל"ן מניב בחו"ל | O94: לא | P94: A- | Q94: S&P מעלות | R94: נייר ערך | S94: ILS | T94: 2.849 | U94: 01/07/2029 | V94: 0.055 | W94: 0.03987 | X94: החוב לא נחות | Z94: 473181.3 | AA94: 1 | AB94: 104.2 | AD94: 493.055 | AG94: שווי הוגן | AH94: 0.000917 | AI94: 0.0041070413 | AJ94: 0.0011895253
A95: 1035 | B95: 1037 | C95: רנט איט-ריט מגורים בע"מ | D95: 516581741 | E95: ח.פ. | F95: רנט איט אגח א | G95: IL0011995466 | H95: ISIN | I95: צמוד למדד המחירים לצרכן | J95: ישראל | K95: ישראל | L95: סחיר | M95: TASE | N95: נדל"ן מניב בישראל | O95: לא | P95: NR | Q95: NR | R95: NR | S95: ILS | T95: 0.984 | U95: 30/06/2027 | V95: 0.042 | W95: 0.03777 | X95: החוב לא נחות | Z95: 160000 | AA95: 1 | AB95: 108.21 | AD95: 173.136 | AG95: שווי הוגן | AH95: 0.0016 | AI95: 0.0014421856 | AJ95: 0.00041770125
A96: 1035 | B96: 1037 | C96: בנק הפועלים בע"מ | D96: 520000118 | E96: ח.פ. | F96: פועלים אגח 202 | G96: IL0011998502 | H96: ISIN | I96: צמוד למדד המחירים לצרכן | J96: ישראל | K96: ישראל | L96: סחיר | M96: TASE | N96: בנקים | O96: לא | P96: AAA | Q96: S&P מעלות | R96: נייר ערך | S96: ILS | T96: 1.320 | U96: 30/04/2028 | V96: 0.006 | W96: 0.02216 | X96: החוב לא נחות | Z96: 18682.59 | AA96: 1 | AB96: 118 | AD96: 22.045 | AG96: שווי הוגן | AH96: 4.2e-05 | AI96: 0.0001836339 | AJ96: 5.318602e-05
A97: 1035 | B97: 1037 | C97: בנק הפועלים בע"מ | D97: 520000118 | E97: ח.פ. | F97: פועלים אגח 203 | G97: IL0011998684 | H97: ISIN | I97: צמוד למדד המחירים לצרכן | J97: ישראל | K97: ישראל | L97: סחיר | M97: TASE | N97: בנקים | O97: לא | P97: AAA | Q97: S&P מעלות | R97: נייר ערך | S97: ILS | T97: 2.347 | U97: 02/12/2030 | V97: 0.0175 | W97: 0.02183 | X97: החוב לא נחות | Z97: 425860.51 | AA97: 1 | AB97: 118.62 | AD97: 505.156 | AG97: שווי הוגן | AH97: 0.000229 | AI97: 0.0042078385 | AJ97: 0.0012187193
A98: 1035 | B98: 1037 | C98: בנק לאומי לישראל בע"מ | D98: 520018078 | E98: ח.פ. | F98: לאומי אגח 185 | G98: IL0012018219 | H98: ISIN | I98: צמוד למדד המחירים לצרכן | J98: ישראל | K98: ישראל | L98: סחיר | M98: TASE | N98: בנקים | O98: לא | P98: AAA | Q98: S&P מעלות | R98: נייר ערך | S98: ILS | T98: 1.624 | U98: 31/08/2029 | V98: 0.0186 | W98: 0.02215 | X98: החוב לא נחות | Z98: 505981.29 | AA98: 1 | AB98: 107.17 | AD98: 542.26 | AG98: שווי הוגן | AH98: 0.000226 | AI98: 0.0045169103 | AJ98: 0.001308236
A99: 1035 | B99: 1037 | C99: בנק לאומי לישראל בע"מ | D99: 520018078 | E99: ח.פ. | F99: לאומי אגח 186 | G99: IL0012018391 | H99: ISIN | I99: צמוד למדד המחירים לצרכן | J99: ישראל | K99: ישראל | L99: סחיר | M99: TASE | N99: בנקים | O99: לא | P99: AAA | Q99: S&P מעלות | R99: נייר ערך | S99: ILS | T99: 3.727 | U99: 30/11/2033 | V99: 0.0202 | W99: 0.02223 | X99: החוב לא נחות | Z99: 608602.5 | AA99: 1 | AB99: 106.52 | AD99: 648.283 | AG99: שווי הוגן | AH99: 0.000121 | AI99: 0.005400061 | AJ99: 0.0015640236
... A128: 1035 | B128: 1037 | C128: מגוריט ישראל בעמ | D128: 515434074 | E128: ח.פ. | F128: מגוריט אגח ז | G128: IL0012166216 | H128: ISIN | I128: צמוד למדד המחירים לצרכן | J128: ישראל | K128: ישראל | L128: סחיר | M128: TASE | N128: נדל"ן מניב בישראל | O128: לא | P128: A- | Q128: S&P מעלות | R128: נייר ערך | S128: ILS | T128: 2.779 | U128: 30/06/2029 | V128: 0.005 | W128: 0.02499 | X128: החוב לא נחות | Z128: 236189 | AA128: 1 | AB128: 98.3 | AD128: 232.174 | AG128: שווי הוגן | AH128: 0.000875 | AI128: 0.0019339577 | AJ128: 0.00056013355
A129: 1035 | B129: 1037 | C129: קבוצת חג'ג' ייזום נדל"ן בע"מ | D129: 520033309 | E129: ח.פ. | F129: חג'ג' אגח טו | G129: IL0012166471 | H129: ISIN | I129: לא צמוד למדד המחירים לצרכן | J129: ישראל | K129: ישראל | L129: סחיר | M129: TASE | N129: בנייה | O129: לא | P129: NR | Q129: NR | R129: NR | S129: ILS | T129: 2.693 | U129: 01/01/2030 | V129: 0.045 | W129: 0.06672 | X129: החוב לא נחות | Z129: 119108 | AA129: 1 | AB129: 94.69 | AC129: 2.68 | AD129: 115.463 | AG129: שווי הוגן | AH129: 0.000239 | AI129: 0.00096178439 | AJ129: 0.0002785623
A130: 1035 | B130: 1037 | C130: נתנאל גרופ בע"מ | D130: 520039074 | E130: ח.פ. | F130: נתנאל גרופ טו | G130: IL0012173634 | H130: ISIN | I130: לא צמוד למדד המחירים לצרכן | J130: ישראל | K130: ישראל | L130: סחיר | M130: TASE | N130: בנייה | O130: לא | P130: NR | Q130: NR | R130: NR | S130: ILS | T130: 2.853 | U130: 31/12/2030 | V130: 0.065 | W130: 0.09123 | X130: החוב לא נחות | Z130: 624890 | AA130: 1 | AB130: 93.49 | AD130: 584.21 | AG130: שווי הוגן | AH130: 0.003205 | AI130: 0.0048663407 | AJ130: 0.0014094418
A131: 1035 | B131: 1037 | C131: אלומיי קפיטל בע"מ | D131: 520039868 | E131: ח.פ. | F131: אלומיי אגח ז | G131: IL0012175381 | H131: ISIN | I131: לא צמוד למדד המחירים לצרכן | J131: ישראל | K131: ישראל | L131: סחיר | M131: TASE | N131: אנרגיה מתחדשת | O131: לא | P131: NR | Q131: NR | R131: NR | S131: ILS | T131: 4.014 | U131: 31/12/2032 | V131: 0.0634 | W131: 0.05747 | X131: החוב לא נחות | Z131: 606513 | AA131: 1 | AB131: 103.64 | AD131: 628.59 | AG131: שווי הוגן | AH131: 0.001761 | AI131: 0.00523602 | AJ131: 0.0015165122
A132: 1035 | B132: 1037 | C132: משק אנרגיה-אנרגיות מתחדשות בע"מ | D132: 516167343 | E132: ח.פ. | F132: משק אנרגיה אגח ב | G132: IL0012176603 | H132: ISIN | I132: צמוד למדד המחירים לצרכן | J132: ישראל | K132: ישראל | L132: סחיר | M132: TASE | N132: אנרגיה | O132: לא | P132: NR | Q132: NR | R132: NR | S132: ILS | T132: 2.815 | U132: 31/12/2030 | V132: 0.0418 | W132: 0.0335 | X132: החוב לא נחות | Z132: 636471 | AA132: 1 | AB132: 106.32 | AD132: 676.696 | AG132: שווי הוגן | AH132: 0.001824 | AI132: 0.0056367317 | AJ132: 0.0016325707
A133: 1035 | B133: 1037 | C133: פריים אנרג'י פי.אי בע"מ | D133: 514902147 | E133: ח.פ. | F133: פריים אנרג'י אגח ג | G133: IL0012179755 | H133: ISIN | I133: לא צמוד למדד המחירים לצרכן | J133: ישראל | K133: ישראל | L133: סחיר | M133: TASE | N133: אנרגיה מתחדשת | O133: לא | P133: NR | Q133: NR | R133: NR | S133: ILS | T133: 2.630 | U133: 31/12/2030 | V133: 0.0735 | W133: 0.06259 | X133: החוב לא נחות | Z133: 122222 | AA133: 1 | AB133: 103.05 | AD133: 125.95 | AG133: שווי הוגן | AH133: 0.000407 | AI133: 0.0010491345 | AJ133: 0.00030386157
A134: 1035 | B134: 1037 | C134: אמ.די.ג'י. ריאל אסטייט גלובל לימיטד | D134: 1840550 | E134: מספר תאגיד או שותפות בחו"ל | F134: אמ.די.ג'י אגח י | G134: IL0012180233 | H134: ISIN | I134: לא צמוד למדד המחירים לצרכן | J134: ישראל | K134: גלובלי | L134: סחיר | M134: TASE | N134: נדל"ן מניב בחו"ל | O134: לא | P134: A3 | Q134: מידרוג Moodys | R134: נייר ערך | S134: ILS | T134: 1.573 | U134: 28/02/2028 | V134: 0.06 | W134: 0.07636 | X134: החוב לא נחות | Z134: 610958 | AA134: 1 | AB134: 99.73 | AD134: 609.308 | AG134: שווי הוגן | AH134: 0.00223 | AI134: 0.0050754079 | AJ134: 0.001469994
A135: 1035 | B135: 1037 | C135: אנלייט אנרגיה מתחדשת בע"מ | D135: 520041146 | E135: ח.פ. | F135: אנלייט אג ח | G135: IL0012181306 | H135: ISIN | I135: אג"ח להמרה לא צמוד למדד המחירים לצרכן | J135: ישראל | K135: ישראל | L135: סחיר | M135: TASE | N135: אנרגיה מתחדשת | O135: לא | P135: A | Q135: S&P מעלות | R135: נייר ערך | S135: ILS | T135: 5.605 | U135: 01/09/2033 | V135: 0.04 | W135: -0.16717 | X135: החוב לא נחות | Z135: 261301 | AA135: 1 | AB135: 332.5 | AD135: 868.826 | AG135: שווי הוגן | AH135: 0.00066 | AI135: 0.007237132 | AJ135: 0.0020960958
A136: 1035 | B136: 1037 | C136: נאייקס בע"מ | D136: 513639013 | E136: ח.פ. | F136: נאייקס אגח א | G136: IL0012189655 | H136: ISIN | I136: לא צמוד למדד המחירים לצרכן | J136: ישראל | K136: ישראל | L136: סחיר | M136: TASE | N136: תוכנה ואינטרנט | O136: לא | P136: NR | Q136: NR | R136: NR | S136: ILS | T136: 3.040 | U136: 30/09/2030 | V136: 0.059 | W136: 0.04621 | X136: החוב לא נחות | Z136: 294891 | AA136: 1 | AB136: 105.54 | AD136: 311.228 | AG136: שווי הוגן | AH136: 0.000294 | AI136: 0.0025924619 | AJ136: 0.00075085661
A137: 1035 | B137: 1037 | C137: אלמוג (כ.ד.א.י.) בע"מ | D137: 511229676 | E137: ח.פ. | F137: אלמוג (כ.ד.א.י) אגח א | G137: IL0012233206 | H137: ISIN | I137: לא צמוד למדד המחירים לצרכן | J137: ישראל | K137: ישראל | L137: סחיר | M137: TASE | N137: בנייה | O137: לא | P137: NR | Q137: NR | R137: NR | S137: ILS | T137: 1.724 | U137: 31/12/2028 | V137: 0.0607 | W137: 0.06159 | X137: החוב לא נחות | Z137: 119351 | AA137: 1 | AB137: 100.02 | AD137: 119.375 | AG137: שווי הוגן | AH137: 0.001326 | AI137: 0.00099436696 | AJ137: 0.00028799922
A138: 1035 | B138: 1037 | C138: בנק הפועלים בע"מ | D138: 520000118 | E138: ח.פ. | F138: פועלים אגח 102 | G138: IL0012234527 | H138: ISIN | I138: לא צמוד למדד המחירים לצרכן | J138: ישראל | K138: ישראל | L138: סחיר | M138: TASE | N138: בנקים | O138: לא | P138: AAA | Q138: S&P מעלות | R138: נייר ערך | S138: ILS | T138: 4.452 | U138: 17/06/2035 | V138: 0.0488 | W138: 0.03887 | X138: החוב לא נחות | Z138: 1321863 | AA138: 1 | AB138: 104.48 | AD138: 1381.082 | AG138: שווי הוגן | AH138: 0.000276 | AI138: 0.01150412 | AJ138: 0.0033319464
A139: 1035 | B139: 1037 | C139: משק אנרגיה-אנרגיות מתחדשות בע"מ | D139: 516167343 | E139: ח.פ. | F139: משק אנרג אגח ג | G139: IL0012237181 | H139: ISIN | I139: צמוד למדד המחירים לצרכן | J139: ישראל | K139: ישראל | L139: סחיר | M139: TASE | N139: אנרגיה | O139: לא | P139: NR | Q139: NR | R139: NR | S139: ILS | T139: 4.816 | U139: 31/12/2032 | V139: 0.0478 | W139: 0.03674 | X139: החוב לא נחות | Z139: 246312 | AA139: 1 | AB139: 107.54 | AD139: 264.884 | AG139: שווי הוגן | AH139: 0.000423 | AI139: 0.0022064261 | AJ139: 0.00063904877
A140: 1035 | B140: 1037 | C140: הפניקס גמא בע"מ | D140: 512711789 | E140: ח.פ. | F140: גמא אגח ד | G140: IL0012238411 | H140: ISIN | I140: לא צמוד למדד המחירים לצרכן | J140: ישראל | K140: ישראל | L140: סחיר | M140: TASE | N140: שרותים פיננסיים | O140: לא | P140: AA | Q140: S&P מעלות | R140: נייר ערך | S140: ILS | T140: 2.352 | U140: 10/01/2030 | V140: 0.0471 | W140: 0.04229 | X140: החוב לא נחות | Z140: 85912 | AA140: 1 | AB140: 103.47 | AD140: 88.893 | AG140: שווי הוגן | AH140: 0.000224 | AI140: 0.00074046077 | AJ140: 0.00021446019
A141: 1035 | B141: 1037 | C141: קבוצת פנינסולה בע"מ | D141: 520033713 | E141: ח.פ. | F141: פנינסולה אגח ד | G141: IL0012239997 | H141: ISIN | I141: לא צמוד למדד המחירים לצרכן | J141: ישראל | K141: ישראל | L141: סחיר | M141: TASE | N141: אשראי חוץ בנקאי | O141: לא | P141: A | Q141: S&P מעלות | R141: נייר ערך | S141: ILS | T141: 1.872 | U141: 31/03/2029 | V141: 0.054 | W141: 0.0443 | X141: החוב לא נחות | Z141: 83333 | AA141: 1 | AB141: 101.95 | AD141: 84.958 | AG141: שווי הוגן | AH141: 0.000417 | AI141: 0.00070768179 | AJ141: 0.00020496639
... A143: 1035 | B143: 1037 | C143: נתנאל מניבים | D143: 516235918 | E143: ח.פ. | F143: נתנאל מניבים אגח א | G143: IL0012247818 | H143: ISIN | I143: צמוד למדד המחירים לצרכן | J143: ישראל | K143: ישראל | L143: סחיר | M143: TASE | N143: נדל"ן מניב בישראל | O143: לא | P143: NR | Q143: NR | R143: NR | S143: ILS | T143: 4.363 | U143: 30/06/2031 | V143: 0.0339 | W143: 0.03281 | X143: החוב לא נחות | Z143: 591642.77 | AA143: 1 | AB143: 102.55 | AD143: 606.73 | AG143: שווי הוגן | AH143: 0.002773 | AI143: 0.0050539274 | AJ143: 0.0014637726
A144: 1035 | B144: 1037 | C144: קסטלן נדל"ן BVI | D144: 2171174 | E144: מספר תאגיד או שותפות בחו"ל | F144: קסטלן אגח ב | G144: IL0012248808 | H144: ISIN | I144: לא צמוד למדד המחירים לצרכן | J144: ישראל | K144: ישראל | L144: סחיר | M144: TASE | N144: אשראי חוץ בנקאי | O144: לא | P144: A1 | Q144: מידרוג Moodys | R144: נייר ערך | S144: ILS | T144: 3.424 | U144: 01/07/2030 | V144: 0.0585 | W144: 0.06237 | X144: החוב לא נחות | Z144: 406538.92 | AA144: 1 | AB144: 99.03 | AC144: 22.62 | AD144: 425.216 | AG144: שווי הוגן | AH144: 0.001042 | AI144: 0.0035419556 | AJ144: 0.0010258591
A145: 1035 | B145: 1037 | C145: מקס איט פיננסים בע"מ לשעבר לאומי קארד | D145: 512905423 | E145: ח.פ. | F145: מקס איט אגח ה | G145: IL0012251430 | H145: ISIN | I145: צמוד למדד המחירים לצרכן | J145: ישראל | K145: ישראל | L145: סחיר | M145: TASE | N145: שרותים פיננסיים | O145: לא | P145: Aa3 | Q145: מידרוג Moodys | R145: נייר ערך | S145: ILS | T145: 3.349 | U145: 30/06/2031 | V145: 0.027 | W145: 0.02479 | X145: החוב לא נחות | Z145: 355443 | AA145: 1 | AB145: 102.75 | AD145: 365.218 | AG145: שווי הוגן | AH145: 0.000474 | AI145: 0.0030421847 | AJ145: 0.00088111013
A146: 1035 | B146: 1037 | C146: קבוצת האחים נאוי בע"מ | D146: 520036070 | E146: ח.פ. | F146: נאוי אגח ז | G146: IL0012256488 | H146: ISIN | I146: לא צמוד למדד המחירים לצרכן | J146: ישראל | K146: ישראל | L146: סחיר | M146: TASE | N146: אשראי חוץ בנקאי | O146: לא | P146: A | Q146: S&P מעלות | R146: נייר ערך | S146: ILS | T146: 2.382 | U146: 30/06/2030 | V146: 0.05 | W146: 0.05207 | X146: החוב לא נחות | Z146: 365271 | AA146: 1 | AB146: 99.68 | AD146: 364.102 | AG146: שווי הוגן | AH146: 0.001018 | AI146: 0.0030328924 | AJ146: 0.0008784188
A147: 1035 | B147: 1037 | C147: אמריקן אקוויטי פרטנרס לימיטד | D147: 2160207 | E147: מספר תאגיד או שותפות בחו"ל | F147: אמריקן אק אגח א | G147: IL0012258872 | H147: ISIN | I147: לא צמוד למדד המחירים לצרכן | J147: ישראל | K147: ישראל | L147: סחיר | M147: TASE | N147: נדל"ן מניב בחו"ל | O147: לא | P147: A3 | Q147: מידרוג Moodys | R147: נייר ערך | S147: ILS | T147: 2.770 | U147: 30/06/2029 | V147: 0.066 | W147: 0.06756 | X147: החוב לא נחות | Z147: 693573 | AA147: 1 | AB147: 99.88 | AD147: 692.741 | AG147: שווי הוגן | AH147: 0.001321 | AI147: 0.005770381 | AJ147: 0.0016712796
A148: 1035 | B148: 1037 | C148: קבוצת אקרו בע"מ | D148: 511996803 | E148: ח.פ. | F148: אקרו אגח ב | G148: IL0012260597 | H148: ISIN | I148: לא צמוד למדד המחירים לצרכן | J148: ישראל | K148: ישראל | L148: סחיר | M148: TASE | N148: בנייה | O148: לא | P148: A3 | Q148: מידרוג Moodys | R148: נייר ערך | S148: ILS | T148: 4.341 | U148: 31/12/2032 | V148: 0.0538 | W148: 0.05214 | X148: החוב לא נחות | Z148: 77548 | AA148: 1 | AB148: 100.98 | AD148: 78.308 | AG148: שווי הוגן | AH148: 0.00031 | AI148: 0.00065228853 | AJ148: 0.0001889228
A149: 1035 | B149: 1037 | C149: מגוריט ישראל בעמ | D149: 515434074 | E149: ח.פ. | F149: מגוריט אגח ח | G149: IL0012270570 | H149: ISIN | I149: צמוד למדד המחירים לצרכן | J149: ישראל | K149: ישראל | L149: סחיר | M149: TASE | N149: נדל"ן מניב בישראל | O149: לא | P149: BBB+ | Q149: S&P מעלות | R149: נייר ערך | S149: ILS | T149: 3.724 | U149: 30/06/2032 | V149: 0.005 | W149: 0.03296 | X149: החוב לא נחות | Z149: 433800 | AA149: 1 | AB149: 91.69 | AD149: 397.751 | AG149: שווי הוגן | AH149: 0.000964 | AI149: 0.003313182 | AJ149: 0.00095959929
A150: 1035 | B150: 1037 | C150: פנטהאוז חברה לבנין והשקעות בע"מ | D150: 511400723 | E150: ח.פ. | F150: פנטהאוז אגח א | G150: IL0012270737 | H150: ISIN | I150: צמוד למדד המחירים לצרכן | J150: ישראל | K150: ישראל | L150: סחיר | M150: TASE | N150: מלונאות ותיירות | O150: לא | P150: NR | Q150: NR | R150: NR | S150: ILS | T150: 4.505 | U150: 30/06/2031 | V150: 0.0342 | W150: 0.03394 | X150: החוב לא נחות | Z150: 211000 | AA150: 1 | AB150: 101.9 | AD150: 215.009 | AG150: שווי הוגן | AH150: 0.001476 | AI150: 0.0017909787 | AJ150: 0.00051872244
A151: 1035 | B151: 1037 | C151: בנק הפועלים בע"מ | D151: 520000118 | E151: ח.פ. | F151: פועלים אגח 204 | G151: IL0012274531 | H151: ISIN | I151: צמוד למדד המחירים לצרכן | J151: ישראל | K151: ישראל | L151: סחיר | M151: TASE | N151: בנקים | O151: לא | P151: AAA | Q151: S&P מעלות | R151: נייר ערך | S151: ILS | T151: 4.271 | U151: 21/08/2035 | V151: 0.0261 | W151: 0.02233 | X151: החוב לא נחות | Z151: 1118486 | AA151: 1 | AB151: 105.16 | AD151: 1176.2 | AG151: שווי הוגן | AH151: 0.000327 | AI151: 0.0097974917 | AJ151: 0.0028376546
A152: 1035 | B152: 1037 | C152: הבינלאומי הראשון הנפקות בע"מ | D152: 513141879 | E152: ח.פ. | F152: בינל הנפקות אגח יג | G152: IL0012284696 | H152: ISIN | I152: צמוד למדד המחירים לצרכן | J152: ישראל | K152: ישראל | L152: סחיר | M152: TASE | N152: בנקים | O152: לא | P152: AAA | Q152: S&P מעלות | R152: נייר ערך | S152: ILS | T152: 2.105 | U152: 04/09/2028 | V152: 0.0252 | W152: 0.02145 | X152: החוב לא נחות | Z152: 565724 | AA152: 1 | AB152: 104.15 | AD152: 589.202 | AG152: שווי הוגן | AH152: 0.000333 | AI152: 0.004907922 | AJ152: 0.001421485
A153: 1035 | B153: 1037 | C153: קבוצת דלק בע"מ | D153: 520044322 | E153: ח.פ. | F153: דלק קבוצה אג"ח מא | G153: IL0012286188 | H153: ISIN | I153: לא צמוד למדד המחירים לצרכן | J153: ישראל | K153: ישראל | L153: סחיר | M153: TASE | N153: חיפושי נפט וגז | O153: לא | P153: A2 | Q153: מידרוג Moodys | R153: נייר ערך | S153: ILS | T153: 5.798 | U153: 31/03/2035 | V153: 0.0568 | W153: 0.04509 | X153: החוב לא נחות | Z153: 271000 | AA153: 1 | AB153: 108.6 | AD153: 294.306 | AG153: שווי הוגן | AH153: 0.000141 | AI153: 0.0024515056 | AJ153: 0.00071003133
A154: 1035 | B154: 1037 | C154: בנק לאומי לישראל בע"מ | D154: 520018078 | E154: ח.פ. | F154: לאומי אגח סד' 187 | G154: IL0012286592 | H154: ISIN | I154: לא צמוד למדד המחירים לצרכן | J154: ישראל | K154: ישראל | L154: סחיר | M154: TASE | N154: בנקים | O154: לא | P154: Aaa | Q154: מידרוג Moodys | R154: נייר ערך | S154: ILS | T154: 5.199 | U154: 01/05/2034 | V154: 0.0459 | W154: 0.0397 | X154: החוב לא נחות | Z154: 2731085 | AA154: 1 | AB154: 103.9 | AD154: 2837.597 | AG154: שווי הוגן | AH154: 0.000384 | AI154: 0.023636575 | AJ154: 0.0068458781
A155: 1035 | B155: 1037 | C155: בנק לאומי לישראל בע"מ | D155: 520018078 | E155: ח.פ. | F155: לאומי אגח סד' 188 | G155: IL0012286675 | H155: ISIN | I155: צמוד למדד המחירים לצרכן | J155: ישראל | K155: ישראל | L155: סחיר | M155: TASE | N155: בנקים | O155: לא | P155: Aaa | Q155: מידרוג Moodys | R155: נייר ערך | S155: ILS | T155: 5.982 | U155: 01/08/2036 | V155: 0.026 | W155: 0.02207 | X155: החוב לא נחות | Z155: 695681 | AA155: 1 | AB155: 105.78 | AD155: 735.891 | AG155: שווי הוגן | AH155: 0.000379 | AI155: 0.0061298166 | AJ155: 0.0017753832
A156: 1035 | B156: 1037 | C156: דורסל החזקות בע"מ | D156: 516597549 | E156: ח.פ. | F156: דורסל החזקות אגח א | G156: IL0012295254 | H156: ISIN | I156: לא צמוד למדד המחירים לצרכן | J156: ישראל | K156: ישראל | L156: סחיר | M156: TASE | N156: נדל"ן מניב בישראל | O156: לא | P156: A | Q156: S&P מעלות | R156: נייר ערך | S156: ILS | T156: 1.459 | U156: 31/12/2028 | V156: 0.03 | W156: 0.04449 | X156: החוב לא נחות | Z156: 310416 | AA156: 1 | AB156: 98.01 | AD156: 304.239 | AG156: שווי הוגן | AH156: 0.003449 | AI156: 0.002534243 | AJ156: 0.00073399464
... A163: 1035 | B163: 1037 | C163: אוריון נכסים מסחריים בע"מ | D163: 517199469 | E163: ח.פ. | F163: אוריון נכס אגחב | G163: IL0012327768 | H163: ISIN | I163: לא צמוד למדד המחירים לצרכן | J163: ישראל | K163: ישראל | L163: סחיר | M163: TASE | N163: מסחר | O163: לא | P163: NR | Q163: NR | R163: NR | S163: ILS | T163: 3.630 | U163: 30/06/2030 | V163: 0.055 | W163: 0.07201 | X163: החוב לא נחות | Z163: 115125 | AA163: 1 | AB163: 94.61 | AD163: 108.92 | AG163: שווי הוגן | AH163: 0.000576 | AI163: 0.00090727817 | AJ163: 0.00026277563
A164: 1035 | B164: 1037 | C164: סימד הולדינגס, לימיטד | D164: 2177857 | E164: מספר תאגיד או שותפות בחו"ל | F164: סימד הולד אגח א | G164: IL0012328758 | H164: ISIN | I164: לא צמוד למדד המחירים לצרכן | J164: ישראל | K164: ישראל | L164: סחיר | M164: TASE | N164: מלונאות ותיירות | O164: לא | P164: R/S | Q164: מידרוג Moodys | R164: נייר ערך | S164: ILS | T164: 2.782 | U164: 30/11/2030 | V164: 0.07 | W164: 0.57097 | X164: החוב לא נחות | Z164: 1182200 | AA164: 1 | AB164: 29 | AC164: 2.448 | AD164: 345.286 | AG164: שווי הוגן | AH164: 0.001907 | AI164: 0.002876158 | AJ164: 0.00083302372
A165: 1035 | B165: 1037 | C165: ישפרו בע"מ | D165: 516291754 | E165: ח.פ. | F165: ישפרו אגח ד | G165: IL0012329749 | H165: ISIN | I165: צמוד למדד המחירים לצרכן | J165: ישראל | K165: ישראל | L165: סחיר | M165: TASE | N165: נדל"ן מניב בישראל | O165: לא | P165: NR | Q165: NR | R165: NR | S165: ILS | T165: 5.011 | U165: 30/09/2032 | V165: 0.0358 | W165: 0.03585 | X165: החוב לא נחות | Z165: 543519 | AA165: 1 | AB165: 101.7 | AD165: 552.759 | AG165: שווי הוגן | AH165: 0.000714 | AI165: 0.004604362 | AJ165: 0.0013335647
A166: 1035 | B166: 1037 | C166: גבאי מניבים ופיתוח בע"מ | D166: 520032178 | E166: ח.פ. | F166: גבאי קב אגח ב 5.43% | G166: IL0012336348 | H166: ISIN | I166: לא צמוד למדד המחירים לצרכן | J166: ישראל | K166: ישראל | L166: סחיר | M166: TASE | N166: נדל"ן מניב בישראל | O166: לא | P166: NR | Q166: NR | R166: NR | S166: ILS | T166: 3.077 | U166: 31/12/2029 | V166: 0.0543 | W166: 0.05161 | X166: החוב לא נחות | Z166: 970026 | AA166: 1 | AB166: 101 | AD166: 979.726 | AG166: שווי הוגן | AH166: 0.002453 | AI166: 0.0081609088 | AJ166: 0.0023636499
A167: 1035 | B167: 1037 | C167: דיסקונט מנפיקים בע"מ | D167: 520029935 | E167: ח.פ. | F167: דיסק מנ אגח יח | G167: IL0012344342 | H167: ISIN | I167: צמוד למדד המחירים לצרכן | J167: ישראל | K167: ישראל | L167: סחיר | M167: TASE | N167: בנקים | O167: לא | P167: AAA | Q167: S&P מעלות | R167: נייר ערך | S167: ILS | T167: 4.704 | U167: 20/01/2036 | V167: 0.0222 | W167: 0.02307 | X167: החוב לא נחות | Z167: 923144 | AA167: 1 | AB167: 101.81 | AD167: 939.853 | AG167: שווי הוגן | AH167: 0.000378 | AI167: 0.0078287723 | AJ167: 0.002267453
...

Sheet מניות מבכ ויהש
A1: מספר קופה/קרן/ח.פ. עבור חברת ביטוח | B1: מספר מסלול | C1: שם מנפיק | D1: מספר מנפיק | E1: סוג מספר מזהה מנפיק | F1: שם נייר ערך | G1: מספר נייר ערך | H1: סוג מספר נייר ערך | I1: מאפיין עיקרי | J1: ישראל/חו"ל | K1: מדינה לפי חשיפה כלכלית | L1: סטאטוס סחירות | M1: זירת מסחר | N1: ענף מסחר | O1: בעל עניין/צד קשור | P1: מטבע פעילות | Q1: ערך נקוב (יחידות) | R1: שער חליפין | S1: שער נייר הערך | T1: סכום לקבל (במטבע הפעילות) | U1: שווי הוגן (באלפי ש"ח) | V1: שיעור מערך נקוב מונפק | W1: שיעור מנכסי אפיק ההשקעה | X1: שיעור מסך נכסי ההשקעה
A2: 1035 | B2: 1036 | C2: מבטח שמיר אחזקות בע"מ | D2: 520034125 | E2: ח.פ. | F2: מבטח שמיר | G2: IL0001270193 | H2: ISIN | I2: מניות | J2: ישראל | K2: ישראל | L2: סחיר | M2: TASE | N2: השקעה ואחזקות | O2: לא | P2: ILS | Q2: 15119 | R2: 1 | S2: 41980 | U2: 6346.956 | V2: 0.001429 | W2: 0.0030904752 | X2: 0.0010118931
A3: 1035 | B3: 1036 | C3: זנלכל בע"מ | D3: 520034208 | E3: ח.פ. | F3: זנלכל | G3: IL0001300131 | H3: ISIN | I3: מניות | J3: ישראל | K3: ישראל | L3: סחיר | M3: TASE | N3: מזון | O3: לא | P3: ILS | Q3: 31735 | R3: 1 | S3: 5253 | U3: 1667.04 | V3: 0.001381 | W3: 0.0008117189 | X3: 0.00026577555
A4: 1035 | B4: 1036 | C4: להב אל.אר רילאסטייט בעמ | D4: 520034257 | E4: ח.פ. | F4: להב | G4: IL0001360101 | H4: ISIN | I4: מניות | J4: ישראל | K4: ישראל | L4: סחיר | M4: TASE | N4: השקעה ואחזקות | O4: לא | P4: ILS | Q4: 444758 | R4: 1 | S4: 1110 | U4: 4936.814 | V4: 0.001517 | W4: 0.0024038452 | X4: 0.00078707455
A5: 1035 | B5: 1036 | C5: תדאה, פיתוח טכנולוגי ואוטומציה בע"מ | D5: 520034364 | E5: ח.פ. | F5: תדאה | G5: IL0001420186 | H5: ISIN | I5: מניות | J5: ישראל | K5: ישראל | L5: סחיר | M5: TASE | N5: השקעה ואחזקות | O5: לא | P5: ILS | Q5: 4038 | R5: 1 | S5: 388.1 | U5: 15.671 | V5: 0.000617 | W5: 7.6307937e-06 | X5: 2.4984984e-06
A6: 1035 | B6: 1036 | C6: קבוצת גולד בונד בע"מ | D6: 520034349 | E6: ח.פ. | F6: גולד | G6: IL0001490130 | H6: ISIN | I6: מניות | J6: ישראל | K6: ישראל | L6: סחיר | M6: TASE | N6: שרותים | O6: לא | P6: ILS | Q6: 806 | R6: 1 | S6: 23420 | U6: 188.765 | V6: 0.000199 | W6: 9.1914004e-05 | X6: 3.0094772e-05
A7: 1035 | B7: 1036 | C7: חירון-מסחר השקעות ומבנה תעשיה בע"מ | D7: 520034216 | E7: ח.פ. | F7: חירון | G7: IL0001500110 | H7: ISIN | I7: מניות | J7: ישראל | K7: ישראל | L7: סחיר | M7: TASE | N7: השקעה ואחזקות | O7: לא | P7: ILS | Q7: 3279 | R7: 1 | S7: 243740 | U7: 7992.235 | V7: 0.00664 | W7: 0.0038915981 | X7: 0.0012741993
A8: 1035 | B8: 1036 | C8: מלם-תים בע"מ | D8: 520034620 | E8: ח.פ. | F8: מלם תים | G8: IL0001560189 | H8: ISIN | I8: מניות | J8: ישראל | K8: ישראל | L8: סחיר | M8: TASE | N8: שרותי מידע | O8: לא | P8: ILS | Q8: 20614 | R8: 1 | S8: 7140 | U8: 1471.84 | V8: 0.000789 | W8: 0.00071667167 | X8: 0.00023465489
A9: 1035 | B9: 1036 | C9: נטו מ.ע. אחזקות בע"מ | D9: 520034109 | E9: ח.פ. | F9: נטו אחזקות | G9: IL0001680136 | H9: ISIN | I9: מניות | J9: ישראל | K9: ישראל | L9: סחיר | M9: TASE | N9: מזון | O9: לא | P9: ILS | Q9: 23377 | R9: 1 | S9: 21250 | U9: 4967.613 | V9: 0.006285 | W9: 0.0024188418 | X9: 0.00079198478
A10: 1035 | B10: 1036 | C10: כלל החזקות עסקי ביטוח בע"מ | D10: 520036120 | E10: ח.פ. | F10: כלל ביטוח | G10: IL0002240146 | H10: ISIN | I10: מניות | J10: ישראל | K10: ישראל | L10: סחיר | M10: TASE | N10: ביטוח | O10: לא | P10: ILS | Q10: 204009 | R10: 1 | S10: 22840 | U10: 46595.656 | V10: 0.002509 | W10: 0.022688468 | X10: 0.0074287296
A11: 1035 | B11: 1036 | C11: מבנה נדל"ן (כ.ד) בע"מ | D11: 520024126 | E11: ח.פ. | F11: מבנה | G11: IL0002260193 | H11: ISIN | I11: מניות | J11: ישראל | K11: ישראל | L11: סחיר | M11: TASE | N11: נדל"ן מניב בישראל | O11: לא | P11: ILS | Q11: 1165247 | R11: 1 | S11: 1300 | U11: 15148.211 | V11: 0.00161 | W11: 0.0073760033 | X11: 0.0024150741
A12: 1035 | B12: 1036 | C12: בזק החברה הישראלית לתקשורת בע"מ | D12: 520031931 | E12: ח.פ. | F12: בזק | G12: IL0002300114 | H12: ISIN | I12: מניות | J12: ישראל | K12: ישראל | L12: סחיר | M12: TASE | N12: תקשורת ומדיה | O12: לא | P12: ILS | Q12: 5030655 | R12: 1 | S12: 702.7 | U12: 35350.413 | V12: 0.001811 | W12: 0.017212908 | X12: 0.0056359043
A13: 1035 | B13: 1036 | C13: ישראמקו נגב 2 שותפות מוגבלת | D13: 550010003 | E13: מספר שותפות | F13: ישראמקו יהש | G13: IL0002320179 | H13: ISIN | I13: מניות | J13: ישראל | K13: ישראל | L13: סחיר | M13: TASE | N13: חיפושי נפט וגז | O13: לא | P13: ILS | Q13: 10117951 | R13: 1 | S13: 187 | U13: 18920.569 | V13: 0.003887 | W13: 0.0092128489 | X13: 0.0030164999
... A22: 1035 | B22: 1036 | C22: חד-אסף תעשיות בע"מ | D22: 520038449 | E22: ח.פ. | F22: חד אסף תעשיות | G22: IL0003510158 | H22: ISIN | I22: מניות | J22: ישראל | K22: ישראל | L22: סחיר | M22: TASE | N22: מתכת ומוצרי בניה | O22: לא | P22: ILS | Q22: 24739 | R22: 1 | S22: 3461 | U22: 856.217 | V22: 0.002013 | W22: 0.00041691114 | X22: 0.00013650635
A23: 1035 | B23: 1036 | C23: טלסיס בע"מ | D23: 520038100 | E23: ח.פ. | F23: טלסיס | G23: IL0003540197 | H23: ISIN | I23: מניות | J23: ישראל | K23: ארה"ב | L23: סחיר | M23: TASE | N23: אלקטרוניקה ואופטיקה | O23: לא | P23: ILS | Q23: 26654 | R23: 1 | S23: 35840 | T23: 105.496 | U23: 9658.289 | V23: 0.002827 | W23: 0.0047028374 | X23: 0.0015398178
A24: 1035 | B24: 1036 | C24: ארי נדל"ן(ארנה) השקעות בע"מ | D24: 520038332 | E24: ח.פ. | F24: ארי נדלן | G24: IL0003660136 | H24: ISIN | I24: מניות | J24: ישראל | K24: ישראל | L24: סחיר | M24: TASE | N24: נדל"ן מניב בישראל | O24: לא | P24: ILS | Q24: 2563876 | R24: 1 | S24: 610 | U24: 15639.644 | V24: 0.006993 | W24: 0.0076152928 | X24: 0.0024934231
A25: 1035 | B25: 1036 | C25: וילי פוד השקעות בע"מ | D25: 520038225 | E25: ח.פ. | F25: ויליפוד | G25: IL0003710139 | H25: ISIN | I25: מניות | J25: ישראל | K25: ישראל | L25: סחיר | M25: TASE | N25: מסחר | O25: לא | P25: ILS | Q25: 55973 | R25: 1 | S25: 5947 | U25: 3328.714 | V25: 0.004206 | W25: 0.0016208256 | X25: 0.00053069579
A26: 1035 | B26: 1036 | C26: א.מ.ת. מיחשוב בע"מ | D26: 520038514 | E26: ח.פ. | F26: אמת | G26: IL0003820102 | H26: ISIN | I26: מניות | J26: ישראל | K26: ישראל | L26: סחיר | M26: TASE | N26: שרותי מידע | O26: לא | P26: ILS | Q26: 37210 | R26: 1 | S26: 535 | U26: 199.073 | V26: 0.000711 | W26: 9.6933347e-05 | X26: 3.1738221e-05
A27: 1035 | B27: 1036 | C27: אלוני-חץ נכסים והשקעות בע"מ | D27: 520038506 | E27: ח.פ. | F27: אלוני חץ | G27: IL0003900136 | H27: ISIN | I27: מניות | J27: ישראל | K27: ישראל | L27: סחיר | M27: TASE | N27: נדל"ן מניב בישראל | O27: לא | P27: ILS | Q27: 516779 | R27: 1 | S27: 3316 | U27: 17136.392 | V27: 0.002283 | W27: 0.008344093 | X27: 0.0027320491
A28: 1035 | B28: 1036 | C28: ראלקו סוכנויות בע"מ | D28: 520038183 | E28: ח.פ. | F28: ראלקו | G28: IL0003930174 | H28: ISIN | I28: מניות | J28: ישראל | K28: ישראל | L28: סחיר | M28: TASE | N28: מסחר | O28: לא | P28: ILS | Q28: 27732 | R28: 1 | S28: 4449 | U28: 1233.797 | V28: 0.006577 | W28: 0.00060076324 | X28: 0.00019670379
A29: 1035 | B29: 1036 | C29: רציו חיפושי נפט (1992) - שותפות מוגבלת | D29: 550012777 | E29: מספר שותפות | F29: רציו יהש | G29: IL0003940157 | H29: ISIN | I29: מניות | J29: ישראל | K29: ישראל | L29: סחיר | M29: TASE | N29: חיפושי נפט וגז | O29: לא | P29: ILS | Q29: 553691 | R29: 1 | S29: 430 | U29: 2380.871 | V29: 0.000493 | W29: 0.0011592996 | X29: 0.0003795815
A30: 1035 | B30: 1036 | C30: אחים דוניץ בע"מ | D30: 520038605 | E30: ח.פ. | F30: דוניץ | G30: IL0004000100 | H30: ISIN | I30: מניות | J30: ישראל | K30: ישראל | L30: סחיר | M30: TASE | N30: בנייה | O30: לא | P30: ILS | Q30: 36895 | R30: 1 | S30: 24750 | U30: 9131.513 | V30: 0.004088 | W30: 0.004446338 | X30: 0.0014558339
A31: 1035 | B31: 1036 | C31: וילאר אינטרנשיונל בע"מ | D31: 520038910 | E31: ח.פ. | F31: וילאר | G31: IL0004160169 | H31: ISIN | I31: מניות | J31: ישראל | K31: ישראל | L31: סחיר | M31: TASE | N31: נדל"ן מניב בישראל | O31: לא | P31: ILS | Q31: 30426 | R31: 1 | S31: 17810 | U31: 5418.871 | V31: 0.00171 | W31: 0.0026385695 | X31: 0.0008639287
A32: 1035 | B32: 1036 | C32: נתנאל גרופ בע"מ | D32: 520039074 | E32: ח.פ. | F32: נתנאל גרופ | G32: IL0004210162 | H32: ISIN | I32: מניות | J32: ישראל | K32: ישראל | L32: סחיר | M32: TASE | N32: בנייה | O32: לא | P32: ILS | Q32: 61833 | R32: 1 | S32: 930.4 | U32: 575.294 | V32: 0.001979 | W32: 0.00028012365 | X32: 9.1718964e-05
A33: 1035 | B33: 1036 | C33: צבי צרפתי השקעות ובנין (1992) בע"מ | D33: 520039090 | E33: ח.פ. | F33: צרפתי | G33: IL0004250176 | H33: ISIN | I33: מניות | J33: ישראל | K33: ישראל | L33: סחיר | M33: TASE | N33: בנייה | O33: לא | P33: ILS | Q33: 45535 | R33: 1 | S33: 3487 | U33: 1587.805 | V33: 0.002235 | W33: 0.00077313804 | X33: 0.00025314328
A34: 1035 | B34: 1036 | C34: איי.אי.אס החזקות בע"מ | D34: 520039132 | E34: ח.פ. | F34: אייאיאס תעש | G34: IL0004310152 | H34: ISIN | I34: מניות | J34: ישראל | K34: ישראל | L34: סחיר | M34: TASE | N34: נדל"ן מניב בישראל | O34: לא | P34: ILS | Q34: 17302 | R34: 1 | S34: 70400 | U34: 12180.608 | V34: 0.001679 | W34: 0.0059310109 | X34: 0.0019419502
A35: 1035 | B35: 1036 | C35: סי אי סיסטמס (ישראל) בע"מ | D35: 520039280 | E35: ח.פ. | F35: סיאי | G35: IL0004420126 | H35: ISIN | I35: מניות | J35: ישראל | K35: ישראל | L35: סחיר | M35: TASE | N35: אלקטרוניקה ואופטיקה | O35: לא | P35: ILS | Q35: 55141 | R35: 1 | S35: 2021 | U35: 1114.4 | V35: 0.004833 | W35: 0.00054262613 | X35: 0.00017766835
A36: 1035 | B36: 1036 | C36: מרדכי אביב תעשיות בניה (1973) בע"מ | D36: 520039264 | E36: ח.פ. | F36: אביב בניה | G36: IL0004440181 | H36: ISIN | I36: מניות | J36: ישראל | K36: ישראל | L36: סחיר | M36: TASE | N36: בנייה | O36: לא | P36: ILS | Q36: 13684 | R36: 1 | S36: 2146 | U36: 293.659 | V36: 0.000995 | W36: 0.00014298897 | X36: 4.6817897e-05
A37: 1035 | B37: 1036 | C37: מטריקס אי.טי בע"מ | D37: 520039413 | E37: ח.פ. | F37: מטריקס | G37: IL0004450156 | H37: ISIN | I37: מניות | J37: ישראל | K37: ישראל | L37: סחיר | M37: TASE | N37: שרותי מידע | O37: לא | P37: ILS | Q37: 57926.33 | R37: 1 | S37: 7558 | T37: 56.189 | U37: 4434.261 | V37: 0.000622 | W37: 0.0021591408 | X37: 0.00070695266
A38: 1035 | B38: 1036 | C38: קבוצת גאון בע"מ | D38: 520025016 | E38: ח.פ. | F38: קבוצת גאון בע"מ | G38: IL0004540170 | H38: ISIN | I38: מניות | J38: ישראל | K38: ישראל | L38: סחיר | M38: TASE | N38: מתכת ומוצרי בניה | O38: לא | P38: ILS | Q38: 250602 | R38: 1 | S38: 2072 | U38: 5192.473 | V38: 0.005355 | W38: 0.0025283316 | X38: 0.00082783428
A39: 1035 | B39: 1036 | C39: ניו-מד אנרג'י- שותפות מוגבלת | D39: 550013098 | E39: מספר שותפות | F39: ניו-מד אנרג'י יהש | G39: IL0004750209 | H39: ISIN | I39: מניות | J39: ישראל | K39: ישראל | L39: סחיר | M39: TASE | N39: חיפושי נפט וגז | O39: לא | P39: ILS | Q39: 379893.92 | R39: 1 | S39: 1560 | U39: 5926.345 | V39: 0.000324 | W39: 0.0028856702 | X39: 0.0009448352
A40: 1035 | B40: 1036 | C40: קבוצת מיחשוב ישיר בע"מ | D40: 520040007 | E40: ח.פ. | F40: מחשוב ישיר קבוצה | G40: IL0005070128 | H40: ISIN | I40: מניות | J40: ישראל | K40: ישראל | L40: סחיר | M40: TASE | N40: שרותי מידע | O40: לא | P40: ILS | Q40: 31915 | R40: 1 | S40: 29740 | U40: 9491.521 | V40: 0.006875 | W40: 0.0046216342 | X40: 0.00151323
A41: 1035 | B41: 1036 | C41: כפרית תעשיות (1993) בע"מ | D41: 520038787 | E41: ח.פ. | F41: כפרית | G41: IL0005220111 | H41: ISIN | I41: מניות | J41: ישראל | K41: ישראל | L41: סחיר | M41: TASE | N41: כימיה, גומי ופלסטיק | O41: לא | P41: ILS | Q41: 118916 | R41: 1 | S41: 2121 | U41: 2522.208 | V41: 0.004931 | W41: 0.0012281198 | X41: 0.00040211482
A42: 1035 | B42: 1036 | C42: רבד בע"מ | D42: 520040148 | E42: ח.פ. | F42: רבד | G42: IL0005260125 | H42: ISIN | I42: מניות | J42: ישראל | K42: ישראל | L42: סחיר | M42: TASE | N42: נדל"ן מניב בישראל | O42: לא | P42: ILS | Q42: 172828 | R42: 1 | S42: 689.6 | U42: 1191.822 | V42: 0.006466 | W42: 0.00058032478 | X42: 0.00019001176
A43: 1035 | B43: 1036 | C43: גן שמואל מזון בע"מ | D43: 520039934 | E43: ח.פ. | F43: גן שמואל | G43: IL0005320101 | H43: ISIN | I43: מניות | J43: ישראל | K43: ישראל | L43: סחיר | M43: TASE | N43: מזון | O43: לא | P43: ILS | Q43: 61694 | R43: 1 | S43: 2200 | U43: 1357.268 | V43: 0.003894 | W43: 0.00066088419 | X43: 0.00021638878
A44: 1035 | B44: 1036 | C44: מנורה מבטחים החזקות בע"מ | D44: 520007469 | E44: ח.פ. | F44: מנורה מבטחים החזקות | G44: IL0005660183 | H44: ISIN | I44: מניות | J44: ישראל | K44: ישראל | L44: סחיר | M44: TASE | N44: ביטוח | O44: לא | P44: ILS | Q44: 34131 | R44: 1 | S44: 44680 | U44: 15249.731 | V44: 0.000539 | W44: 0.0074254355 | X44: 0.0024312594
A45: 1035 | B45: 1036 | C45: משולם לוינשטין הנדסה וקבלנות בע"מ | D45: 520033424 | E45: ח.פ. | F45: לוינשטין | G45: IL0005730143 | H45: ISIN | I45: מניות | J45: ישראל | K45: ישראל | L45: סחיר | M45: TASE | N45: בנייה | O45: לא | P45: ILS | Q45: 22489 | R45: 1 | S45: 44450 | U45: 9996.361 | V45: 0.002934 | W45: 0.0048674519 | X45: 0.0015937164
A46: 1035 | B46: 1036 | C46: החברה לישראל בע"מ | D46: 520028010 | E46: ח.פ. | F46: חברה לישראל | G46: IL0005760173 | H46: ISIN | I46: מניות | J46: ישראל | K46: ישראל | L46: סחיר | M46: TASE | N46: כימיה, גומי ופלסטיק | O46: לא | P46: ILS | Q46: 27790 | R46: 1 | S46: 76090 | U46: 21145.411 | V46: 0.003607 | W46: 0.010296174 | X46: 0.0033712057
A47: 1035 | B47: 1036 | C47: הראל השקעות בביטוח ושרותים פיננסים בע"מ | D47: 520033986 | E47: ח.פ. | F47: הראל השקעות | G47: IL0005850180 | H47: ISIN | I47: מניות | J47: ישראל | K47: ישראל | L47: סחיר | M47: TASE | N47: ביטוח | O47: לא | P47: ILS | Q47: 66935 | R47: 1 | S47: 15660 | T47: 162.652 | U47: 10644.673 | V47: 0.000295 | W47: 0.0051831298 | X47: 0.0016970766
A48: 1035 | B48: 1036 | C48: הבנק הבינלאומי הראשון לישראל בע"מ | D48: 520029083 | E48: ח.פ. | F48: בינלאומי 5 | G48: IL0005930388 | H48: ISIN | I48: מניות | J48: ישראל | K48: ישראל | L48: סחיר | M48: TASE | N48: בנקים | O48: לא | P48: ILS | Q48: 7344 | R48: 1 | S48: 21090 | U48: 1548.85 | V48: 7.3e-05 | W48: 0.00075416957 | X48: 0.00024693257
A49: 1035 | B49: 1036 | C49: בנק לאומי לישראל בע"מ | D49: 520018078 | E49: ח.פ. | F49: לאומי | G49: IL0006046119 | H49: ISIN | I49: מניות | J49: ישראל | K49: ישראל | L49: סחיר | M49: TASE | N49: בנקים | O49: לא | P49: ILS | Q49: 1695101 | R49: 1 | S49: 6653 | U49: 112775.07 | V49: 0.001049 | W49: 0.054912708 | X49: 0.017979691
A50: 1035 | B50: 1036 | C50: קרור אחזקות בע"מ | D50: 520001546 | E50: ח.פ. | F50: קרור 1 | G50: IL0006210111 | H50: ISIN | I50: מניות | J50: ישראל | K50: ישראל | L50: סחיר | M50: TASE | N50: מזון | O50: לא | P50: ILS | Q50: 15575 | R50: 1 | S50: 8499 | U50: 1323.719 | V50: 0.001238 | W50: 0.00064454856 | X50: 0.00021104011
A51: 1035 | B51: 1036 | C51: טבע תעשיות פרמצבטיות בע"מ | D51: 520013954 | E51: ח.פ. | F51: טבע | G51: IL0006290147 | H51: ISIN | I51: מניות | J51: ישראל | K51: ארה"ב | L51: סחיר | M51: TASE | N51: פארמה | O51: לא | P51: ILS | Q51: 304818 | R51: 1 | S51: 9837 | U51: 29984.947 | V51: 0.00024 | W51: 0.014600342 | X51: 0.0047804899
A52: 1035 | B52: 1036 | C52: לפידות קפיטל בעמ | D52: 520022971 | E52: ח.פ. | F52: לפידות קפיטל | G52: IL0006420173 | H52: ISIN | I52: מניות | J52: ישראל | K52: ישראל | L52: סחיר | M52: TASE | N52: השקעה ואחזקות | O52: לא | P52: ILS | Q52: 261897 | R52: 1 | S52: 7550 | U52: 19773.224 | V52: 0.004073 | W52: 0.0096280255 | X52: 0.0031524383
A53: 1035 | B53: 1036 | C53: פלרם (1990) תעשיות בע"מ | D53: 520039843 | E53: ח.פ. | F53: פלרם | G53: IL0006440130 | H53: ISIN | I53: מניות | J53: ישראל | K53: ישראל | L53: סחיר | M53: TASE | N53: כימיה, גומי ופלסטיק | O53: לא | P53: ILS | Q53: 6418 | R53: 1 | S53: 4278 | U53: 274.562 | V53: 0.000249 | W53: 0.00013369041 | X53: 4.3773333e-05
A54: 1035 | B54: 1036 | C54: ניסן תעשיות רפואיות בע"מ | D54: 520040940 | E54: ח.פ. | F54: ניסן | G54: IL0006600196 | H54: ISIN | I54: מניות | J54: ישראל | K54: ישראל | L54: סחיר | M54: TASE | N54: עץ, נייר ודפוס | O54: לא | P54: ILS | Q54: 90288 | R54: 1 | S54: 770.3 | U54: 695.488 | V54: 0.009657 | W54: 0.00033864891 | X54: 0.00011088149
A55: 1035 | B55: 1036 | C55: בנק הפועלים בע"מ | D55: 520000118 | E55: ח.פ. | F55: פועלים | G55: IL0006625771 | H55: ISIN | I55: מניות | J55: ישראל | K55: ישראל | L55: סחיר | M55: TASE | N55: בנקים | O55: לא | P55: ILS | Q55: 1534135 | R55: 1 | S55: 6859 | U55: 105226.32 | V55: 0.001147 | W55: 0.051237052 | X55: 0.016776196
A56: 1035 | B56: 1036 | C56: מהדרין בע"מ | D56: 520018482 | E56: ח.פ. | F56: מהדרין | G56: IL0006860147 | H56: ISIN | I56: מניות | J56: ישראל | K56: ישראל | L56: סחיר | M56: TASE | N56: מזון | O56: לא | P56: ILS | Q56: 1163 | R56: 1 | S56: 30120 | U56: 350.296 | V56: 0.000338 | W56: 0.00017056677 | X56: 5.5847509e-05
A57: 1035 | B57: 1036 | C57: בנק דיסקונט לישראל בע"מ | D57: 520007030 | E57: ח.פ. | F57: דיסקונט | G57: IL0006912120 | H57: ISIN | I57: מניות | J57: ישראל | K57: ישראל | L57: סחיר | M57: TASE | N57: בנקים | O57: לא | P57: ILS | Q57: 1016771 | R57: 1 | S57: 2950 | U57: 29994.745 | V57: 0.000821 | W57: 0.014605113 | X57: 0.0047820519
A58: 1035 | B58: 1036 | C58: אלקו בע"מ | D58: 520025370 | E58: ח.פ. | F58: אלקו החזקות | G58: IL0006940345 | H58: ISIN | I58: מניות | J58: ישראל | K58: ישראל | L58: סחיר | M58: TASE | N58: השקעה ואחזקות | O58: לא | P58: ILS | Q58: 193014 | R58: 1 | S58: 14680 | U58: 28334.455 | V58: 0.005572 | W58: 0.013796681 | X58: 0.0045173526
A59: 1035 | B59: 1036 | C59: בנק מזרחי טפחות בע"מ | D59: 520000522 | E59: ח.פ. | F59: מזרחי טפחות | G59: IL0006954379 | H59: ISIN | I59: מניות | J59: ישראל | K59: ישראל | L59: סחיר | M59: TASE | N59: בנקים | O59: לא | P59: ILS | Q59: 91032 | R59: 1 | S59: 19700 | U59: 17933.304 | V59: 0.00035 | W59: 0.0087321274 | X59: 0.0028591006
... A76: 1035 | B76: 1036 | C76: אילקס מדיקל בע"מ | D76: 520042219 | E76: ח.פ. | F76: אילקס מדיקל | G76: IL0010807530 | H76: ISIN | I76: מניות | J76: ישראל | K76: ישראל | L76: סחיר | M76: TASE | N76: מסחר | O76: לא | P76: ILS | Q76: 19577 | R76: 1 | S76: 4895 | U76: 958.294 | V76: 0.001735 | W76: 0.00046661489 | X76: 0.00015278051
A77: 1035 | B77: 1036 | C77: שניב תעשיות נייר בע"מ | D77: 520041732 | E77: ח.פ. | F77: שניב | G77: IL0010808371 | H77: ISIN | I77: מניות | J77: ישראל | K77: ישראל | L77: סחיר | M77: TASE | N77: עץ, נייר ודפוס | O77: לא | P77: ILS | Q77: 246445 | R77: 1 | S77: 1006 | T77: 9.952 | U77: 2489.189 | V77: 0.003835 | W77: 0.0012120418 | X77: 0.00039685054
A78: 1035 | B78: 1036 | C78: ישרוטל בע"מ | D78: 520042482 | E78: ח.פ. | F78: ישרוטל | G78: IL0010809858 | H78: ISIN | I78: מניות | J78: ישראל | K78: ישראל | L78: סחיר | M78: TASE | N78: מלונאות ותיירות | O78: לא | P78: ILS | Q78: 22979 | R78: 1 | S78: 13750 | U78: 3159.613 | V78: 0.000383 | W78: 0.0015384861 | X78: 0.00050373595
A79: 1035 | B79: 1036 | C79: רקח תעשיה פרמצבטית בע"מ | D79: 520042003 | E79: ח.פ. | F79: רקח | G79: IL0010810096 | H79: ISIN | I79: מניות | J79: ישראל | K79: ישראל | L79: סחיר | M79: TASE | N79: פארמה | O79: לא | P79: ILS | Q79: 18102 | R79: 1 | S79: 1066 | U79: 192.967 | V79: 0.001571 | W79: 9.3960111e-05 | X79: 3.0764714e-05
A80: 1035 | B80: 1036 | C80: אלביט מערכות בע"מ | D80: 520043027 | E80: ח.פ. | F80: אלביט מערכות | G80: IL0010811243 | H80: ISIN | I80: מניות | J80: ישראל | K80: ישראל | L80: סחיר | M80: TASE | N80: ביטחוניות | O80: לא | P80: ILS | Q80: 19746 | R80: 1 | S80: 226000 | T80: 59.06 | U80: 44685.02 | V80: 0.000421 | W80: 0.021758137 | X80: 0.0071241176
A81: 1035 | B81: 1036 | C81: מגדל אחזקות ביטוח ופיננסים בע"מ | D81: 520029984 | E81: ח.פ. | F81: מגדל ביטוח | G81: IL0010811656 | H81: ISIN | I81: מניות | J81: ישראל | K81: ישראל | L81: סחיר | M81: TASE | N81: ביטוח | O81: לא | P81: ILS | Q81: 4702410 | R81: 1 | S81: 1656 | U81: 77871.91 | V81: 0.004445 | W81: 0.037917577 | X81: 0.012415092
A82: 1035 | B82: 1036 | C82: סאמיט אחזקות נדל"ן בע"מ | D82: 520043720 | E82: ח.פ. | F82: סאמיט | G82: IL0010816861 | H82: ISIN | I82: מניות | J82: ישראל | K82: גלובלי | L82: סחיר | M82: TASE | N82: נדל"ן מניב בחו"ל | O82: לא | P82: ILS | Q82: 118070 | R82: 1 | S82: 4750 | U82: 5608.325 | V82: 0.001596 | W82: 0.0027308191 | X82: 0.00089413335
A83: 1035 | B83: 1036 | C83: מיטב דש השקעות בע"מ | D83: 520043795 | E83: ח.פ. | F83: מיטב דש | G83: IL0010818438 | H83: ISIN | I83: מניות | J83: ישראל | K83: ישראל | L83: סחיר | M83: TASE | N83: שרותים פיננסיים | O83: לא | P83: ILS | Q83: 48226 | R83: 1 | S83: 12930 | U83: 6235.622 | V83: 0.000552 | W83: 0.0030362639 | X83: 0.00099414307
A84: 1035 | B84: 1036 | C84: סאני תקשורת סלולרית בע"מ | D84: 520031808 | E84: ח.פ. | F84: סאני תקשורת | G84: IL0010823537 | H84: ISIN | I84: מניות | J84: ישראל | K84: ישראל | L84: סחיר | M84: TASE | N84: מסחר | O84: לא | P84: ILS | Q84: 1471249 | R84: 1 | S84: 135.4 | U84: 1992.071 | V84: 0.006701 | W84: 0.00096998407 | X84: 0.00031759523
A85: 1035 | B85: 1036 | C85: טאואר סמיקונדקטור בע"מ | D85: 520041997 | E85: ח.פ. | F85: טאואר | G85: IL0010823792 | H85: ISIN | I85: מניות | J85: ישראל | K85: גלובלי | L85: סחיר | M85: TASE | N85: מוליכים למחצה | O85: לא | P85: ILS | Q85: 101139 | R85: 1 | S85: 76440 | U85: 77310.652 | V85: 0.000896 | W85: 0.037644288 | X85: 0.012325611
A86: 1035 | B86: 1036 | C86: גילת רשתות לווין בע"מ | D86: 520038936 | E86: ח.פ. | F86: גילת | G86: IL0010825102 | H86: ISIN | I86: מניות | J86: ישראל | K86: ארה"ב | L86: סחיר | M86: TASE | N86: ציוד תקשורת | O86: לא | P86: ILS | Q86: 362872 | R86: 1 | S86: 3949 | U86: 14329.815 | V86: 0.004797 | W86: 0.0069775081 | X86: 0.0022845976
A87: 1035 | B87: 1036 | C87: תפרון בע"מ | D87: 520043407 | E87: ח.פ. | F87: תפרון | G87: IL0010825854 | H87: ISIN | I87: מניות | J87: ישראל | K87: ישראל | L87: סחיר | M87: TASE | N87: אופנה והלבשה | O87: לא | P87: ILS | Q87: 38304 | R87: 1 | S87: 1321 | U87: 505.996 | V87: 0.002979 | W87: 0.00024638071 | X87: 8.0670745e-05
A88: 1035 | B88: 1036 | C88: אלומיי קפיטל בע"מ | D88: 520039868 | E88: ח.פ. | F88: אלומיי קפיטל | G88: IL0010826357 | H88: ISIN | I88: מניות | J88: ישראל | K88: ישראל | L88: סחיר | M88: TASE | N88: אנרגיה מתחדשת | O88: לא | P88: ILS | Q88: 64742 | R88: 1 | S88: 5646 | U88: 3655.333 | V88: 0.004611 | W88: 0.0017798637 | X88: 0.00058276855
A89: 1035 | B89: 1036 | C89: ג.ויליפוד אינטרנשיונל בע"מ (דואלי) | D89: 520043209 | E89: ח.פ. | F89: ויליפוד אינטרנשיונל | G89: IL0010828585 | H89: ISIN | I89: מניות | J89: ישראל | K89: ישראל | L89: סחיר | M89: TASE | N89: מסחר | O89: לא | P89: ILS | Q89: 40947 | R89: 1 | S89: 9912 | U89: 4058.667 | V89: 0.002939 | W89: 0.0019762557 | X89: 0.00064707185
A90: 1035 | B90: 1036 | C90: אודיוקודס בע"מ | D90: 520044132 | E90: ח.פ. | F90: אודיוקודס | G90: IL0010829658 | H90: ISIN | I90: מניות | J90: ישראל | K90: גלובלי | L90: סחיר | M90: TASE | N90: ציוד תקשורת | O90: לא | P90: ILS | Q90: 26162 | R90: 1 | S90: 2867 | U90: 750.065 | V90: 0.000398 | W90: 0.00036522323 | X90: 0.00011958254
A91: 1035 | B91: 1036 | C91: חברת פרטנר תקשורת בע"מ | D91: 520044314 | E91: ח.פ. | F91: פרטנר | G91: IL0010834849 | H91: ISIN | I91: מניות | J91: ישראל | K91: ישראל | L91: סחיר | M91: TASE | N91: תקשורת ומדיה | O91: לא | P91: ILS | Q91: 247874 | R91: 1 | S91: 3636 | U91: 9012.699 | V91: 0.001288 | W91: 0.0043884849 | X91: 0.0014368915
A92: 1035 | B92: 1036 | C92: קווליטאו בע"מ | D92: 511896540 | E92: ח.פ. | F92: קווליטאו | G92: IL0010839558 | H92: ISIN | I92: מניות | J92: ישראל | K92: ארה"ב | L92: סחיר | M92: TASE | N92: מוליכים למחצה | O92: לא | P92: ILS | Q92: 92203 | R92: 1 | S92: 46720 | U92: 43077.242 | V92: 0.018618 | W92: 0.020975274 | X92: 0.00686779
... A152: 1035 | B152: 1036 | C152: כרמל קורפ בע"מ | D152: 515818524 | E152: ח.פ. | F152: כרמל קורפ | G152: IL0011476855 | H152: ISIN | I152: מניות | J152: ישראל | K152: ישראל | L152: סחיר | M152: TASE | N152: מזון | O152: לא | P152: ILS | Q152: 31924 | R152: 1 | S152: 1548 | U152: 494.184 | V152: 0.001594 | W152: 0.00024062903 | X152: 7.8787511e-05
A153: 1035 | B153: 1036 | C153: Energean plc | D153: 549300RVMKU0CYUZBB05 | E153: LEI | F153: אנרג'יאן | G153: GB00BG12Y042 | H153: ISIN | I153: מניות | J153: ישראל | K153: בריטניה | L153: סחיר | M153: TASE | N153: חיפושי נפט וגז | O153: לא | P153: ILS | Q153: 127446 | R153: 1 | S153: 2679 | T153: 44.581 | U153: 3458.859 | V153: 0.000692 | W153: 0.0016841959 | X153: 0.00055144472
A154: 1035 | B154: 1036 | C154: ג'נריישן ניהול בע"מ | D154: 515785012 | E154: ח.פ. | F154: ג'נריישן קפיטל | G154: IL0011569261 | H154: ISIN | I154: מניות | J154: ישראל | K154: ישראל | L154: סחיר | M154: TASE | N154: השקעה ואחזקות | O154: לא | P154: ILS | Q154: 13875124 | R154: 1 | S154: 277 | T154: 170.826 | U154: 38604.92 | V154: 0.00635 | W154: 0.0187976 | X154: 0.0061547693
A155: 1035 | B155: 1036 | C155: ישראכרט בע"מ | D155: 510706153 | E155: ח.פ. | F155: ישראכרט | G155: IL0011574030 | H155: ISIN | I155: מניות | J155: ישראל | K155: ישראל | L155: סחיר | M155: TASE | N155: שרותים פיננסיים | O155: לא | P155: ILS | Q155: 437134 | R155: 1 | S155: 1125 | U155: 4917.757 | V155: 0.001342 | W155: 0.0023945663 | X155: 0.00078403641
A156: 1035 | B156: 1036 | C156: קבוצת דוראל משאבי אנרגיה מתחדשת בעמ | D156: 515364891 | E156: ח.פ. | F156: דוראל אנרגיה | G156: IL0011667685 | H156: ISIN | I156: מניות | J156: ישראל | K156: ישראל | L156: סחיר | M156: TASE | N156: אנרגיה מתחדשת | O156: לא | P156: ILS | Q156: 153935 | R156: 1 | S156: 7702 | U156: 11856.074 | V156: 0.000714 | W156: 0.0057729879 | X156: 0.0018902098
A157: 1035 | B157: 1036 | C157: אלקטרה פאוור (2019) בע"מ | D157: 516077989 | E157: ח.פ. | F157: אלקטרה פאוור | G157: IL0011669178 | H157: ISIN | I157: מניות | J157: ישראל | K157: ישראל | L157: סחיר | M157: TASE | N157: אנרגיה | O157: לא | P157: ILS | Q157: 33562 | R157: 1 | S157: 2636 | U157: 884.694 | V157: 0.001876 | W157: 0.00043077748 | X157: 0.00014104652
A158: 1035 | B158: 1036 | C158: סטארק פאוור בע"מ | D158: 514856772 | E158: ח.פ. | F158: סטארק פאוור-ש | G158: IL0011698953 | H158: ISIN | I158: מניות | J158: ישראל | K158: ישראל | L158: סחיר | M158: TASE | N158: השקעה ואחזקות | O158: לא | P158: ILS | Q158: 14149 | R158: 1 | S158: 1045 | U158: 147.857 | V158: 0.000335 | W158: 7.199491e-05 | X158: 2.3572799e-05
A159: 1035 | B159: 1036 | C159: פולירם תעשיות פלסטיק בע"מ | D159: 515251593 | E159: ח.פ. | F159: פולירם | G159: IL0011702169 | H159: ISIN | I159: מניות | J159: ישראל | K159: ישראל | L159: סחיר | M159: TASE | N159: כימיה, גומי ופלסטיק | O159: לא | P159: ILS | Q159: 115358 | R159: 1 | S159: 869.5 | U159: 1003.038 | V159: 0.001079 | W159: 0.00048840158 | X159: 0.00015991398
A160: 1035 | B160: 1036 | C160: ע.י נופר אנרגי' בע"מ | D160: 514599943 | E160: ח.פ. | F160: נופר אנרגי | G160: IL0011708778 | H160: ISIN | I160: מניות | J160: ישראל | K160: ישראל | L160: סחיר | M160: TASE | N160: אנרגיה מתחדשת | O160: לא | P160: ILS | Q160: 130396 | R160: 1 | S160: 20770 | U160: 27083.249 | V160: 0.003404 | W160: 0.013187441 | X160: 0.0043178732
A161: 1035 | B161: 1036 | C161: סולאיר אנרגיות מתחדשות בע"מ | D161: 516046307 | E161: ח.פ. | F161: סולאיר | G161: IL0011722878 | H161: ISIN | I161: מניות | J161: ישראל | K161: ישראל | L161: סחיר | M161: TASE | N161: אנרגיה מתחדשת | O161: לא | P161: ILS | Q161: 28551 | R161: 1 | S161: 8790 | U161: 2509.633 | V161: 0.001247 | W161: 0.0012219965 | X161: 0.00040010992
A162: 1035 | B162: 1036 | C162: דיפלומט אחזקות בע"מ | D162: 510400740 | E162: ח.פ. | F162: דיפלומט | G162: IL0011734915 | H162: ISIN | I162: מניות | J162: ישראל | K162: ישראל | L162: סחיר | M162: TASE | N162: מסחר | O162: לא | P162: ILS | Q162: 258909 | R162: 1 | S162: 5451 | U162: 14113.13 | V162: 0.00872 | W162: 0.0068719989 | X162: 0.0022500515
A163: 1035 | B163: 1036 | C163: פרימוטק גרופ בע"מ | D163: 516292992 | E163: ח.פ. | F163: פרימוטק | G163: IL0011754962 | H163: ISIN | I163: מניות | J163: ישראל | K163: ישראל | L163: סחיר | M163: TASE | N163: מסחר | O163: לא | P163: ILS | Q163: 3276 | R163: 1 | S163: 1221 | U163: 40 | V163: 0.000225 | W163: 1.9476877e-05 | X163: 6.3771801e-06
A164: 1035 | B164: 1036 | C164: תורפז תעשיות בעמ | D164: 514574524 | E164: ח.פ. | F164: תורפז תעשיות | G164: IL0011756116 | H164: ISIN | I164: מניות | J164: ישראל | K164: גלובלי | L164: סחיר | M164: TASE | N164: מזון | O164: לא | P164: ILS | Q164: 117238 | R164: 1 | S164: 6425 | U164: 7532.542 | V164: 0.001077 | W164: 0.0036677632 | X164: 0.0012009105
A165: 1035 | B165: 1036 | C165: אבו מגורים בע"מ | D165: 515724706 | E165: ח.פ. | F165: אבו פמילי מגורים בע"מ | G165: IL0011758195 | H165: ISIN | I165: מניות | J165: ישראל | K165: ישראל | L165: סחיר | M165: TASE | N165: נדל"ן מניב בישראל | O165: לא | P165: ILS | Q165: 262549 | R165: 1 | S165: 601.8 | U165: 1580.02 | V165: 0.004198 | W165: 0.00076934707 | X165: 0.00025190203
A166: 1035 | B166: 1036 | C166: קיסטון אינפרא בע"מ | D166: 515983476 | E166: ח.פ. | F166: קיסטון אינפרא | G166: IL0011759342 | H166: ISIN | I166: מניות | J166: ישראל | K166: ישראל | L166: סחיר | M166: TASE | N166: השקעה ואחזקות | O166: לא | P166: ILS | Q166: 276651 | R166: 1 | S166: 2084 | T166: 33.82 | U166: 5799.227 | V166: 0.001353 | W166: 0.0028237735 | X166: 0.0009245688
A167: 1035 | B167: 1036 | C167: אי.טי.גי. איי גרופ בע"מ | D167: 513764399 | E167: ח.פ. | F167: אי. טי. ג'י. איי | G167: IL0011761140 | H167: ISIN | I167: מניות | J167: ישראל | K167: ישראל | L167: סחיר | M167: TASE | N167: שרותים | O167: לא | P167: ILS | Q167: 35161 | R167: 1 | S167: 2332 | U167: 819.955 | V167: 0.001559 | W167: 0.00039925422 | X167: 0.00013072507
A168: 1035 | B168: 1036 | C168: אקונרג'י אנרגיה מתחדשת בע"מ | D168: 516339777 | E168: ח.פ. | F168: אקונרג'י | G168: IL0011783342 | H168: ISIN | I168: מניות | J168: ישראל | K168: ישראל | L168: סחיר | M168: TASE | N168: אנרגיה מתחדשת | O168: לא | P168: ILS | Q168: 17730 | R168: 1 | S168: 6300 | U168: 1116.99 | V168: 0.000231 | W168: 0.00054388745 | X168: 0.00017808134
A169: 1035 | B169: 1036 | C169: טראלייט בע"מ | D169: 516414679 | E169: ח.פ. | F169: טראלייט | G169: IL0011801730 | H169: ISIN | I169: מניות | J169: ישראל | K169: ישראל | L169: סחיר | M169: TASE | N169: אנרגיה מתחדשת | O169: לא | P169: ILS | Q169: 139744 | R169: 1 | S169: 1941 | U169: 2712.431 | V169: 0.001771 | W169: 0.0013207434 | X169: 0.00043244196
A170: 1035 | B170: 1036 | C170: אלומה קרן תשתיות (2020) בע"מ | D170: 516214871 | E170: ח.פ. | F170: אלומה תשתיות | G170: IL0011816431 | H170: ISIN | I170: מניות | J170: ישראל | K170: ישראל | L170: סחיר | M170: TASE | N170: השקעה ואחזקות | O170: לא | P170: ILS | Q170: 1653108 | R170: 1 | S170: 86.9 | U170: 1436.551 | V170: 0.005378 | W170: 0.00069948879 | X170: 0.00022902882
A171: 1035 | B171: 1036 | C171: בית בכפר בע"מ | D171: 511605719 | E171: ח.פ. | F171: בית בכפר | G171: IL0011836561 | H171: ISIN | I171: מניות | J171: ישראל | K171: ישראל | L171: סחיר | M171: TASE | N171: נדל"ן מניב בישראל | O171: לא | P171: ILS | Q171: 93578 | R171: 1 | S171: 1438 | U171: 1345.652 | V171: 0.001338 | W171: 0.00065522793 | X171: 0.00021453678
A172: 1035 | B172: 1036 | C172: אלטשולר שחם פיננסים בע"מ | D172: 516508603 | E172: ח.פ. | F172: אלטשולר פיננסים | G172: IL0011849366 | H172: ISIN | I172: מניות | J172: ישראל | K172: ישראל | L172: סחיר | M172: TASE | N172: שרותים פיננסיים | O172: לא | P172: ILS | Q172: 393176 | R172: 1 | S172: 686.9 | U172: 2700.726 | V172: 0.00198 | W172: 0.001315044 | X172: 0.00043057582
A173: 1035 | B173: 1036 | C173: הייפר גלובל בעמ | D173: 516476835 | E173: ח.פ. | F173: הייפר גלובל | G173: IL0011849853 | H173: ISIN | I173: מניות | J173: ישראל | K173: ישראל | L173: סחיר | M173: TASE | N173: שרותי מידע | O173: לא | P173: ILS | Q173: 12003 | R173: 1 | S173: 2627 | U173: 315.319 | V173: 0.000234 | W173: 0.00015353579 | X173: 5.0271171e-05
A174: 1035 | B174: 1036 | C174: קרסו נדלן | D174: 510488190 | E174: ח.פ. | F174: קרסו נדלן | G174: IL0011879629 | H174: ISIN | I174: מניות | J174: ישראל | K174: ישראל | L174: סחיר | M174: TASE | N174: בנייה | O174: לא | P174: ILS | Q174: 36233 | R174: 1 | S174: 3329 | U174: 1206.197 | V174: 0.000626 | W174: 0.00058732413 | X174: 0.00019230351
A175: 1035 | B175: 1036 | C175: שיכון ובינוי אנרגיה בע"מ | D175: 510459928 | E175: ח.פ. | F175: שוב אנרגיה | G175: IL0011882425 | H175: ISIN | I175: מניות | J175: ישראל | K175: ישראל | L175: סחיר | M175: TASE | N175: אנרגיה | O175: לא | P175: ILS | Q175: 927243 | R175: 1 | S175: 404.8 | U175: 3753.48 | V175: 0.000947 | W175: 0.0018276533 | X175: 0.00059841599
A176: 1035 | B176: 1036 | C176: דורסל החזקות בע"מ | D176: 516597549 | E176: ח.פ. | F176: דורסל החז | G176: IL0011906281 | H176: ISIN | I176: מניות | J176: ישראל | K176: ישראל | L176: סחיר | M176: TASE | N176: נדל"ן מניב בישראל | O176: לא | P176: ILS | Q176: 6565.94 | R176: 1 | S176: 1978 | U176: 129.874 | V176: 0.000292 | W176: 6.3238703e-05 | X176: 2.0705815e-05
A177: 1035 | B177: 1036 | C177: נתנאל מניבים | D177: 516235918 | E177: ח.פ. | F177: נתנאל מניבים | G177: IL0011945131 | H177: ISIN | I177: מניות | J177: ישראל | K177: ישראל | L177: סחיר | M177: TASE | N177: נדל"ן מניב בישראל | O177: לא | P177: ILS | Q177: 239245 | R177: 1 | S177: 200.9 | U177: 480.643 | V177: 0.005427 | W177: 0.00023403594 | X177: 7.6628783e-05
A178: 1035 | B178: 1036 | C178: פז בית זיקוק לנפט-אשדוד בע"מ | D178: 513775163 | E178: ח.פ. | F178: פז בית זיקוק אשדוד | G178: IL0011989105 | H178: ISIN | I178: מניות | J178: ישראל | K178: ישראל | L178: סחיר | M178: TASE | N178: אנרגיה | O178: לא | P178: ILS | Q178: 59552 | R178: 1 | S178: 10100 | U178: 6014.752 | V178: 0.004767 | W178: 0.0029287175 | X178: 0.00095892987
... A187: 1035 | B187: 1036 | C187: בתי זקוק לנפט בע"מ | D187: 520036658 | E187: ח.פ. | F187: בזן | G187: IL0025902482 | H187: ISIN | I187: מניות | J187: ישראל | K187: ישראל | L187: סחיר | M187: TASE | N187: אנרגיה | O187: לא | P187: ILS | Q187: 11187468 | R187: 1 | S187: 157.5 | U187: 17620.262 | V187: 0.003462 | W187: 0.0085797003 | X187: 0.0028091924
A188: 1035 | B188: 1036 | C188: ג'נריישן ניהול בע"מ | D188: 515785012 | E188: ח.פ. | F188: ג'נריישן קפיטל | G188: IL0011569261 | H188: ISIN | I188: מניות | J188: ישראל | K188: ישראל | L188: סחיר | M188: TASE | N188: השקעה ואחזקות | O188: לא | P188: ILS | Q188: 0 | R188: 1 | S188: 0 | T188: 22.928 | U188: 22.928 | V188: 0 | W188: 1.1164235e-05 | X188: 3.6554288e-06
A189: 1035 | B189: 1036 | C189: ריט אזורים - ה.פ ליווינג בע"מ | D189: 516117181 | E189: ח.פ. | F189: ריט אזורים ליווינג | G189: IL0011627754 | H189: ISIN | I189: מניות | J189: ישראל | K189: ישראל | L189: סחיר | M189: TASE | N189: נדל"ן מניב בישראל | O189: לא | P189: ILS | Q189: 4042.33 | R189: 1 | S189: 619.7 | U189: 25.05 | V189: 3.7e-05 | W189: 1.2197561e-05 | X189: 3.9937639e-06
A190: 1035 | B190: 1036 | C190: ארי נדל"ן(ארנה) השקעות בע"מ | D190: 520038332 | E190: ח.פ. | F190: ארי נדלן (חסום) 30.06.26 | G190: IL0003660136 | H190: ISIN | I190: מניות | J190: ישראל | K190: ישראל | L190: חסום | M190: TASE | N190: נדל"ן מניב בישראל | O190: לא | P190: ILS | Q190: 80287 | R190: 1 | S190: 535.051 | U190: 429.576 | V190: 0.000219 | W190: 0.00020917021 | X190: 6.8487168e-05
A191: 1035 | B191: 1036 | C191: אזורים-חברה להשקעות בפתוח ובבנין בע"מ | D191: 520025990 | E191: ח.פ. | F191: אזורים חסום 25.08.2026 | G191: IL0007150118 | H191: ISIN | I191: מניות | J191: ישראל | K191: ישראל | L191: חסום | M191: TASE | N191: בנייה | O191: לא | P191: ILS | Q191: 126928 | R191: 1 | S191: 1645.862 | U191: 2089.06 | V191: 0 | W191: 0.0010172102 | X191: 0.00033305816
...

Sheet קרנות סל
A1: מספר קופה/קרן/ח.פ. עבור חברת ביטוח | B1: מספר מסלול | C1: שם מנפיק | D1: מספר מנפיק | E1: סוג מספר מזהה מנפיק | F1: שם נייר ערך | G1: מספר נייר ערך | H1: סוג מספר נייר ערך | I1: מאפיין עיקרי | J1: ישראל/חו"ל | K1: מדינה לפי חשיפה כלכלית | L1: זירת מסחר | M1: סיווג הקרן | N1: בעל עניין/צד קשור | O1: מטבע פעילות | P1: ערך נקוב (יחידות) | Q1: שער חליפין | R1: שער נייר הערך | S1: סכום לקבל (במטבע הפעילות) | T1: שווי הוגן (באלפי ש"ח) | U1: שיעור מערך נקוב מונפק | V1: שיעור מנכסי אפיק ההשקעה | W1: שיעור מסך נכסי ההשקעה
A2: 1035 | B2: 1036 | C2: קסם קרנות נאמנות בע"מ | D2: 510938608 | E2: ח.פ. | F2: קסם MSCI India (!)(4D) ETF | G2: IL0011457475 | H2: ISIN | I2: עוקב אחר מדדי מניות בחו"ל | J2: ישראל | K2: אסיה | L2: TASE | M2: CNX NIFTY - מניות בחו"ל - מניות גיאוגרפי - חשופת מט"ח-אסיה הודו | N2: לא | O2: ILS | P2: 270570 | Q2: 1 | R2: 7363 | T2: 19922.069 | U2: 0.02464 | V2: 0.064299182 | W2: 0.0031761687
A3: 1035 | B3: 1036 | C3: מגדל קרנות נאמנות בע"מ | D3: 511303661 | E3: ח.פ. | F3: MTF סל (S&P 500 (4D | G3: IL0011503336 | H3: ISIN | I3: עוקב אחר מדדי מניות בחו"ל | J3: ישראל | K3: ארה"ב | L3: TASE | M3: S&P 500 - מניות בחו"ל - מניות גיאוגרפי - חשופת מט"ח-ארה"ב | N3: לא | O3: ILS | P3: 54000 | Q3: 1 | R3: 9608 | T3: 5188.32 | U3: 0.000619 | V3: 0.016745486 | W3: 0.0008271721
A4: 1035 | B4: 1036 | C4: BlackRock Asset Managment | D4: 549300LRIF3NWCU26A80 | E4: LEI | F4: Ishares S&P500 Swap Ucits | G4: IE00BMTX1Y45 | H4: ISIN | I4: עוקב אחר מדדי מניות בחו"ל | J4: חו"ל | K4: ארה"ב | L4: אחר | M4: S&P 500 - מניות בחו"ל - מניות גיאוגרפי - חשופת מט"ח-ארה"ב | N4: לא | O4: USD | P4: 1248900 | Q4: 2.978 | R4: 1252.4 | T4: 46579.564 | U4: 0.001761 | V4: 0.15033719 | W4: 0.0074261641
A5: 1035 | B5: 1036 | C5: Amundi Asset Management | D5: 213800VZW861M5FHMD50 | E5: LEI | F5: NASD LN Equity | G5: LU1829221024 | H5: ISIN | I5: עוקב אחר מדדי מניות בחו"ל | J5: חו"ל | K5: ארה"ב | L5: LSE | M5: NASDAQ 100 - מניות בחו"ל - מניות גיאוגרפי - חשופת מט"ח-ארה"ב | N5: לא | O5: USD | P5: 74834 | Q5: 2.978 | R5: 12262 | T5: 27326.56 | U5: 6.1e-05 | V5: 0.088197438 | W5: 0.0043566642
A6: 1035 | B6: 1036 | C6: Amundi Asset Management | D6: 213800VZW861M5FHMD50 | E6: LEI | F6: AMUNDI MSCI EMII | G6: LU2573967036 | H6: ISIN | I6: עוקב אחר מדדי מניות בחו"ל | J6: חו"ל | K6: Emerging Markets - Europe, Middle East & Africa | L6: אחר | M6: MSCI EMERGING MARKETS - מניות בחו"ל - מניות גיאוגרפי - חשופת מט"ח-שווקים מתעוררים כללי | N6: לא | O6: EUR | P6: 2050 | Q6: 3.3945 | R6: 7675 | T6: 534.082 | U6: 0.000183 | V6: 0.001723769 | W6: 8.5148535e-05
A7: 1035 | B7: 1036 | C7: LYXOR ETF | D7: 213800VZW861M5FHMD50 | E7: LEI | F7: LYX CORE EURSTX | G7: LU0908500753 | H7: ISIN | I7: עוקב אחר מדדי מניות בחו"ל | J7: חו"ל | K7: אירופה | L7: EURONEXT | M7: מניות בחו"ל - מניות בחו"ל משולבת | N7: לא | O7: EUR | P7: 24263 | Q7: 3.3945 | R7: 31525 | T7: 25964.228 | U7: 0.000705 | V7: 0.083800461 | W7: 0.004139468
A8: 1035 | B8: 1036 | C8: State Street Corp | D8: 07F5H7W3ET8ZLWNMFP29 | E8: LEI | F8: Spdr s&p biotech etf | G8: US78464A8707 | H8: ISIN | I8: עוקב אחר מדדי מניות בחו"ל | J8: חו"ל | K8: ארה"ב | L8: NYSE | M8: Technology מניות בחו"ל - מניות לפי ענפים בחו"ל - חשופת מט"ח-ארה"ב- מניות | N8: לא | O8: USD | P8: 7971 | Q8: 2.978 | R8: 15825 | T8: 3756.481 | U8: 0.000107 | V8: 0.012124176 | W8: 0.00059889453
A9: 1035 | B9: 1036 | C9: BlackRock Asset Managment | D9: 549300LRIF3NWCU26A80 | E9: LEI | F9: ISH MSCI INDIA UCITS ETF | G9: IE00BZCQB185 | H9: ISIN | I9: עוקב אחר מדדי מניות בחו"ל | J9: חו"ל | K9: הודו | L9: אחר | M9: CNX NIFTY - מניות בחו"ל - מניות גיאוגרפי - חשופת מט"ח-אסיה הודו | N9: לא | O9: USD | P9: 535260 | Q9: 2.978 | R9: 879.1 | T9: 14012.892 | U9: 0 | V9: 0.045227103 | W9: 0.0022340706
A10: 1035 | B10: 1036 | C10: Invesco investment management limited | D10: 635400KZRKKKNVCJXD85 | E10: LEI | F10: INVESCO S&P 500 EQUITY | G10: IE00B3YCGJ38 | H10: ISIN | I10: עוקב אחר מדדי מניות בחו"ל | J10: חו"ל | K10: ארה"ב | L10: LSE | M10: S&P 500 - מניות בחו"ל - מניות גיאוגרפי - חשופת מט"ח-ארה"ב | N10: לא | O10: USD | P10: 2677700 | Q10: 2.978 | R10: 1500 | T10: 119612.86 | U10: 0.001231 | V10: 0.38605473 | W10: 0.019069838
A11: 1035 | B11: 1036 | C11: State Street Corp | D11: 07F5H7W3ET8ZLWNMFP29 | E11: LEI | F11: SPDR MSCI WORLD | G11: IE00BFY0GT14 | H11: ISIN | I11: עוקב אחר מדדי מניות בחו"ל | J11: חו"ל | K11: ארה"ב | L11: LSE | M11: MSCI AC WORLD INDEX - מניות בחו"ל - מניות כללי בחו"ל - חשופת מט"ח-מניות כללי בחו"ל | N11: לא | O11: USD | P11: 301650 | Q11: 2.978 | R11: 5225 | T11: 46936.891 | U11: 0.001377 | V11: 0.15149047 | W11: 0.0074831326
A12: 1035 | B12: 1037 | C12: קסם קרנות נאמנות בע"מ | D12: 510938608 | E12: ח.פ. | F12: קסם MSCI India (!)(4D) ETF | G12: IL0011457475 | H12: ISIN | I12: עוקב אחר מדדי מניות בחו"ל | J12: ישראל | K12: אסיה | L12: TASE | M12: CNX NIFTY - מניות בחו"ל - מניות גיאוגרפי - חשופת מט"ח-אסיה הודו | N12: לא | O12: ILS | P12: 825 | Q12: 1 | R12: 7363 | T12: 60.745 | U12: 7.5e-05 | V12: 0.12449332 | W12: 0.00014655045
A13: 1035 | B13: 1037 | C13: BlackRock Asset Managment | D13: 549300LRIF3NWCU26A80 | E13: LEI | F13: ISH $ CORP BD $A | G13: IE00BYXYYJ35 | H13: ISIN | I13: עוקב אחר מדדים אחרים בחו"ל | J13: חו"ל | K13: גלובלי | L13: LSE | M13: אג"ח בחו"ל - אג"ח חשופת מט"ח | N13: לא | O13: USD | P13: 22523 | Q13: 2.978 | R13: 636.9 | T13: 427.191 | U13: 6.6e-05 | V13: 0.87550668 | W13: 0.0010306248
... A185: 11389 | B185: 15420 | C185: Invesco investment management limited | D185: 635400KZRKKKNVCJXD85 | E185: LEI | F185: INVESCO S&P 500 EQUITY | G185: IE00B3YCGJ38 | H185: ISIN | I185: עוקב אחר מדדי מניות בחו"ל | J185: חו"ל | K185: ארה"ב | L185: LSE | M185: S&P 500 - מניות בחו"ל - מניות גיאוגרפי - חשופת מט"ח-ארה"ב | N185: לא | O185: USD | P185: 299100 | Q185: 2.978 | R185: 1500 | T185: 13360.797 | U185: 0.000138 | V185: 0.48117816 | W185: 0.11678569

Sheet קרנות נאמנות
A1: מספר קופה/קרן/ח.פ. עבור חברת ביטוח | B1: מספר מסלול | C1: שם מנפיק | D1: מספר מנפיק | E1: סוג מספר מזהה מנפיק | F1: שם נייר ערך | G1: מספר נייר ערך | H1: סוג מספר נייר ערך | I1: מאפיין עיקרי | J1: ישראל/חו"ל | K1: מדינה לפי חשיפה כלכלית | L1: סטאטוס סחירות | M1: זירת מסחר | N1: סיווג הקרן | O1: בעל עניין/צד קשור | P1: מטבע פעילות | Q1: ערך נקוב (יחידות) | R1: שער חליפין | S1: שער נייר הערך | T1: שווי הוגן (באלפי ש"ח) | U1: שיעור מערך נקוב מונפק | V1: שיעור מנכסי אפיק ההשקעה | W1: שיעור מסך נכסי ההשקעה
A2: 1035 | B2: 1036 | C2: אי בי אי ניהול קרנות נאמנות בע"מ | D2: 510791031 | E2: ח.פ. | F2: איביאי טכנולגיית עילית | G2: IL0011425381 | H2: ISIN | I2: מניות | J2: ישראל | K2: ישראל | L2: סחיר | M2: TASE | N2: קרן סגורה-קרן טכנולוגיה עילית | O2: לא | P2: ILS | Q2: 610117.65 | R2: 1 | S2: 104.9 | T2: 640.013 | U2: 0.00197 | V2: 0.011836918 | W2: 0.00010203712
A3: 1035 | B3: 1036 | C3: קסם קרנות נאמנות בע"מ | D3: 510938608 | E3: ח.פ. | F3: קסם KTF S&P 500 | G3: IL0051244825 | H3: ISIN | I3: מניות | J3: ישראל | K3: ארה"ב | L3: סחיר | M3: TASE | N3: S&P 500 - מניות בחו"ל - מניות גיאוגרפי - חשופת מט"ח-ארה"ב | O3: לא | P3: ILS | Q3: 2694000 | R3: 1 | S3: 303.78 | T3: 8183.833 | U3: 0.001757 | V3: 0.15135833 | W3: 0.0013047458
A4: 1035 | B4: 1036 | C4: Kotak | D4: 213800SJ3IH3EXMXSJ47 | E4: LEI | F4: KOT-IND MID-J | G4: LU0675383409 | H4: ISIN | I4: מניות | J4: חו"ל | K4: הודו | L4: סחיר | M4: אחר | N4: CNX NIFTY - מניות בחו"ל - מניות גיאוגרפי - חשופת מט"ח-אסיה הודו | O4: לא | P4: USD | Q4: 461866.06 | R4: 2.978 | S4: 3289.53 | T4: 45245.417 | U4: 0.003482 | V4: 0.83680476 | W4: 0.0072134615
A5: 1035 | B5: 1037 | C5: Kotak | D5: 213800SJ3IH3EXMXSJ47 | E5: LEI | F5: KOT-IND MID-J | G5: LU0675383409 | H5: ISIN | I5: מניות | J5: חו"ל | K5: הודו | L5: סחיר | M5: אחר | N5: CNX NIFTY - מניות בחו"ל - מניות גיאוגרפי - חשופת מט"ח-אסיה הודו | O5: לא | P5: USD | Q5: 804 | R5: 2.978 | S5: 3289.53 | T5: 78.762 | U5: 6e-06 | V5: 1 | W5: 0.00019001723
A6: 1035 | B6: 9939 | C6: אי בי אי ניהול קרנות נאמנות בע"מ | D6: 510791031 | E6: ח.פ. | F6: איביאי טכנולגיית עילית | G6: IL0011425381 | H6: ISIN | I6: מניות | J6: ישראל | K6: ישראל | L6: סחיר | M6: TASE | N6: קרן סגורה-קרן טכנולוגיה עילית | O6: לא | P6: ILS | Q6: 221989.69 | R6: 1 | S6: 104.9 | T6: 232.867 | U6: 0.000717 | V6: 0.0081740199 | W6: 5.9126263e-05
A7: 1035 | B7: 9939 | C7: קסם קרנות נאמנות בע"מ | D7: 510938608 | E7: ח.פ. | F7: קסם KTF S&P 500 | G7: IL0051244825 | H7: ISIN | I7: מניות | J7: ישראל | K7: ארה"ב | L7: סחיר | M7: TASE | N7: S&P 500 - מניות בחו"ל - מניות גיאוגרפי - חשופת מט"ח-ארה"ב | O7: לא | P7: ILS | Q7: 1137000 | R7: 1 | S7: 303.78 | T7: 3453.979 | U7: 0.000741 | V7: 0.12124031 | W7: 0.00087698423
A8: 1035 | B8: 9939 | C8: Kotak | D8: 213800SJ3IH3EXMXSJ47 | E8: LEI | F8: KOT-IND MID-J | G8: LU0675383409 | H8: ISIN | I8: מניות | J8: חו"ל | K8: הודו | L8: סחיר | M8: אחר | N8: CNX NIFTY - מניות בחו"ל - מניות גיאוגרפי - חשופת מט"ח-אסיה הודו | O8: לא | P8: USD | Q8: 253177.77 | R8: 2.978 | S8: 3289.53 | T8: 24801.852 | U8: 0.001909 | V8: 0.87058567 | W8: 0.0062973271
A9: 1035 | B9: 9940 | C9: קסם קרנות נאמנות בע"מ | D9: 510938608 | E9: ח.פ. | F9: קסם KTF S&P 500 | G9: IL0051244825 | H9: ISIN | I9: מניות | J9: ישראל | K9: ארה"ב | L9: סחיר | M9: TASE | N9: S&P 500 - מניות בחו"ל - מניות גיאוגרפי - חשופת מט"ח-ארה"ב | O9: לא | P9: ILS | Q9: 4554000 | R9: 1 | S9: 303.78 | T9: 13834.141 | U9: 0.00297 | V9: 0.16192276 | W9: 0.0011191447
A10: 1035 | B10: 9940 | C10: Kotak | D10: 213800SJ3IH3EXMXSJ47 | E10: LEI | F10: KOT-IND MID-J | G10: LU0675383409 | H10: ISIN | I10: מניות | J10: חו"ל | K10: הודו | L10: סחיר | M10: אחר | N10: CNX NIFTY - מניות בחו"ל - מניות גיאוגרפי - חשופת מט"ח-אסיה הודו | O10: לא | P10: USD | Q10: 730919.92 | R10: 2.978 | S10: 3289.53 | T10: 71602.526 | U10: 0.00551 | V10: 0.83807724 | W10: 0.0057924514
A11: 1035 | B11: 9941 | C11: קסם קרנות נאמנות בע"מ | D11: 510938608 | E11: ח.פ. | F11: קסם KTF S&P 500 | G11: IL0051244825 | H11: ISIN | I11: מניות | J11: ישראל | K11: ארה"ב | L11: סחיר | M11: TASE | N11: S&P 500 - מניות בחו"ל - מניות גיאוגרפי - חשופת מט"ח-ארה"ב | O11: לא | P11: ILS | Q11: 4034000 | R11: 1 | S11: 303.78 | T11: 12254.485 | U11: 0.002631 | V11: 0.30122816 | W11: 0.0017596627
A12: 1035 | B12: 9941 | C12: Kotak | D12: 213800SJ3IH3EXMXSJ47 | E12: LEI | F12: KOT-IND MID-J | G12: LU0675383409 | H12: ISIN | I12: מניות | J12: חו"ל | K12: הודו | L12: סחיר | M12: אחר | N12: CNX NIFTY - מניות בחו"ל - מניות גיאוגרפי - חשופת מט"ח-אסיה הודו | O12: לא | P12: USD | Q12: 290185.93 | R12: 2.978 | S12: 3289.53 | T12: 28427.253 | U12: 0.002188 | V12: 0.69877184 | W12: 0.0040819648
A13: 1035 | B13: 15419 | C13: הראל קרנות נאמנות בע"מ | D13: 511776783 | E13: ח.פ. | F13: הראל S&P 500 | G13: IL0051292758 | H13: ISIN | I13: מניות | J13: ישראל | K13: ארה"ב | L13: סחיר | M13: TASE | N13: S&P 500 - מניות בחו"ל - מניות גיאוגרפי - חשופת מט"ח-ארה"ב | O13: לא | P13: ILS | Q13: 5500 | R13: 1 | S13: 245.73 | T13: 13.515 | U13: 0.000238 | V13: 0.33661627 | W13: 9.6124414e-05
... A42: 11389 | B42: 15420 | C42: קסם קרנות נאמנות בע"מ | D42: 510938608 | E42: ח.פ. | F42: קסם KTF S&P 500 | G42: IL0051244825 | H42: ISIN | I42: מניות | J42: ישראל | K42: ארה"ב | L42: סחיר | M42: TASE | N42: S&P 500 - מניות בחו"ל - מניות גיאוגרפי - חשופת מט"ח-ארה"ב | O42: לא | P42: ILS | Q42: 4600 | R42: 1 | S42: 303.78 | T42: 13.974 | U42: 3e-06 | V42: 0.50902642 | W42: 0.0001221446

Sheet כתבי אופציה
A1: מספר קופה/קרן/ח.פ. עבור חברת ביטוח | B1: מספר מסלול | C1: שם מנפיק | D1: מספר מנפיק | E1: סוג מספר מזהה מנפיק | F1: שם נייר ערך | G1: מספר נייר ערך | H1: סוג מספר נייר ערך | I1: ישראל/חו"ל | J1: מדינה לפי חשיפה כלכלית | K1: סטאטוס סחירות | L1: זירת מסחר | M1: נכס בסיס (כתב אופציה) | N1: ענף מסחר | O1: תאריך פקיעה | P1: בעל עניין/צד קשור | Q1: מטבע פעילות | R1: שער מימוש | S1: יחס המרה | T1: ערך נקוב (יחידות) | U1: שער חליפין | V1: שער נייר הערך | W1: שווי הוגן (באלפי ש"ח) | X1: שיעור מנכסי אפיק ההשקעה | Y1: שיעור מסך נכסי ההשקעה
A2: 1035 | B2: 1036 | C2: מפעלים פטרוכימיים בישראל בע"מ | D2: 520029315 | E2: ח.פ. | F2: פטרוכימים אפ 1 | G2: IL0011903056 | H2: ISIN | I2: ישראל | J2: ישראל | K2: סחיר | L2: TASE | M2: IL0007560159 | N2: אנרגיה | O2: 25/10/2026 | P2: לא | Q2: ILS | R2: 37.5 | S2: 1 | T2: 59114.09 | U2: 1 | V2: 374.1 | W2: 221.146 | X2: 0.063682973 | Y2: 3.5257202e-05
A3: 1035 | B3: 1036 | C3: ארי נדל"ן(ארנה) השקעות בע"מ | D3: 520038332 | E3: ח.פ. | F3: ארי נדלן אפ 1 | G3: IL0012123498 | H3: ISIN | I3: ישראל | J3: ישראל | K3: סחיר | L3: TASE | M3: IL0003660136 | N3: נדל"ן מניב בישראל | O3: 27/09/2027 | P3: לא | Q3: ILS | R3: 290 | S3: 1 | T3: 28448 | U3: 1 | V3: 321.7 | W3: 91.517 | X3: 0.026354053 | Y3: 1.4590559e-05
A4: 1035 | B4: 1036 | C4: בלדי בע"מ | D4: 511226136 | E4: ח.פ. | F4: בלדי אפ 1 | G4: IL0012166620 | H4: ISIN | I4: ישראל | J4: ישראל | K4: סחיר | L4: TASE | M4: IL0012125394 | N4: מסחר | O4: 31/01/2028 | P4: לא | Q4: ILS | R4: 2800 | S4: 1 | T4: 16137 | U4: 1 | V4: 2947 | W4: 475.557 | X4: 0.13694543 | Y4: 7.5817953e-05
A5: 1035 | B5: 1036 | C5: נאוויטס פטרוליום, שותפות מוגבלת | D5: 550263107 | E5: מספר שותפות | F5: נאוויטס פטרו אפ 6 | G5: IL0012288242 | H5: ISIN | I5: ישראל | J5: ישראל | K5: סחיר | L5: TASE | M5: IL0011419699 | N5: חיפושי נפט וגז | O5: 31/08/2026 | P5: לא | Q5: ILS | R5: 12000 | S5: 1 | T5: 13889 | U5: 1 | V5: 1619 | W5: 224.863 | X5: 0.064753379 | Y5: 3.5849818e-05
A6: 1035 | B6: 1036 | C6: אנרג'יקס אנרגיות מתחדשות בע"מ | D6: 513901371 | E6: ח.פ. | F6: אנרג'יקס אפ 4 | G6: IL0012337171 | H6: ISIN | I6: ישראל | J6: ישראל | K6: סחיר | L6: TASE | M6: IL0011233553 | N6: אנרגיה מתחדשת | O6: 30/09/2026 | P6: לא | Q6: ILS | R6: 1640 | S6: 1 | T6: 164424 | U6: 1 | V6: 760 | W6: 1249.622 | X6: 0.35985158 | Y6: 0.00019922688
A7: 1035 | B7: 1036 | C7: אבו מגורים בע"מ | D7: 515724706 | E7: ח.פ. | F7: אבו מגורים אפ 1 | G7: IL0012349135 | H7: ISIN | I7: ישראל | J7: ישראל | K7: סחיר | L7: TASE | M7: IL0011758195 | N7: נדל"ן מניב בישראל | O7: 11/01/2030 | P7: לא | Q7: ILS | R7: 844 | S7: 1 | T7: 267800 | U7: 1 | V7: 74.9 | W7: 200.582 | X7: 0.057761306 | Y7: 3.1978752e-05
A8: 1035 | B8: 1036 | C8: אבו מגורים בע"מ | D8: 515724706 | E8: ח.פ. | F8: אבו מגורים אפ 2 | G8: IL0012349218 | H8: ISIN | I8: ישראל | J8: ישראל | K8: סחיר | L8: TASE | M8: IL0011758195 | N8: נדל"ן מניב בישראל | O8: 12/01/2027 | P8: לא | Q8: ILS | R8: 768 | S8: 1 | T8: 133244 | U8: 1 | V8: 13.5 | W8: 17.988 | X8: 0.0051799556 | Y8: 2.8678112e-06
A9: 1035 | B9: 1036 | C9: רמי לוי השקמה נדל"ן בע"מ | D9: 511086738 | E9: ח.פ. | F9: רמי נדל"ן אפ 1 | G9: IL0012350190 | H9: ISIN | I9: ישראל | J9: ישראל | K9: סחיר | L9: TASE | M9: IL0012350018 | N9: מסחר | O9: 15/01/2029 | P9: לא | Q9: ILS | R9: 5250 | S9: 1 | T9: 37041 | U9: 1 | V9: 605.9 | W9: 224.431 | X9: 0.064629123 | Y9: 3.5781025e-05
A10: 1035 | B10: 1036 | C10: שיכון ובינוי אנרגיה בע"מ | D10: 510459928 | E10: ח.פ. | F10: שיכון ובינוי אנרגיה אפ 1 | G10: IL0012351917 | H10: ISIN | I10: ישראל | J10: ישראל | K10: סחיר | L10: TASE | M10: IL0011882425 | N10: אנרגיה | O10: 27/07/2027 | P10: לא | Q10: ILS | R10: 447 | S10: 1 | T10: 229457 | U10: 1 | V10: 59.9 | W10: 137.445 | X10: 0.039579722 | Y10: 2.1912769e-05
A11: 1035 | B11: 1036 | C11: סטארק פאוור בע"מ | D11: 514856772 | E11: ח.פ. | F11: סטארק פאוור אפ 3 | G11: IL0012425026 | H11: ISIN | I11: ישראל | J11: ישראל | K11: סחיר | L11: TASE | M11: IL0011698953 | N11: חברות ללא פעילות ומעטפת | O11: 01/10/2026 | P11: לא | Q11: ILS | R11: 750 | S11: 1 | T11: 38500 | U11: 1 | V11: 302.3 | W11: 116.385 | X11: 0.033515329 | Y11: 1.8555301e-05
A12: 1035 | B12: 1036 | C12: סטארק פאוור בע"מ | D12: 514856772 | E12: ח.פ. | F12: סטארק פאוור אפ 4 | G12: IL0012425109 | H12: ISIN | I12: ישראל | J12: ישראל | K12: סחיר | L12: TASE | M12: IL0011698953 | N12: השקעה ואחזקות | O12: 01/10/2029 | P12: לא | Q12: ILS | R12: 1000 | S12: 1 | T12: 82500 | U12: 1 | V12: 621.9 | W12: 513.067 | X12: 0.14774715 | Y12: 8.1798178e-05
A13: 1035 | B13: 1037 | C13: מפעלים פטרוכימיים בישראל בע"מ | D13: 520029315 | E13: ח.פ. | F13: פטרוכימים אפ 1 | G13: IL0011903056 | H13: ISIN | I13: ישראל | J13: ישראל | K13: סחיר | L13: TASE | M13: IL0007560159 | N13: אנרגיה | O13: 25/10/2026 | P13: לא | Q13: ILS | R13: 37.5 | S13: 1 | T13: 2275.29 | U13: 1 | V13: 374.1 | W13: 8.512 | X13: 0.22654217 | Y13: 2.0535386e-05
... A178: 11389 | B178: 15715 | C178: סטארק פאוור בע"מ | D178: 514856772 | E178: ח.פ. | F178: סטארק פאוור אפ 4 | G178: IL0012425109 | H178: ISIN | I178: ישראל | J178: ישראל | K178: סחיר | L178: TASE | M178: IL0011698953 | N178: השקעה ואחזקות | O178: 01/10/2029 | P178: לא | Q178: ILS | R178: 1000 | S178: 1 | T178: 16200 | U178: 1 | V178: 621.9 | W178: 100.748 | X178: 0.62916064 | Y178: 0.0011923973

Sheet אופציות
A1: מספר קופה/קרן/ח.פ. עבור חברת ביטוח | B1: מספר מסלול | C1: שם מנפיק | D1: מספר מנפיק | E1: סוג מספר מזהה מנפיק | F1: שם נייר ערך | G1: מספר נייר ערך | H1: סוג מספר נייר ערך | I1: מאפיין עיקרי | J1: ישראל/חו"ל | K1: מדינה לפי חשיפה כלכלית | L1: זירת מסחר | M1: ענף מסחר | N1: נכס בסיס | O1: תאריך פקיעה | P1: בעל עניין/צד קשור | Q1: מטבע פעילות | R1: שער מימוש | S1: ערך נקוב (יחידות) | T1: שער חליפין | U1: שער נייר הערך | V1: שווי הוגן (באלפי ש"ח) | W1: שיעור מנכסי אפיק ההשקעה | X1: שיעור מסך נכסי ההשקעה
A2: 1035 | B2: 1036 | C2: מסלקת הבורסה | D2: 520027152 | E2: ח.פ. | F2: תC004100M607-35 | G2: IL0865060037 | H2: ISIN | I2: מניה | J2: ישראל | K2: ישראל | L2: TASE | M2: אחר | N2: מניות לרבות מדדי מניות | O2: 30/07/2026 | P2: לא | Q2: ILS | R2: 4100 | S2: 106 | T2: 1 | U2: 434000 | V2: 460.04 | W2: -3.9454545 | X2: 7.3344021e-05
A3: 1035 | B3: 1036 | C3: מסלקת הבורסה | D3: 520027152 | E3: ח.פ. | F3: תP004100M607-35 | G3: IL0865071596 | H3: ISIN | I3: מניה | J3: ישראל | K3: ישראל | L3: TASE | M3: אחר | N3: מניות לרבות מדדי מניות | O3: 30/07/3036 | P3: לא | Q3: ILS | R3: 4100 | S3: -106 | T3: 1 | U3: 544000 | V3: -576.64 | W3: 4.9454545 | X3: -9.193352e-05
A4: 1035 | B4: 9939 | C4: מסלקת הבורסה | D4: 520027152 | E4: ח.פ. | F4: תC004100M607-35 | G4: IL0865060037 | H4: ISIN | I4: מניה | J4: ישראל | K4: ישראל | L4: TASE | M4: אחר | N4: מניות לרבות מדדי מניות | O4: 30/07/2026 | P4: לא | Q4: ILS | R4: 4100 | S4: 94 | T4: 1 | U4: 434000 | V4: 407.96 | W4: -3.9454545 | X4: 0.0001035833
A5: 1035 | B5: 9939 | C5: מסלקת הבורסה | D5: 520027152 | E5: ח.פ. | F5: תP004100M607-35 | G5: IL0865071596 | H5: ISIN | I5: מניה | J5: ישראל | K5: ישראל | L5: TASE | M5: אחר | N5: מניות לרבות מדדי מניות | O5: 30/07/3036 | P5: לא | Q5: ILS | R5: 4100 | S5: -94 | T5: 1 | U5: 544000 | V5: -511.36 | W5: 4.9454545 | X5: -0.00012983713
A6: 1035 | B6: 9940 | C6: מסלקת הבורסה | D6: 520027152 | E6: ח.פ. | F6: תC004100M607-35 | G6: IL0865060037 | H6: ISIN | I6: מניה | J6: ישראל | K6: ישראל | L6: TASE | M6: אחר | N6: מניות לרבות מדדי מניות | O6: 30/07/2026 | P6: לא | Q6: ILS | R6: 4100 | S6: 48 | T6: 1 | U6: 434000 | V6: 208.32 | W6: -3.9454545 | X6: 1.6852527e-05
A7: 1035 | B7: 9940 | C7: מסלקת הבורסה | D7: 520027152 | E7: ח.פ. | F7: תP004100M607-35 | G7: IL0865071596 | H7: ISIN | I7: מניה | J7: ישראל | K7: ישראל | L7: TASE | M7: אחר | N7: מניות לרבות מדדי מניות | O7: 30/07/3036 | P7: לא | Q7: ILS | R7: 4100 | S7: -48 | T7: 1 | U7: 544000 | V7: -261.12 | W7: 4.9454545 | X7: -2.1123904e-05
A8: 1035 | B8: 9941 | C8: מסלקת הבורסה | D8: 520027152 | E8: ח.פ. | F8: תC004100M607-35 | G8: IL0865060037 | H8: ISIN | I8: מניה | J8: ישראל | K8: ישראל | L8: TASE | M8: אחר | N8: מניות לרבות מדדי מניות | O8: 30/07/2026 | P8: לא | Q8: ILS | R8: 4100 | S8: 82 | T8: 1 | U8: 434000 | V8: 355.88 | W8: -3.9454545 | X8: 5.1102005e-05
A9: 1035 | B9: 9941 | C9: מסלקת הבורסה | D9: 520027152 | E9: ח.פ. | F9: תP004100M607-35 | G9: IL0865071596 | H9: ISIN | I9: מניה | J9: ישראל | K9: ישראל | L9: TASE | M9: אחר | N9: מניות לרבות מדדי מניות | O9: 30/07/3036 | P9: לא | Q9: ILS | R9: 4100 | S9: -82 | T9: 1 | U9: 544000 | V9: -446.08 | W9: 4.9454545 | X9: -6.4054126e-05
A10: 1035 | B10: 14292 | C10: מסלקת הבורסה | D10: 520027152 | E10: ח.פ. | F10: תC004100M607-35 | G10: IL0865060037 | H10: ISIN | I10: מניה | J10: ישראל | K10: ישראל | L10: TASE | M10: אחר | N10: מניות לרבות מדדי מניות | O10: 30/07/2026 | P10: לא | Q10: ILS | R10: 4100 | S10: 555 | T10: 1 | U10: 434000 | V10: 2408.7 | W10: -3.9454545 | X10: 0.0031107737
A11: 1035 | B11: 14292 | C11: מסלקת הבורסה | D11: 520027152 | E11: ח.פ. | F11: תP004100M607-35 | G11: IL0865071596 | H11: ISIN | I11: מניה | J11: ישראל | K11: ישראל | L11: TASE | M11: אחר | N11: מניות לרבות מדדי מניות | O11: 30/07/3036 | P11: לא | Q11: ILS | R11: 4100 | S11: -555 | T11: 1 | U11: 544000 | V11: -3019.2 | W11: 4.9454545 | X11: -0.0038992187
A12: 1038 | B12: 1038 | C12: מסלקת הבורסה | D12: 520027152 | E12: ח.פ. | F12: תC004100M607-35 | G12: IL0865060037 | H12: ISIN | I12: מניה | J12: ישראל | K12: ישראל | L12: TASE | M12: אחר | N12: מניות לרבות מדדי מניות | O12: 30/07/2026 | P12: לא | Q12: ILS | R12: 4100 | S12: 108 | T12: 1 | U12: 434000 | V12: 468.72 | W12: -3.9454545 | X12: 0.0001085124
A13: 1038 | B13: 1038 | C13: מסלקת הבורסה | D13: 520027152 | E13: ח.פ. | F13: תP004100M607-35 | G13: IL0865071596 | H13: ISIN | I13: מניה | J13: ישראל | K13: ישראל | L13: TASE | M13: אחר | N13: מניות לרבות מדדי מניות | O13: 30/07/3036 | P13: לא | Q13: ILS | R13: 4100 | S13: -108 | T13: 1 | U13: 544000 | V13: -587.52 | W13: 4.9454545 | X13: -0.00013601554
... A27: 11389 | B27: 15715 | C27: מסלקת הבורסה | D27: 520027152 | E27: ח.פ. | F27: תP004100M607-35 | G27: IL0865071596 | H27: ISIN | I27: מניה | J27: ישראל | K27: ישראל | L27: TASE | M27: אחר | N27: מניות לרבות מדדי מניות | O27: 30/07/3036 | P27: לא | Q27: ILS | R27: 4100 | S27: -110 | T27: 1 | U27: 544000 | V27: -598.4 | W27: 4.9454545 | X27: -0.0070823434

Sheet חוזים עתידיים
A1: מספר קופה/קרן/ח.פ. עבור חברת ביטוח | B1: מספר מסלול | C1: שם מנפיק | D1: מספר מנפיק | E1: סוג מספר מזהה מנפיק | F1: שם נייר ערך | G1: מספר נייר ערך | H1: סוג מספר נייר ערך | I1: ישראל/חו"ל | J1: מדינה לפי חשיפה כלכלית | K1: זירת מסחר | L1: נכס בסיס | M1: בעל עניין/צד קשור | N1: מטבע פעילות | O1: ערך נקוב (יחידות) | P1: שער חליפין | Q1: שער נייר הערך | R1: שווי הוגן (באלפי ש"ח) | S1: שיעור מנכסי אפיק ההשקעה | T1: שיעור מסך נכסי ההשקעה
A2: 1035 | B2: 1036 | C2: CHICAGO MERCANTILE EXCHANGE INC | D2: SNZ2OJLFK8MNNCLQOF39 | E2: LEI | F2: JGSN6_JGSN6_IFSC NIFTY 5 28.07.2026 | G2: JGSN6 | H2: טיקר | I2: חו"ל | J2: הודו | K2: CME | L2: מניות לרבות מדדי מניות | M2: לא | N2: USD | O2: 145 | P2: 2.978 | Q2: 23985.5 | R2: -183.408 | S2: -0.040063162 | T2: -2.9240624e-05
A3: 1035 | B3: 1036 | C3: Hong Kong Futers Exchange | D3: 213800YTVSXYQN17BW16 | E3: LEI | F3: HIN6_HANG SENG IDX FU 30.07.2026 | G3: HIN6 | H3: טיקר | I3: חו"ל | J3: סין | K3: HKSE | L3: מניות לרבות מדדי מניות | M3: לא | N3: HKD | O3: -32 | P3: 0.3803 | Q3: 22847 | R3: 313.646 | S3: 0.068512053 | T3: 5.0004421e-05
A4: 1035 | B4: 1036 | C4: CHICAGO MERCANTILE EXCHANGE INC | D4: SNZ2OJLFK8MNNCLQOF39 | E4: LEI | F4: ESU6_S&P500 EMINI FUT SEP 26 | G4: ESU6 | H4: טיקר | I4: חו"ל | J4: ארה"ב | K4: CME | L4: מניות לרבות מדדי מניות | M4: לא | N4: USD | O4: 38 | P4: 2.978 | Q4: 7548.25 | R4: 312.115 | S4: 0.068177703 | T4: 4.9760391e-05
A5: 1035 | B5: 1036 | C5: CHICAGO MERCANTILE EXCHANGE INC | D5: SNZ2OJLFK8MNNCLQOF39 | E5: LEI | F5: NQU6_NASDAQ 100 E-MINI SEP 26 | G5: NQU6 | H5: טיקר | I5: חו"ל | J5: ארה"ב | K5: CME | L5: מניות לרבות מדדי מניות | M5: לא | N5: USD | O5: 5 | P5: 2.978 | Q5: 30523.5 | R5: -102.138 | S5: -0.022310767 | T5: -1.6283806e-05
A6: 1035 | B6: 1036 | C6: EXCHANGE JPX-Nikkei | D6: 353800578ADEGIJTVW07 | E6: LEI | F6: NKU6_NIKKEI 225 Fut Sep26 | G6: NKU6 | H6: טיקר | I6: חו"ל | J6: יפן | K6: JPX | L6: מניות לרבות מדדי מניות | M6: לא | N6: JPY | O6: 52 | P6: 1.8341 | Q6: 70190 | R6: 5045.265 | S6: 1.1020765 | T6: 0.00080436497
A7: 1035 | B7: 1036 | C7: EUREX FRANKFURT AG | D7: 529900UT4DG0LG5R9O07 | E7: LEI | F7: MESU6_mini MSCI Emg Mkt SEP 26 | G7: MESU6 | H7: טיקר | I7: חו"ל | J7: ארה"ב | K7: EUREX | L7: מניות לרבות מדדי מניות | M7: לא | N7: USD | O7: 81 | P7: 2.978 | Q7: 1757.3 | R7: -187.989 | S7: -0.04106389 | T7: -2.9971019e-05
A8: 1035 | B8: 1036 | C8: EUREX FRANKFURT AG | D8: 529900UT4DG0LG5R9O07 | E8: LEI | F8: SXOU6_STOXX EUROPE 600 SEP 26 | G8: SXOU6 | H8: טיקר | I8: חו"ל | J8: אירופה | K8: EUREX | L8: מניות לרבות מדדי מניות | M8: לא | N8: EUR | O8: 357 | P8: 3.3945 | Q8: 644.3 | R8: 319.272 | S8: 0.069741076 | T8: 5.090144e-05
A9: 1035 | B9: 1036 | C9: CHICAGO MERCANTILE EXCHANGE INC | D9: SNZ2OJLFK8MNNCLQOF39 | E9: LEI | F9: RTYU6_ Emin Russell 200 SEP 2026 | G9: RTYU6 | H9: טיקר | I9: חו"ל | J9: ארה"ב | K9: CME | L9: מניות לרבות מדדי מניות | M9: לא | N9: USD | O9: -41 | P9: 2.978 | Q9: 3045.6 | R9: -357.557 | S9: -0.078104046 | T9: -5.7005263e-05
A10: 1035 | B10: 1036 | C10: EUREX FRANKFURT AG | D10: 529900UT4DG0LG5R9O07 | E10: LEI | F10: DFWU6_ DAX Mini Future SEP 26 | G10: DFWU6 | H10: טיקר | I10: חו"ל | J10: גרמניה | K10: FWB | L10: מניות לרבות מדדי מניות | M10: לא | N10: EUR | O10: 17 | P10: 3.3945 | Q10: 25136 | R10: -27.103 | S10: -0.005920229 | T10: -4.3209568e-06
A11: 1035 | B11: 1036 | C11: EUREX FRANKFURT AG | D11: 529900UT4DG0LG5R9O07 | E11: LEI | F11: GXU6_ DAX INDEX FUTURE SEP 26 | G11: GXU6 | H11: טיקר | I11: חו"ל | J11: גרמניה | K11: FWB | L11: מניות לרבות מדדי מניות | M11: לא | N11: EUR | O11: 45 | P11: 3.3945 | Q11: 25136 | R11: -361.011 | S11: -0.078858334 | T11: -5.755579e-05
A12: 1035 | B12: 1036 | C12: EUREX FRANKFURT AG | D12: 529900UT4DG0LG5R9O07 | E12: LEI | F12: ZWPU6_MSCI World Inde | G12: ZWPU6 | H12: טיקר | I12: חו"ל | J12: גלובלי | K12: EUREX | L12: מניות לרבות מדדי מניות | M12: לא | N12: USD | O12: 91 | P12: 2.978 | Q12: 15712 | R12: -410.715 | S12: -0.089715595 | T12: -6.5480104e-05
A13: 1035 | B13: 1036 | C13: Hong Kong Futers Exchange | D13: 213800YTVSXYQN17BW16 | E13: LEI | F13: XPU6_ SPI 200 FUTURE SEP 2026 | G13: XPU6 | H13: טיקר | I13: חו"ל | J13: אוסטרליה | K13: ASX | L13: מניות לרבות מדדי מניות | M13: לא | N13: AUD | O13: -33 | P13: 2.0512 | Q13: 8776 | R13: 217.585 | S13: 0.04752873 | T13: 3.4689468e-05
... A177: 11389 | B177: 15420 | C177: CHICAGO MERCANTILE EXCHANGE INC | D177: SNZ2OJLFK8MNNCLQOF39 | E177: LEI | F177: HWAU6_SP500 MIC EMIN | G177: HWAU6 | H177: טיקר | I177: חו"ל | J177: ארה"ב | K177: CME | L177: מניות לרבות מדדי מניות | M177: לא | N177: USD | O177: -6 | P177: 2.978 | Q177: 7548.25 | R177: -4.266 | S177: 0.037435728 | T177: -3.7288645e-05

Sheet מוצרים מובנים
A1: מספר קופה/קרן/ח.פ. עבור חברת ביטוח | B1: מספר מסלול | C1: שם מנפיק | D1: מספר מנפיק | E1: סוג מספר מזהה מנפיק | F1: שם נייר ערך | G1: מספר נייר ערך | H1: סוג מספר נייר ערך | I1: מאפיין עיקרי | J1: ישראל/חו"ל | K1: מדינה לפי חשיפה כלכלית | L1: סטאטוס סחירות | M1: זירת מסחר | N1: נכס בסיס | O1: בעל עניין/צד קשור | P1: מח"מ | Q1: שיעור ריבית | R1: תשואה לפדיון | S1: דירוג | T1: שם מדרג | U1: דירוג נייר הערך/המנפיק | V1: מטבע פעילות | W1: ערך נקוב (יחידות) | X1: שער חליפין | Y1: שער נייר הערך | Z1: שווי הוגן (באלפי ש"ח) | AA1: שיעור מנכסי אפיק ההשקעה | AB1: שיעור מסך נכסי ההשקעה
A2: 1035 | B2: 1037 | C2: הראל פיקדון סחיר בע"מ | D2: 515989440 | E2: ח.פ. | F2: הראל פיקדון אגח ב' | G2: IL0011625022 | H2: ISIN | I2: קרן מובטחת | J2: ישראל | K2: ישראל | L2: סחיר | M2: TASE | N2: ריבית ואג"ח | O2: לא | P2: 0.564 | Q2: 0.012 | R2: 0.03365 | S2: Aaa | T2: מידרוג Moodys | U2: נייר ערך | V2: ILS | W2: 1713095 | X2: 1 | Y2: 106.7 | Z2: 1827.872 | AA2: 0.15998102 | AB2: 0.0044098546
A3: 1035 | B3: 1037 | C3: אלה פקדונות בע"מ | D3: 515666881 | E3: ח.פ. | F3: אלה פקדון אגח ה | G3: IL0011625774 | H3: ISIN | I3: קרן מובטחת | J3: ישראל | K3: ישראל | L3: סחיר | M3: TASE | N3: מדד המחירים לצרכן | O3: לא | P3: 2.567 | Q3: 0.0005 | R3: 0.02261 | S3: AAA | T3: S&P מעלות | U3: נייר ערך | V3: ILS | W3: 8506414.8 | X3: 1 | Y3: 112.1 | Z3: 9535.691 | AA3: 0.83459303 | AB3: 0.023005441
A4: 1035 | B4: 1037 | C4: קרדיטו הנפקות בע"מ | D4: 516804499 | E4: ח.פ. | F4: קרדיטו אגח א | G4: IL0012103276 | H4: ISIN | I4: קרן מובטחת | J4: ישראל | K4: ישראל | L4: סחיר | M4: TASE | N4: ריבית ואג"ח | O4: לא | P4: 9.290 | Q4: 0.0655 | R4: 0.04733 | S4: AAA | T4: S&P מעלות | U4: נייר ערך | V4: ILS | W4: 52162 | X4: 1 | Y4: 118.85 | Z4: 61.995 | AA4: 0.0054259527 | AB4: 0.00014956564
A5: 1035 | B5: 1360 | C5: הראל פיקדון סחיר בע"מ | D5: 515989440 | E5: ח.פ. | F5: הראל פיקדון אגח ב' | G5: IL0011625022 | H5: ISIN | I5: קרן מובטחת | J5: ישראל | K5: ישראל | L5: סחיר | M5: TASE | N5: ריבית ואג"ח | O5: לא | P5: 0.564 | Q5: 0.012 | R5: 0.03365 | S5: Aaa | T5: מידרוג Moodys | U5: נייר ערך | V5: ILS | W5: 200000 | X5: 1 | Y5: 106.7 | Z5: 213.4 | AA5: 0.12566021 | AB5: 0.0023940599
A6: 1035 | B6: 1360 | C6: אלה פקדונות בע"מ | D6: 515666881 | E6: ח.פ. | F6: אלה פקדון אגח ה | G6: IL0011625774 | H6: ISIN | I6: קרן מובטחת | J6: ישראל | K6: ישראל | L6: סחיר | M6: TASE | N6: מדד המחירים לצרכן | O6: לא | P6: 2.567 | Q6: 0.0005 | R6: 0.02261 | S6: AAA | T6: S&P מעלות | U6: נייר ערך | V6: ILS | W6: 1324558.8 | X6: 1 | Y6: 112.1 | Z6: 1484.83 | AA6: 0.87433979 | AB6: 0.016657793
A7: 1035 | B7: 9939 | C7: הראל פיקדון סחיר בע"מ | D7: 515989440 | E7: ח.פ. | F7: הראל פיקדון אגח ב' | G7: IL0011625022 | H7: ISIN | I7: קרן מובטחת | J7: ישראל | K7: ישראל | L7: סחיר | M7: TASE | N7: ריבית ואג"ח | O7: לא | P7: 0.564 | Q7: 0.012 | R7: 0.03365 | S7: Aaa | T7: מידרוג Moodys | U7: נייר ערך | V7: ILS | W7: 1090573 | X7: 1 | Y7: 106.7 | Z7: 1163.641 | AA7: 0.11313014 | AB7: 0.00029545497
A8: 1035 | B8: 9939 | C8: אלה פקדונות בע"מ | D8: 515666881 | E8: ח.פ. | F8: אלה פקדון אגח ה | G8: IL0011625774 | H8: ISIN | I8: קרן מובטחת | J8: ישראל | K8: ישראל | L8: סחיר | M8: TASE | N8: מדד המחירים לצרכן | O8: לא | P8: 2.567 | Q8: 0.0005 | R8: 0.02261 | S8: AAA | T8: S&P מעלות | U8: נייר ערך | V8: ILS | W8: 7403491 | X8: 1 | Y8: 112.1 | Z8: 8299.313 | AA8: 0.80686583 | AB8: 0.0021072415
A9: 1035 | B9: 9939 | C9: קרדיטו הנפקות בע"מ | D9: 516804499 | E9: ח.פ. | F9: קרדיטו אגח א | G9: IL0012103276 | H9: ISIN | I9: קרן מובטחת | J9: ישראל | K9: ישראל | L9: סחיר | M9: TASE | N9: ריבית ואג"ח | O9: לא | P9: 9.290 | Q9: 0.0655 | R9: 0.04733 | S9: AAA | T9: S&P מעלות | U9: נייר ערך | V9: ILS | W9: 692394.42 | X9: 1 | Y9: 118.85 | Z9: 822.911 | AA9: 0.080004037 | AB9: 0.00020894159
A10: 1035 | B10: 9940 | C10: הראל פיקדון סחיר בע"מ | D10: 515989440 | E10: ח.פ. | F10: הראל פיקדון אגח ב' | G10: IL0011625022 | H10: ISIN | I10: קרן מובטחת | J10: ישראל | K10: ישראל | L10: סחיר | M10: TASE | N10: ריבית ואג"ח | O10: לא | P10: 0.564 | Q10: 0.012 | R10: 0.03365 | S10: Aaa | T10: מידרוג Moodys | U10: נייר ערך | V10: ILS | W10: 3940009 | X10: 1 | Y10: 106.7 | Z10: 4203.99 | AA10: 0.090373011 | AB10: 0.00034009143
A11: 1035 | B11: 9940 | C11: אלה פקדונות בע"מ | D11: 515666881 | E11: ח.פ. | F11: אלה פקדון אגח ה | G11: IL0011625774 | H11: ISIN | I11: קרן מובטחת | J11: ישראל | K11: ישראל | L11: סחיר | M11: TASE | N11: מדד המחירים לצרכן | O11: לא | P11: 2.567 | Q11: 0.0005 | R11: 0.02261 | S11: AAA | T11: S&P מעלות | U11: נייר ערך | V11: ILS | W11: 34571349 | X11: 1 | Y11: 112.1 | Z11: 38754.482 | AA11: 0.83310369 | AB11: 0.0031351332
A12: 1035 | B12: 9940 | C12: קרדיטו הנפקות בע"מ | D12: 516804499 | E12: ח.פ. | F12: קרדיטו אגח א | G12: IL0012103276 | H12: ISIN | I12: קרן מובטחת | J12: ישראל | K12: ישראל | L12: סחיר | M12: TASE | N12: ריבית ואג"ח | O12: לא | P12: 9.290 | Q12: 0.0655 | R12: 0.04733 | S12: AAA | T12: S&P מעלות | U12: נייר ערך | V12: ILS | W12: 2995141.9 | X12: 1 | Y12: 118.85 | Z12: 3559.726 | AA12: 0.076523303 | AB12: 0.00028797225
A13: 1035 | B13: 9941 | C13: הראל פיקדון סחיר בע"מ | D13: 515989440 | E13: ח.פ. | F13: הראל פיקדון אגח ב' | G13: IL0011625022 | H13: ISIN | I13: קרן מובטחת | J13: ישראל | K13: ישראל | L13: סחיר | M13: TASE | N13: ריבית ואג"ח | O13: לא | P13: 0.564 | Q13: 0.012 | R13: 0.03365 | S13: Aaa | T13: מידרוג Moodys | U13: נייר ערך | V13: ILS | W13: 4303031 | X13: 1 | Y13: 106.7 | Z13: 4591.334 | AA13: 0.11791033 | AB13: 0.00065928509
... A45: 11389 | B45: 11393 | C45: אלה פקדונות בע"מ | D45: 515666881 | E45: ח.פ. | F45: אלה פקדון אגח ה | G45: IL0011625774 | H45: ISIN | I45: קרן מובטחת | J45: ישראל | K45: ישראל | L45: סחיר | M45: TASE | N45: מדד המחירים לצרכן | O45: לא | P45: 2.567 | Q45: 0.0005 | R45: 0.02261 | S45: AAA | T45: S&P מעלות | U45: נייר ערך | V45: ILS | W45: 167031.98 | X45: 1 | Y45: 112.1 | Z45: 187.243 | AA45: 0.77364821 | AB45: 0.0080982849

Sheet לא סחיר איגרות חוב ממשלתיות
A1: מספר קופה/קרן/ח.פ. עבור חברת ביטוח | B1: מספר מסלול | C1: שם מנפיק | D1: שם נייר ערך | E1: מספר נייר ערך | F1: סוג מספר נייר ערך | G1: מאפיין עיקרי | H1: ישראל/חו"ל | I1: מדינה לפי חשיפה כלכלית | J1: תאריך רכישה | K1: דירוג | L1: שם מדרג | M1: מטבע פעילות | N1: מח"מ | O1: מועד פדיון | P1: שיעור ריבית | Q1: תשואה לפדיון | R1: ערך נקוב (יחידות) | S1: שער חליפין | T1: שער נייר הערך | U1: שווי הוגן (באלפי ש"ח) | V1: עלות מופחתת (באלפי ש"ח) | W1: השיטה שיושמה בדוח הכספי | X1: שיעור מנכסי אפיק ההשקעה | Y1: שיעור מסך נכסי ההשקעה

Sheet לא סחיר איגרות חוב מיועדות
A1: מספר קופה/קרן/ח.פ. עבור חברת ביטוח | B1: מספר מסלול | C1: מאפיין עיקרי | D1: שם נייר ערך | E1: מספר נייר ערך | F1: תאריך רכישה | G1: מח"מ | H1: סוג הצמדה | I1: מועד פדיון | J1: שיעור ריבית | K1: תשואה לפדיון | L1: ערך נקוב (יחידות) | M1: שער נייר הערך | N1: שווי הוגן (באלפי ש"ח) | O1: עלות מופחתת (באלפי ש"ח) | P1: השיטה שיושמה בדוח הכספי | Q1: שיעור מנכסי אפיק ההשקעה | R1: שיעור מסך נכסי ההשקעה

Sheet אפיק השקעה מובטח תשואה
A1: מספר קרן | B1: מספר מסלול | C1: מאפיין עיקרי | D1: חודש הנפקת שכבה | E1: חודש הבדיקה | F1: שווי הנכסים באפיק (באלפי ש"ח) | G1: שיעור מסך נכסי ההשקעה

Sheet לא סחיר ניירות ערך מסחריים
A1: מספר קופה/קרן/ח.פ. עבור חברת ביטוח | B1: מספר מסלול | C1: שם מנפיק | D1: מספר מנפיק | E1: סוג מספר מזהה מנפיק | F1: שם נייר ערך | G1: מספר נייר ערך | H1: סוג מספר נייר ערך | I1: מאפיין עיקרי | J1: ישראל/חו"ל | K1: מדינה לפי חשיפה כלכלית | L1: ענף מסחר | M1: בעל עניין/צד קשור | N1: תאריך רכישה | O1: דירוג | P1: שם מדרג | Q1: דירוג נייר הערך/המנפיק | R1: מטבע פעילות | S1: מח"מ | T1: סוג הצמדה | U1: ריבית עוגן | V1: מועד פדיון | W1: שיעור ריבית | X1: תשואה לפדיון | Y1: נחיתות חוזית | Z1: האם סווג כחוב בעייתי | AA1: סוג גורם משערך | AB1: תלות/אי-תלות המשערך | AC1: שם גורם משערך | AD1: תאריך שערוך אחרון | AE1: תאריך אחרון בו נבחנה בפועל ירידת ערך | AF1: ערך נקוב (יחידות) | AG1: שער חליפין | AH1: שער נייר הערך | AI1: שווי הוגן (באלפי ש"ח) | AJ1: עלות מופחתת (באלפי ש"ח) | AK1: עלות מופחתת (במטבע הפעילות) | AL1: השיטה שיושמה בדוח הכספי | AM1: שיעור מנכסי אפיק ההשקעה | AN1: שיעור מסך נכסי ההשקעה
A2: 1035 | B2: 1037 | C2: אלקטרה נדל"ן בע"מ | D2: 510607328 | E2: ח.פ. | F2: אלקטרה נדלן נעמ 1 | G2: IL0012254327 | H2: ISIN | I2: נש"ר לא צמוד למדד המחירים לצרכן | J2: ישראל | K2: ארה"ב | L2: נדל"ן מניב בחו"ל | M2: לא | N2: 16/07/2025 | O2: A-2 | P2: S&P מעלות | Q2: נייר ערך | R2: ILS | S2: 0.08 | T2: לא צמוד | U2: ללא | V2: 15/07/2030 | W2: 0.0549 | X2: 0.0551 | Y2: החוב לא נחות | AA2: חברת ציטוט | AB2: אי-תלות | AC2: Ness Fair Value | AD2: 30/06/2026 | AF2: 949000 | AG2: 1 | AH2: 105.23 | AI2: 998.633 | AL2: שווי הוגן | AM2: 1 | AN2: 0.0024092628
A3: 1035 | B3: 9939 | C3: רפאל-רשות לפיתוח אמצעי לחימה בע"מ | D3: 520042185 | E3: ח.פ. | F3: נייר ערך מסחרי רפאל סדרה 3 | G3: IL0012202193 | H3: ISIN | I3: נש"ר צמוד למט"ח | J3: ישראל | K3: ישראל | L3: ביטחוניות | M3: לא | N3: 09/04/2025 | O3: P-1 | P3: מידרוג Moodys | Q3: נייר ערך | R3: USD | S3: 0.02 | T3: לא צמוד | U3: SOFR | V3: 13/03/2030 | W3: 0.0440166 | X3: 0.0469 | Y3: החוב לא נחות | AA3: חברת ציטוט | AB3: אי-תלות | AC3: Ness Fair Value | AD3: 30/06/2026 | AF3: 2870000 | AG3: 2.978 | AH3: 100.04 | AI3: 8582.148 | AL3: שווי הוגן | AM3: 0.66367229 | AN3: 0.0021790548
A4: 1035 | B4: 9939 | C4: אלקטרה נדל"ן בע"מ | D4: 510607328 | E4: ח.פ. | F4: אלקטרה נדלן נעמ 1 | G4: IL0012254327 | H4: ISIN | I4: נש"ר לא צמוד למדד המחירים לצרכן | J4: ישראל | K4: ארה"ב | L4: נדל"ן מניב בחו"ל | M4: לא | N4: 16/07/2025 | O4: A-2 | P4: S&P מעלות | Q4: נייר ערך | R4: ILS | S4: 0.08 | T4: לא צמוד | U4: ללא | V4: 15/07/2030 | W4: 0.0549 | X4: 0.0551 | Y4: החוב לא נחות | AA4: חברת ציטוט | AB4: אי-תלות | AC4: Ness Fair Value | AD4: 30/06/2026 | AF4: 4133000 | AG4: 1 | AH4: 105.23 | AI4: 4349.156 | AL4: שווי הוגן | AM4: 0.33632771 | AN4: 0.0011042747
A5: 1035 | B5: 9940 | C5: רפאל-רשות לפיתוח אמצעי לחימה בע"מ | D5: 520042185 | E5: ח.פ. | F5: נייר ערך מסחרי רפאל סדרה 3 | G5: IL0012202193 | H5: ISIN | I5: נש"ר צמוד למט"ח | J5: ישראל | K5: ישראל | L5: ביטחוניות | M5: לא | N5: 09/04/2025 | O5: P-1 | P5: מידרוג Moodys | Q5: נייר ערך | R5: USD | S5: 0.02 | T5: לא צמוד | U5: SOFR | V5: 13/03/2030 | W5: 0.0440166 | X5: 0.0469 | Y5: החוב לא נחות | AA5: חברת ציטוט | AB5: אי-תלות | AC5: Ness Fair Value | AD5: 30/06/2026 | AF5: 9690000 | AG5: 2.978 | AH5: 100.04 | AI5: 28975.964 | AL5: שווי הוגן | AM5: 0.58583354 | AN5: 0.0023440774
A6: 1035 | B6: 9940 | C6: אלקטרה נדל"ן בע"מ | D6: 510607328 | E6: ח.פ. | F6: אלקטרה נדלן נעמ 1 | G6: IL0012254327 | H6: ISIN | I6: נש"ר לא צמוד למדד המחירים לצרכן | J6: ישראל | K6: ארה"ב | L6: נדל"ן מניב בחו"ל | M6: לא | N6: 16/07/2025 | O6: A-2 | P6: S&P מעלות | Q6: נייר ערך | R6: ILS | S6: 0.08 | T6: לא צמוד | U6: ללא | V6: 15/07/2030 | W6: 0.0549 | X6: 0.0551 | Y6: החוב לא נחות | AA6: חברת ציטוט | AB6: אי-תלות | AC6: Ness Fair Value | AD6: 30/06/2026 | AF6: 19467000 | AG6: 1 | AH6: 105.23 | AI6: 20485.124 | AL6: שווי הוגן | AM6: 0.41416646 | AN6: 0.0016571913
A7: 1035 | B7: 9941 | C7: רפאל-רשות לפיתוח אמצעי לחימה בע"מ | D7: 520042185 | E7: ח.פ. | F7: נייר ערך מסחרי רפאל סדרה 3 | G7: IL0012202193 | H7: ISIN | I7: נש"ר צמוד למט"ח | J7: ישראל | K7: ישראל | L7: ביטחוניות | M7: לא | N7: 09/04/2025 | O7: P-1 | P7: מידרוג Moodys | Q7: נייר ערך | R7: USD | S7: 0.02 | T7: לא צמוד | U7: SOFR | V7: 13/03/2030 | W7: 0.0440166 | X7: 0.0469 | Y7: החוב לא נחות | AA7: חברת ציטוט | AB7: אי-תלות | AC7: Ness Fair Value | AD7: 30/06/2026 | AF7: 4460000 | AG7: 2.978 | AH7: 100.04 | AI7: 13336.718 | AL7: שווי הוגן | AM7: 0.47840611 | AN7: 0.0019150642
A8: 1035 | B8: 9941 | C8: אלקטרה נדל"ן בע"מ | D8: 510607328 | E8: ח.פ. | F8: אלקטרה נדלן נעמ 1 | G8: IL0012254327 | H8: ISIN | I8: נש"ר לא צמוד למדד המחירים לצרכן | J8: ישראל | K8: ארה"ב | L8: נדל"ן מניב בחו"ל | M8: לא | N8: 16/07/2025 | O8: A-2 | P8: S&P מעלות | Q8: נייר ערך | R8: ILS | S8: 0.08 | T8: לא צמוד | U8: ללא | V8: 15/07/2030 | W8: 0.0549 | X8: 0.0551 | Y8: החוב לא נחות | AA8: חברת ציטוט | AB8: אי-תלות | AC8: Ness Fair Value | AD8: 30/06/2026 | AF8: 13818000 | AG8: 1 | AH8: 105.23 | AI8: 14540.681 | AL8: שווי הוגן | AM8: 0.52159389 | AN8: 0.0020879453
A9: 1038 | B9: 1038 | C9: אלקטרה נדל"ן בע"מ | D9: 510607328 | E9: ח.פ. | F9: אלקטרה נדלן נעמ 1 | G9: IL0012254327 | H9: ISIN | I9: נש"ר לא צמוד למדד המחירים לצרכן | J9: ישראל | K9: ארה"ב | L9: נדל"ן מניב בחו"ל | M9: לא | N9: 16/07/2025 | O9: A-2 | P9: S&P מעלות | Q9: נייר ערך | R9: ILS | S9: 0.08 | T9: לא צמוד | U9: ללא | V9: 15/07/2030 | W9: 0.0549 | X9: 0.0551 | Y9: החוב לא נחות | AA9: חברת ציטוט | AB9: אי-תלות | AC9: Ness Fair Value | AD9: 30/06/2026 | AF9: 9680000 | AG9: 1 | AH9: 105.23 | AI9: 10186.264 | AL9: שווי הוגן | AM9: 1 | AN9: 0.0023582009
A10: 1038 | B10: 1162 | C10: רפאל-רשות לפיתוח אמצעי לחימה בע"מ | D10: 520042185 | E10: ח.פ. | F10: נייר ערך מסחרי רפאל סדרה 3 | G10: IL0012202193 | H10: ISIN | I10: נש"ר צמוד למט"ח | J10: ישראל | K10: ישראל | L10: ביטחוניות | M10: לא | N10: 09/04/2025 | O10: P-1 | P10: מידרוג Moodys | Q10: נייר ערך | R10: USD | S10: 0.02 | T10: לא צמוד | U10: SOFR | V10: 13/03/2030 | W10: 0.0440166 | X10: 0.0469 | Y10: החוב לא נחות | AA10: חברת ציטוט | AB10: אי-תלות | AC10: Ness Fair Value | AD10: 30/06/2026 | AF10: 19580000 | AG10: 2.978 | AH10: 100.04 | AI10: 58549.988 | AL10: שווי הוגן | AM10: 0.60741701 | AN10: 0.0025844977
A11: 1038 | B11: 1162 | C11: אלקטרה נדל"ן בע"מ | D11: 510607328 | E11: ח.פ. | F11: אלקטרה נדלן נעמ 1 | G11: IL0012254327 | H11: ISIN | I11: נש"ר לא צמוד למדד המחירים לצרכן | J11: ישראל | K11: ארה"ב | L11: נדל"ן מניב בחו"ל | M11: לא | N11: 16/07/2025 | O11: A-2 | P11: S&P מעלות | Q11: נייר ערך | R11: ILS | S11: 0.08 | T11: לא צמוד | U11: ללא | V11: 15/07/2030 | W11: 0.0549 | X11: 0.0551 | Y11: החוב לא נחות | AA11: חברת ציטוט | AB11: אי-תלות | AC11: Ness Fair Value | AD11: 30/06/2026 | AF11: 35961000 | AG11: 1 | AH11: 105.23 | AI11: 37841.76 | AL11: שווי הוגן | AM11: 0.39258299 | AN11: 0.0016704007
A12: 1038 | B12: 1319 | C12: אלקטרה נדל"ן בע"מ | D12: 510607328 | E12: ח.פ. | F12: אלקטרה נדלן נעמ 1 | G12: IL0012254327 | H12: ISIN | I12: נש"ר לא צמוד למדד המחירים לצרכן | J12: ישראל | K12: ארה"ב | L12: נדל"ן מניב בחו"ל | M12: לא | N12: 16/07/2025 | O12: A-2 | P12: S&P מעלות | Q12: נייר ערך | R12: ILS | S12: 0.08 | T12: לא צמוד | U12: ללא | V12: 15/07/2030 | W12: 0.0549 | X12: 0.0551 | Y12: החוב לא נחות | AA12: חברת ציטוט | AB12: אי-תלות | AC12: Ness Fair Value | AD12: 30/06/2026 | AF12: 1400000 | AG12: 1 | AH12: 105.23 | AI12: 1473.22 | AL12: שווי הוגן | AM12: 1 | AN12: 0.0028632504
A13: 1039 | B13: 1039 | C13: רפאל-רשות לפיתוח אמצעי לחימה בע"מ | D13: 520042185 | E13: ח.פ. | F13: נייר ערך מסחרי רפאל סדרה 3 | G13: IL0012202193 | H13: ISIN | I13: נש"ר צמוד למט"ח | J13: ישראל | K13: ישראל | L13: ביטחוניות | M13: לא | N13: 09/04/2025 | O13: P-1 | P13: מידרוג Moodys | Q13: נייר ערך | R13: USD | S13: 0.02 | T13: לא צמוד | U13: SOFR | V13: 13/03/2030 | W13: 0.0440166 | X13: 0.0469 | Y13: החוב לא נחות | AA13: חברת ציטוט | AB13: אי-תלות | AC13: Ness Fair Value | AD13: 30/06/2026 | AF13: 140000 | AG13: 2.978 | AH13: 100.04 | AI13: 418.641 | AL13: שווי הוגן | AM13: 0.64080612 | AN13: 0.0018674185
... A21: 11389 | B21: 11392 | C21: אלקטרה נדל"ן בע"מ | D21: 510607328 | E21: ח.פ. | F21: אלקטרה נדלן נעמ 1 | G21: IL0012254327 | H21: ISIN | I21: נש"ר לא צמוד למדד המחירים לצרכן | J21: ישראל | K21: ארה"ב | L21: נדל"ן מניב בחו"ל | M21: לא | N21: 16/07/2025 | O21: A-2 | P21: S&P מעלות | Q21: נייר ערך | R21: ILS | S21: 0.08 | T21: לא צמוד | U21: ללא | V21: 15/07/2030 | W21: 0.0549 | X21: 0.0551 | Y21: החוב לא נחות | AA21: חברת ציטוט | AB21: אי-תלות | AC21: Ness Fair Value | AD21: 30/06/2026 | AF21: 634000 | AG21: 1 | AH21: 105.23 | AI21: 667.158 | AL21: שווי הוגן | AM21: 0.4923945 | AN21: 0.0020585521

Sheet לא סחיר איגרות חוב
A1: מספר קופה/קרן/ח.פ. עבור חברת ביטוח | B1: מספר מסלול | C1: שם מנפיק | D1: מספר מנפיק | E1: סוג מספר מזהה מנפיק | F1: שם נייר ערך | G1: מספר נייר ערך | H1: סוג מספר נייר ערך | I1: מאפיין עיקרי | J1: ישראל/חו"ל | K1: מדינה לפי חשיפה כלכלית | L1: סטאטוס סחירות | M1: ענף מסחר | N1: בעל עניין/צד קשור | O1: תאריך רכישה | P1: דירוג | Q1: שם מדרג | R1: דירוג נייר הערך/המנפיק | S1: מטבע פעילות | T1: מח"מ | U1: מועד פדיון | V1: תשואה לפדיון | W1: שיעור ריבית | X1: נחיתות חוזית | Y1: האם סווג כחוב בעייתי | Z1: סוג גורם משערך | AA1: תלות/אי-תלות המשערך | AB1: תאריך שערוך אחרון | AC1: תאריך אחרון בו נבחנה בפועל ירידת ערך | AD1: ערך נקוב (יחידות) | AE1: שער חליפין | AF1: שער נייר הערך | AG1: שווי הוגן (באלפי ש"ח) | AH1: עלות מופחתת (באלפי ש"ח) | AI1: עלות מופחתת (במטבע הפעילות) | AJ1: השיטה שיושמה בדוח הכספי | AK1: שיעור מנכסי אפיק ההשקעה | AL1: שיעור מסך נכסי ההשקעה
A2: 1035 | B2: 1036 | C2: סיאלו טכנולוגיה ישראל בע"מ | D2: 513310235 | E2: ח.פ. | F2: סיאלו אגח א ( מחוקה ) | G2: IL0011020604 | H2: ISIN | I2: אחר | J2: ישראל | K2: ישראל | L2: לא סחיר | M2: מכשור רפואי | N2: לא | O2: 17/09/2007 | P2: NR | Q2: NR | R2: NR | S2: ILS | T2: NA | U2: 28/09/2019 | V2: 0.0001 | W2: 0.07 | X2: החוב לא נחות | Z2: גורם תלוי/פנימי | AA2: קיימת תלות | AB2: 27/04/2026 | AD2: 28740 | AE2: 1 | AF2: 0 | AG2: 0 | AJ2: שווי הוגן | AK2: 1.4528501e-07 | AL2: 4.5820085e-14
A3: 1035 | B3: 1036 | C3: אלומיי החזקות תלמי יוסף בע"מ | D3: 513027292 | E3: ח.פ. | F3: ציפ פיסי אגח א | G3: 1106467 | H3: פנימי | I3: אחר | J3: ישראל | K3: ישראל | L3: לא סחיר | M3: אחר | N3: לא | O3: 22/08/2007 | P3: NR | Q3: NR | R3: NR | S3: ILS | T3: 0.010 | U3: 31/12/2024 | V3: 0.0001 | W3: 0.069901 | X3: החוב לא נחות | Z3: גורם תלוי/פנימי | AA3: קיימת תלות | AB3: 27/04/2026 | AD3: 40490 | AE3: 1 | AF3: 3 | AG3: 1.215 | AJ3: שווי הוגן | AK3: 0.61404907 | AL3: 1.9365921e-07
A4: 1035 | B4: 1036 | C4: אינטרנט גולד - קווי זהב בע"מ | D4: 520044264 | E4: ח.פ. | F4: אינטרנט זהב אגח ד | G4: IL0011316143 | H4: ISIN | I4: אחר | J4: ישראל | K4: ישראל | L4: לא סחיר | M4: חברות ללא פעילות ומעטפת | N4: לא | O4: 12/04/2018 | P4: NR | Q4: NR | R4: NR | S4: ILS | T4: NA | U4: 15/09/2022 | V4: 0.0001 | W4: 0.06 | X4: החוב לא נחות | Z4: גורם תלוי/פנימי | AA4: קיימת תלות | AB4: 27/04/2026 | AD4: 1019703.7 | AE4: 1 | AF4: 0 | AG4: 0 | AJ4: שווי הוגן | AK4: 5.1547549e-06 | AL4: 1.6257101e-12
A5: 1035 | B5: 1036 | C5: ברוקלנד | D5: 1814237 | E5: פנימי | F5: ברוקלנד אפריל אגח ב (מחוקה | G5: IL0011369936 | H5: ISIN | I5: אחר | J5: ישראל | K5: ארה"ב | L5: לא סחיר | M5: בנייה | N5: לא | O5: 13/11/2018 | P5: NR | Q5: NR | R5: NR | S5: ILS | T5: NA | U5: 01/12/2021 | V5: 0.0001 | W5: 0.0885 | X5: החוב לא נחות | Z5: גורם תלוי/פנימי | AA5: קיימת תלות | AB5: 27/04/2026 | AD5: 220871.23 | AE5: 1 | AF5: 0 | AG5: 0 | AJ5: שווי הוגן | AK5: 1.1165372e-06 | AL5: 3.5213425e-13
A6: 1035 | B6: 1036 | C6: פסיפיקה אחזקות בע"מ | D6: 520039215 | E6: ח.פ. | F6: פסיפיקה אגח א(מחוקה) | G6: IL0043800445 | H6: ISIN | I6: אחר | J6: ישראל | K6: ישראל | L6: לא סחיר | M6: אחר | N6: לא | O6: 23/07/2007 | P6: NR | Q6: NR | R6: NR | S6: ILS | T6: NA | U6: 28/09/2019 | V6: 0.0001 | W6: 0.025 | X6: החוב לא נחות | Z6: גורם תלוי/פנימי | AA6: קיימת תלות | AB6: 27/04/2026 | AD6: 640 | AE6: 1 | AF6: 0 | AG6: 0 | AJ6: שווי הוגן | AK6: 3.235296e-09 | AL6: 1.0203498e-15
A7: 1035 | B7: 1036 | C7: אפריקה-ישראל להשקעות בע"מ | D7: 520005067 | E7: ח.פ. | F7: אפריקה אגח כו (סכומים לקבל) | G7: IL0061103656 | H7: ISIN | I7: אחר | J7: ישראל | K7: ישראל | L7: לא סחיר | M7: אחר | N7: לא | O7: 16/05/2010 | P7: NR | Q7: NR | R7: NR | S7: ILS | T7: NA | U7: 30/09/2021 | V7: 0.0001 | W7: 0.06 | X7: החוב לא נחות | Z7: גורם תלוי/פנימי | AA7: קיימת תלות | AB7: 27/04/2026 | AD7: 1044998.9 | AE7: 1 | AF7: 0 | AG7: 0 | AJ7: שווי הוגן | AK7: 5.2826261e-06 | AL7: 1.6660382e-12
A8: 1035 | B8: 1036 | C8: אול-יר הולדינגס לימיטד | D8: 1841580 | E8: מספר תאגיד או שותפות בחו"ל | F8: אול- יר אגח ה | G8: IL0011433047 | H8: ISIN | I8: נש"ר לא צמוד למדד המחירים לצרכן | J8: ישראל | K8: ארה"ב | L8: לא סחיר | M8: נדל"ן מניב בחו"ל | N8: לא | O8: 11/10/2021 | P8: NR | Q8: NR | R8: NR | S8: ILS | T8: NA | U8: 31/07/2024 | V8: 0.0001 | W8: 0.03 | X8: החוב לא נחות | Z8: גורם תלוי/פנימי | AA8: קיימת תלות | AB8: 27/04/2026 | AD8: 85274.41 | AE8: 1 | AF8: 0 | AG8: 0 | AJ8: שווי הוגן | AK8: 4.3107493e-07 | AL8: 1.359527e-13
A9: 1035 | B9: 1036 | C9: אלביט מדיקל טכנולוג'יס בע"מ | D9: 520039645 | E9: ח.פ. | F9: אנטר הולדינג אגח ב לס | G9: 47401631 | H9: פנימי | I9: אחר | J9: ישראל | K9: ישראל | L9: לא סחיר | M9: השקעה ואחזקות | N9: לא | O9: 28/06/2010 | P9: NR | Q9: NR | R9: NR | S9: ILS | T9: NA | U9: 28/09/2019 | V9: 0.0001 | W9: 0.0745 | X9: החוב לא נחות | Z9: גורם תלוי/פנימי | AA9: קיימת תלות | AB9: 27/04/2026 | AD9: 136380.16 | AE9: 1 | AF9: 0 | AG9: 0 | AJ9: שווי הוגן | AK9: 6.8942216e-07 | AL9: 2.1743043e-13
A10: 1035 | B10: 1036 | C10: אלון חברת הדלק לישראל בע"מ | D10: 520041690 | E10: ח.פ. | F10: אלון חברת הדלק רמ אגח א (י | G10: IL0011015679 | H10: ISIN | I10: נש"ר צמוד למדד המחירים לצרכן | J10: ישראל | K10: ישראל | L10: לא סחיר | M10: השקעה ואחזקות | N10: לא | O10: 31/07/2016 | P10: NR | Q10: NR | R10: NR | S10: ILS | T10: NA | U10: 30/06/2024 | V10: 0.04102 | W10: 0.0535 | X10: החוב לא נחות | Z10: גורם תלוי/פנימי | AA10: קיימת תלות | AB10: 27/04/2026 | AD10: 97556.58 | AE10: 1 | AF10: 0 | AG10: 0 | AJ10: שווי הוגן | AK10: 4.9316314e-07 | AL10: 1.5553412e-13
A11: 1035 | B11: 1036 | C11: גמול חברה להשקעות בע"מ | D11: 520018136 | E11: ח.פ. | F11: גמול השקעות אגח ב | G11: IL0011167553 | H11: ISIN | I11: נש"ר צמוד למדד המחירים לצרכן | J11: ישראל | K11: ישראל | L11: לא סחיר | M11: אחר | N11: לא | O11: 06/07/2014 | P11: NR | Q11: NR | R11: NR | S11: ILS | T11: NA | U11: 30/09/2021 | V11: 0.0001 | W11: 0.045 | X11: החוב לא נחות | Z11: גורם תלוי/פנימי | AA11: קיימת תלות | AB11: 27/04/2026 | AD11: 24949.47 | AE11: 1 | AF11: 3.06 | AG11: 0.763 | AJ11: שווי הוגן | AK11: 0.38593734 | AL11: 1.2171718e-07
A12: 1035 | B12: 1036 | C12: אלרן נדל"ן בע"מ | D12: 511315707 | E12: ח.פ. | F12: אלרן נדלן אגח ג | G12: IL0011246506 | H12: ISIN | I12: נש"ר צמוד למדד המחירים לצרכן | J12: ישראל | K12: רוסיה | L12: לא סחיר | M12: אחר | N12: לא | O12: 18/06/2015 | P12: NR | Q12: NR | R12: NR | S12: ILS | T12: NA | U12: 30/11/2012 | V12: 0.0001 | W12: 0.134136 | X12: החוב לא נחות | Z12: גורם תלוי/פנימי | AA12: קיימת תלות | AB12: 27/04/2026 | AD12: 1975.64 | AE12: 1 | AF12: 0 | AG12: 0 | AJ12: שווי הוגן | AK12: 9.9871565e-09 | AL12: 3.1497562e-15
A13: 1035 | B13: 1036 | C13: מעין ונצ'ורס בע"מ | D13: 512420647 | E13: ח.פ. | F13: מעין ונצורס אגח ב' להמרה(מחוקה) י | G13: IL0011351850 | H13: ISIN | I13: אג"ח להמרה צמוד למדד המחירים לצרכן | J13: ישראל | K13: ישראל | L13: לא סחיר | M13: אחר | N13: לא | O13: 20/11/2022 | P13: NR | Q13: NR | R13: NR | S13: ILS | T13: NA | U13: 01/01/2026 | V13: 0.0001 | W13: 0.045 | X13: החוב לא נחות | Z13: גורם תלוי/פנימי | AA13: קיימת תלות | AB13: 27/04/2026 | AD13: 53814.89 | AE13: 1 | AF13: 0 | AG13: 0 | AJ13: שווי הוגן | AK13: 2.7204234e-07 | AL13: 8.5796897e-14
... A16: 1035 | B16: 1037 | C16: סיאלו טכנולוגיה ישראל בע"מ | D16: 513310235 | E16: ח.פ. | F16: סיאלו אגח א ( מחוקה ) | G16: IL0011020604 | H16: ISIN | I16: אחר | J16: ישראל | K16: ישראל | L16: לא סחיר | M16: מכשור רפואי | N16: לא | O16: 16/09/2007 | P16: NR | Q16: NR | R16: NR | S16: ILS | T16: NA | U16: 28/09/2019 | V16: 0.0001 | W16: 0.07 | X16: החוב לא נחות | Z16: גורם תלוי/פנימי | AA16: קיימת תלות | AB16: 27/04/2026 | AD16: 32400.2 | AE16: 1 | AF16: 0 | AG16: 0 | AJ16: שווי הוגן | AK16: 2.2340956e-11 | AL16: 7.8167476e-13
A17: 1035 | B17: 1037 | C17: נתיבי הגז הטבעי לישראל בע"מ | D17: 513436394 | E17: ח.פ. | F17: נתיבי גז אג"ח א - רמ | G17: IL0011030843 | H17: ISIN | I17: נש"ר צמוד למדד המחירים לצרכן | J17: ישראל | K17: ישראל | L17: לא סחיר | M17: שרותים | N17: לא | O17: 04/01/2010 | P17: AAA | Q17: S&P מעלות | R17: נייר ערך | S17: ILS | T17: 0.500 | U17: 29/12/2026 | V17: 0.0517 | W17: 0.056 | X17: החוב לא נחות | Z17: חברת ציטוט | AA17: אי-תלות | AB17: 30/06/2026 | AC17: 31/03/2024 | AD17: 10430.1 | AE17: 1 | AF17: 144.5 | AG17: 15.071 | AJ17: שווי הוגן | AK17: 0.0010392269 | AL17: 3.6360908e-05
A18: 1035 | B18: 1037 | C18: י.רשי בע"מ | D18: 513704114 | E18: ח.פ. | F18: רשי אגח א( מחוקה) | G18: IL0011043556 | H18: ISIN | I18: אחר | J18: ישראל | K18: רוסיה | L18: לא סחיר | M18: אחר | N18: לא | O18: 07/09/2008 | P18: NR | Q18: NR | R18: NR | S18: ILS | T18: NA | U18: 07/01/2019 | V18: 0.0001 | W18: 0.084 | X18: החוב לא נחות | Z18: גורם תלוי/פנימי | AA18: קיימת תלות | AB18: 27/04/2026 | AD18: 43600 | AE18: 1 | AF18: 0 | AG18: 0 | AJ18: שווי הוגן | AK18: 3.006357e-11 | AL18: 1.0518768e-12
A19: 1035 | B19: 1037 | C19: אלומיי החזקות תלמי יוסף בע"מ | D19: 513027292 | E19: ח.פ. | F19: ציפ פיסי אגח א | G19: 1106467 | H19: פנימי | I19: אחר | J19: ישראל | K19: ישראל | L19: לא סחיר | M19: אחר | N19: לא | O19: 22/08/2007 | P19: NR | Q19: NR | R19: NR | S19: ILS | T19: 0.010 | U19: 31/12/2024 | V19: 0.0001 | W19: 0.069901 | X19: החוב לא נחות | Z19: גורם תלוי/פנימי | AA19: קיימת תלות | AB19: 27/04/2026 | AD19: 80500 | AE19: 1 | AF19: 3 | AG19: 2.415 | AJ19: שווי הוגן | AK19: 0.00016652184 | AL19: 5.8263361e-06
A20: 1035 | B20: 1037 | C20: מקורות חברת מים בע"מ | D20: 520010869 | E20: ח.פ. | F20: מקורות אגח 8 רמ | G20: IL0011243461 | H20: ISIN | I20: נש"ר צמוד למדד המחירים לצרכן | J20: ישראל | K20: ישראל | L20: לא סחיר | M20: שרותים | N20: לא | O20: 22/09/2016 | P20: AAA | Q20: S&P מעלות | R20: נייר ערך | S20: ILS | T20: 8.750 | U20: 14/07/2048 | V20: 0.0264 | W20: 0.041 | X20: החוב לא נחות | Z20: חברת ציטוט | AA20: אי-תלות | AB20: 30/06/2026 | AD20: 4383882.6 | AE20: 1 | AF20: 144.82 | AG20: 6348.739 | AJ20: שווי הוגן | AK20: 0.43776548 | AL20: 0.015316723
A21: 1035 | B21: 1037 | C21: ביטוח ישיר - השקעות פיננסיות בע"מ | D21: 520044439 | E21: ח.פ. | F21: ביטוח ישיר אגח יא רמ | G21: IL0011388258 | H21: ISIN | I21: נש"ר לא צמוד למדד המחירים לצרכן | J21: ישראל | K21: ישראל | L21: לא סחיר | M21: השקעה ואחזקות | N21: לא | O21: 29/11/2021 | P21: A | Q21: S&P מעלות | R21: נייר ערך | S21: ILS | T21: 1.680 | U21: 30/06/2028 | V21: 0.0445 | W21: 0.046 | X21: החוב לא נחות | Z21: חברת ציטוט | AA21: אי-תלות | AB21: 30/06/2026 | AD21: 150452.67 | AE21: 1 | AF21: 100.33 | AG21: 150.949 | AJ21: שווי הוגן | AK21: 0.010408419 | AL21: 0.00036417415
A22: 1035 | B22: 1037 | C22: מת"ם - מרכז תעשיות מדע חיפה בע"מ | D22: 510687403 | E22: ח.פ. | F22: מת"ם אגח א-רמ | G22: IL0011389991 | H22: ISIN | I22: נש"ר לא צמוד למדד המחירים לצרכן | J22: ישראל | K22: ישראל | L22: לא סחיר | M22: נדל"ן מניב בישראל | N22: לא | O22: 25/03/2026 | P22: Aa2 | Q22: מידרוג Moodys | R22: נייר ערך | S22: ILS | T22: 0.990 | U22: 30/06/2027 | V22: 0.0373 | W22: 0.031 | X22: החוב לא נחות | Z22: חברת ציטוט | AA22: אי-תלות | AB22: 30/06/2026 | AD22: 34153.5 | AE22: 1 | AF22: 99.43 | AG22: 33.959 | AJ22: שווי הוגן | AK22: 0.0023415677 | AL22: 8.1927755e-05
A23: 1035 | B23: 1037 | C23: רפאל-רשות לפיתוח אמצעי לחימה בע"מ | D23: 520042185 | E23: ח.פ. | F23: רפאל סד' ד 2020/2034 | G23: IL0011402844 | H23: ISIN | I23: נש"ר לא צמוד למדד המחירים לצרכן | J23: ישראל | K23: ישראל | L23: לא סחיר | M23: ביטחוניות | N23: לא | O23: 04/05/2021 | P23: AAA | Q23: S&P מעלות | R23: נייר ערך | S23: ILS | T23: 3.800 | U23: 15/09/2034 | V23: 0.0376 | W23: 0.0374 | X23: החוב לא נחות | Z23: חברת ציטוט | AA23: אי-תלות | AB23: 30/06/2026 | AD23: 871102.58 | AE23: 1 | AF23: 101.13 | AG23: 880.946 | AJ23: שווי הוגן | AK23: 0.060743997 | AL23: 0.0021253365
A24: 1035 | B24: 1037 | C24: אורמת טכנולגיות אינק | D24: 5493000TSHHWY24VHM09 | E24: LEI | F24: אורמת אגח 4 רמ | G24: IL0011672123 | H24: ISIN | I24: נש"ר לא צמוד למדד המחירים לצרכן | J24: ישראל | K24: ארה"ב | L24: לא סחיר | M24: אנרגיה מתחדשת | N24: לא | O24: 01/07/2020 | P24: AA- | Q24: S&P מעלות | R24: נייר ערך | S24: ILS | T24: 2.790 | U24: 15/06/2031 | V24: 0.0431 | W24: 0.0335 | X24: החוב לא נחות | Z24: חברת ציטוט | AA24: אי-תלות | AB24: 30/06/2026 | AD24: 851723.52 | AE24: 1 | AF24: 97.65 | AG24: 831.708 | AJ24: שווי הוגן | AK24: 0.057348881 | AL24: 0.0020065468
A25: 1035 | B25: 1037 | C25: תשתיות אנרגיה בעמ | D25: 520027293 | E25: ח.פ. | F25: תשת אנרג אגח א 2023/2040 | G25: IL0011680878 | H25: ISIN | I25: נש"ר צמוד למדד המחירים לצרכן | J25: ישראל | K25: ישראל | L25: לא סחיר | M25: אנרגיה | N25: לא | O25: 17/08/2020 | P25: AAA | Q25: S&P מעלות | R25: נייר ערך | S25: ILS | T25: 6.930 | U25: 31/12/2040 | V25: 0.025 | W25: 0.0083 | X25: החוב לא נחות | Z25: חברת ציטוט | AA25: אי-תלות | AB25: 30/06/2026 | AD25: 153879.75 | AE25: 1 | AF25: 106.42 | AG25: 163.759 | AJ25: שווי הוגן | AK25: 0.011291686 | AL25: 0.00039507825
A26: 1035 | B26: 1037 | C26: י.ח.ק להשקעות שותפות מוגבלת | D26: 550016091 | E26: מספר שותפות | F26: י.ח.ק. אגח ב רמ | G26: IL0011817835 | H26: ISIN | I26: נש"ר לא צמוד למדד המחירים לצרכן | J26: ישראל | K26: ישראל | L26: לא סחיר | M26: השקעה ואחזקות | N26: לא | O26: 15/11/2021 | P26: A+ | Q26: S&P מעלות | R26: נייר ערך | S26: ILS | T26: 1.460 | U26: 31/12/2028 | V26: 0.0403 | W26: 0.0286 | X26: החוב לא נחות | Z26: חברת ציטוט | AA26: אי-תלות | AB26: 30/06/2026 | AD26: 274300.24 | AE26: 1 | AF26: 99.74 | AG26: 273.587 | AJ26: שווי הוגן | AK26: 0.018864687 | AL26: 0.00066004562
A27: 1035 | B27: 1037 | C27: רשות שדות התעופה בישראל | D27: 500102868 | E27: ח.פ. | F27: רש"ת אגח א - רמ | G27: IL0011873358 | H27: ISIN | I27: נש"ר צמוד למדד המחירים לצרכן | J27: ישראל | K27: ישראל | L27: לא סחיר | M27: שרותים | N27: לא | O27: 29/06/2022 | P27: Aaa | Q27: מידרוג Moodys | R27: נייר ערך | S27: ILS | T27: 2.980 | U27: 31/12/2031 | V27: 0.0236 | W27: 0.0155 | X27: החוב לא נחות | Z27: חברת ציטוט | AA27: אי-תלות | AB27: 30/06/2026 | AD27: 1528715.7 | AE27: 1 | AF27: 110.35 | AG27: 1686.938 | AJ27: שווי הוגן | AK27: 0.11631966 | AL27: 0.0040698413
A28: 1035 | B28: 1037 | C28: רשות שדות התעופה בישראל | D28: 500102868 | E28: ח.פ. | F28: רש"ת אגח ב -רמ | G28: IL0011873432 | H28: ISIN | I28: נש"ר צמוד למדד המחירים לצרכן | J28: ישראל | K28: ישראל | L28: לא סחיר | M28: שרותים | N28: לא | O28: 29/06/2022 | P28: AAA | Q28: S&P מעלות | R28: נייר ערך | S28: ILS | T28: 5.940 | U28: 31/12/2036 | V28: 0.0247 | W28: 0.0175 | X28: החוב לא נחות | Z28: חברת ציטוט | AA28: אי-תלות | AB28: 30/06/2026 | AD28: 870262.06 | AE28: 1 | AF28: 108.39 | AG28: 943.277 | AJ28: שווי הוגן | AK28: 0.065041916 | AL28: 0.0022757139
A29: 1035 | B29: 1037 | C29: אגד חברה לתחבורה בע"מ | D29: 570012377 | E29: מספר שותפות | F29: אגד אגח 1-רמ | G29: IL0011987877 | H29: ISIN | I29: נש"ר צמוד למדד המחירים לצרכן | J29: ישראל | K29: ישראל | L29: לא סחיר | M29: שרותים | N29: לא | O29: 16/08/2023 | P29: AA- | Q29: S&P מעלות | R29: נייר ערך | S29: ILS | T29: 2.080 | U29: 31/12/2029 | V29: 0.0271 | W29: 0.0364 | X29: החוב לא נחות | Z29: חברת ציטוט | AA29: אי-תלות | AB29: 30/06/2026 | AD29: 289800 | AE29: 1 | AF29: 109.78 | AG29: 318.142 | AJ29: שווי הוגן | AK29: 0.021936921 | AL29: 0.00076753821
... A75: 1035 | B75: 9940 | C75: סיאלו טכנולוגיה ישראל בע"מ | D75: 513310235 | E75: ח.פ. | F75: סיאלו אגח א ( מחוקה ) | G75: IL0011020604 | H75: ISIN | I75: אחר | J75: ישראל | K75: ישראל | L75: לא סחיר | M75: מכשור רפואי | N75: לא | O75: 14/02/2008 | P75: NR | Q75: NR | R75: NR | S75: ILS | T75: NA | U75: 28/09/2019 | V75: 0.0001 | W75: 0.07 | X75: החוב לא נחות | Z75: גורם תלוי/פנימי | AA75: קיימת תלות | AB75: 27/04/2026 | AD75: 800 | AE75: 1 | AF75: 0 | AG75: 0 | AJ75: שווי הוגן | AK75: 4.4132228e-14 | AL75: 6.4717844e-16
A76: 1035 | B76: 9940 | C76: נתיבי הגז הטבעי לישראל בע"מ | D76: 513436394 | E76: ח.פ. | F76: נתיבי גז אג"ח א - רמ | G76: IL0011030843 | H76: ISIN | I76: נש"ר צמוד למדד המחירים לצרכן | J76: ישראל | K76: ישראל | L76: לא סחיר | M76: שרותים | N76: לא | O76: 04/01/2010 | P76: AAA | Q76: S&P מעלות | R76: נייר ערך | S76: ILS | T76: 0.500 | U76: 29/12/2026 | V76: 0.0517 | W76: 0.056 | X76: החוב לא נחות | Z76: חברת ציטוט | AA76: אי-תלות | AB76: 30/06/2026 | AC76: 31/03/2024 | AD76: 21662.51 | AE76: 1 | AF76: 144.5 | AG76: 31.302 | AJ76: שווי הוגן | AK76: 0.00017268018 | AL76: 2.5322739e-06
A77: 1035 | B77: 9940 | C77: י.רשי בע"מ | D77: 513704114 | E77: ח.פ. | F77: רשי אגח א( מחוקה) | G77: IL0011043556 | H77: ISIN | I77: אחר | J77: ישראל | K77: רוסיה | L77: לא סחיר | M77: אחר | N77: לא | O77: 08/09/2008 | P77: NR | Q77: NR | R77: NR | S77: ILS | T77: NA | U77: 07/01/2019 | V77: 0.0001 | W77: 0.084 | X77: החוב לא נחות | Z77: גורם תלוי/פנימי | AA77: קיימת תלות | AB77: 27/04/2026 | AD77: 49600 | AE77: 1 | AF77: 0 | AG77: 0 | AJ77: שווי הוגן | AK77: 2.7361981e-12 | AL77: 4.0125064e-14
A78: 1035 | B78: 9940 | C78: אלומיי החזקות תלמי יוסף בע"מ | D78: 513027292 | E78: ח.פ. | F78: ציפ פיסי אגח א | G78: 1106467 | H78: פנימי | I78: אחר | J78: ישראל | K78: ישראל | L78: לא סחיר | M78: אחר | N78: לא | O78: 31/03/2008 | P78: NR | Q78: NR | R78: NR | S78: ILS | T78: 0.010 | U78: 31/12/2024 | V78: 0.0001 | W78: 0.069901 | X78: החוב לא נחות | Z78: גורם תלוי/פנימי | AA78: קיימת תלות | AB78: 27/04/2026 | AD78: 10000 | AE78: 1 | AF78: 3 | AG78: 0.3 | AJ78: שווי הוגן | AK78: 1.6549585e-06 | AL78: 2.4269192e-08
A79: 1035 | B79: 9940 | C79: מקורות חברת מים בע"מ | D79: 520010869 | E79: ח.פ. | F79: מקורות אגח 8 רמ | G79: IL0011243461 | H79: ISIN | I79: נש"ר צמוד למדד המחירים לצרכן | J79: ישראל | K79: ישראל | L79: לא סחיר | M79: שרותים | N79: לא | O79: 22/09/2016 | P79: AAA | Q79: S&P מעלות | R79: נייר ערך | S79: ILS | T79: 8.750 | U79: 14/07/2048 | V79: 0.0264 | W79: 0.041 | X79: החוב לא נחות | Z79: חברת ציטוט | AA79: אי-תלות | AB79: 30/06/2026 | AD79: 47159066 | AE79: 1 | AF79: 144.82 | AG79: 68295.759 | AJ79: שווי הוגן | AK79: 0.3767555 | AL79: 0.0055249429
A80: 1035 | B80: 9940 | C80: אינטרנט גולד - קווי זהב בע"מ | D80: 520044264 | E80: ח.פ. | F80: אינטרנט זהב אגח ד | G80: IL0011316143 | H80: ISIN | I80: אחר | J80: ישראל | K80: ישראל | L80: לא סחיר | M80: חברות ללא פעילות ומעטפת | N80: לא | O80: 12/04/2018 | P80: NR | Q80: NR | R80: NR | S80: ILS | T80: NA | U80: 15/09/2022 | V80: 0.0001 | W80: 0.06 | X80: החוב לא נחות | Z80: גורם תלוי/פנימי | AA80: קיימת תלות | AB80: 27/04/2026 | AD80: 1572154.4 | AE80: 1 | AF80: 0 | AG80: 0 | AJ80: שווי הוגן | AK80: 8.6728342e-11 | AL80: 1.2718305e-12
A81: 1035 | B81: 9940 | C81: ברוקלנד | D81: 1814237 | E81: פנימי | F81: ברוקלנד אפריל אגח ב (מחוקה | G81: IL0011369936 | H81: ISIN | I81: אחר | J81: ישראל | K81: ארה"ב | L81: לא סחיר | M81: בנייה | N81: לא | O81: 17/07/2018 | P81: NR | Q81: NR | R81: NR | S81: ILS | T81: NA | U81: 01/12/2021 | V81: 0.0001 | W81: 0.0885 | X81: החוב לא נחות | Z81: גורם תלוי/פנימי | AA81: קיימת תלות | AB81: 27/04/2026 | AD81: 151556.59 | AE81: 1 | AF81: 0 | AG81: 0 | AJ81: שווי הוגן | AK81: 8.3606624e-12 | AL81: 1.226052e-13
